Workbook

Sheet REGISTRO IDENTIFICADOS ENLAS BD
A1: Key | B1: Item Type | C1: Publication Year | D1: Author | E1: Title | F1: Publication Title | G1: ISBN | H1: ISSN | I1: DOI | J1: Url | K1: Abstract Note | L1: Date | M1: Pages | N1: Num Pages | O1: Issue | P1: Volume | Q1: Number Of Volumes | R1: Journal Abbreviation | S1: Short Title | T1: Series | U1: Series Number | V1: Series Text | W1: Series Title | X1: Publisher | Y1: Place | Z1: Language | AA1: Rights | AB1: Type | AC1: Archive | AD1: Archive Location | AE1: Library Catalog | AF1: Call Number | AG1: Extra | AH1: Notes | AI1: File Attachments | AJ1: Link Attachments | AK1: Manual Tags | AL1: Automatic Tags | AM1: Editor | AN1: Series Editor | AO1: Translator | AP1: Contributor | AQ1: Attorney Agent | AR1: Book Author | AS1: Cast Member | AT1: Commenter | AU1: Composer | AV1: Cosponsor | AW1: Counsel
A2: VL53FN34 | B2: conferencePaper | C2: 2016 | D2: Díaz, Verónica Marín; González, Juan Manuel Muñoz; Gea, Esther María Vega | E2: La Realidad Aumentada como herramienta de aprendizaje en Educación Infantil | F2: Tecnología, innovación e investigación en los procesos de enseñanza-aprendizaje, 2016, ISBN 978-84-9921-848-9, págs. 833-841 | G2: 978-84-9921-848-9 | J2: https://dialnet.unirioja.es/servlet/articulo?codigo=6031650 | K2: Autorías: Verónica Marín Díaz, Juan Manuel Muñoz González, Esther María Vega Gea. Localización: Tecnología, innovación e investigación en los procesos de enseñanza-aprendizaje, 2016. Artículo de Libro en Dialnet. | L2: 2016 | M2: 833-841 | X2: Octaedro | Z2: spa | AE2: dialnet.unirioja.es | AG2: Section: Tecnología, innovación e investigación en los procesos de enseñanza-aprendizaje | AI2: C:\Users\dell i7\Zotero\storage\QKY5SRD7\articulo.html
A3: ZQUQCAHN | B3: book | C3: 2016 | D3: Vila, Rosabel Roig | E3: Tecnología, innovación e investigación en los procesos de enseñanza-aprendizaje | G3: 978-84-9921-848-9 | J3: https://dialnet.unirioja.es/servlet/libro?codigo=674488 | K3: Autoría: Rosabel Roig Vila. Editor: Octaedro. Año de publicación: 2016. Libro en Dialnet. | L3: 2016 | X3: Octaedro | Z3: spa | AE3: dialnet.unirioja.es | AI3: C:\Users\dell i7\Zotero\storage\9KN68RSE\libro.html
A4: 3F6WAMC9 | B4: conferencePaper | C4: 2018 | D4: Díaz, Verónica Marín | E4: La realidad aumentada para el desarrollo curricular de Educación Infantil y Primaria | F4: La realidad aumentada como herramienta educativa: aplicación a la Educación Infantil, Primaria, Secundaria y Bachillerato, 2018, ISBN 978-84-283-4070-0, págs. 125-138 | G4: 978-84-283-4070-0 | J4: https://dialnet.unirioja.es/servlet/articulo?codigo=7794609 | K4: Autoría: Verónica Marín Díaz. Localización: La realidad aumentada como herramienta educativa: aplicación a la Educación Infantil, Primaria, Secundaria y Bachillerato, 2018. Artículo de Libro en Dialnet. | L4: 2018 | M4: 125-138 | X4: Paraninfo | Z4: spa | AE4: dialnet.unirioja.es | AG4: Section: La realidad aumentada como herramienta educativa: aplicación a la Educación Infantil, Primaria, Secundaria y Bachillerato | AI4: C:\Users\dell i7\Zotero\storage\BCIN9ILD\articulo.html
A5: 223JT38M | B5: book | C5: 2018 | D5: Almenara, Julio Cabero; Villacé, Ibán de la Horra; Bolado, Javier Sánchez | E5: La realidad aumentada como herramienta educativa: aplicación a la Educación Infantil, Primaria, Secundaria y Bachillerato | G5: 978-84-283-4070-0 | J5: https://dialnet.unirioja.es/servlet/libro?codigo=788238 | K5: Autorías: Julio Cabero Almenara, Ibán de la Horra Villacé, Javier Sánchez Bolado. Editor: Paraninfo. Año de publicación: 2018. Libro en Dialnet. | L5: 2018 | S5: La realidad aumentada como herramienta educativa | X5: Paraninfo | Z5: spa | AE5: dialnet.unirioja.es | AI5: C:\Users\dell i7\Zotero\storage\KKJW7VYF\libro.html
A6: ZQGUEQD9 | B6: thesis | C6: 2015 | D6: Martínez, Antonia Cascales | E6: Realidad aumentada y educación infantil: implementación y evaluación | J6: https://dialnet.unirioja.es/servlet/tesis?codigo=155219 | K6: Autoría: Antonia Cascales Martínez. Dirección de la Tesis: María José Martínez Segura. Lectura: Universidad de Murcia en 2015. Tesis doctoral en Dialnet. | L6: 2015 | S6: Realidad aumentada y educación infantil | X6: Universidad de Murcia | Z6: es | AB6: http://purl.org/dc/dcmitype/Text | AE6: dialnet.unirioja.es | AI6: C:\Users\dell i7\Zotero\storage\CV7VZHYS\tesis.html
A7: GYY4JFC2 | B7: conferencePaper | C7: 2022 | D7: Gavira, Sonia Aguilar; Martín-Gutiérrez, Ángela; Gavira, Remedios Benítez | E7: La incidencia de la realidad aumentada en Educación infantil: un desafío docente | F7: La tecnología educativa como eje vertebrador de la innovación, 2022, ISBN 978-84-19023-79-7, págs. 185-198 | G7: 978-84-19023-79-7 | J7: https://dialnet.unirioja.es/servlet/articulo?codigo=8368619 | K7: Autorías: Sonia Aguilar Gavira, Ángela Martín-Gutiérrez, Remedios Benítez Gavira. Localización: La tecnología educativa como eje vertebrador de la innovación, 2022. Artículo de Libro en Dialnet. | L7: 2022 | M7: 185-198 | S7: La incidencia de la realidad aumentada en Educación infantil | X7: Octaedro | Z7: spa | AE7: dialnet.unirioja.es | AG7: Section: La tecnología educativa como eje vertebrador de la innovación | AI7: C:\Users\dell i7\Zotero\storage\G7WUAGGH\articulo.html
A8: 9YCQVLW2 | B8: book | C8: 2022 | D8: Rivas, Enrique Sánchez; Magaña, Ernesto Colomo; Palmero, Julio Ruiz; García, Melchor Gómez | E8: La tecnología educativa como eje vertebrador de la innovación | G8: 978-84-19023-79-7 | J8: https://dialnet.unirioja.es/servlet/libro?codigo=858498 | K8: Autorías: Enrique Sánchez Rivas, Ernesto Colomo Magaña, Julio Ruiz Palmero, Melchor Gómez García. Editor: Octaedro. Año de publicación: 2022. Libro en Dialnet. | L8: 2022 | X8: Octaedro | Z8: spa | AE8: dialnet.unirioja.es | AI8: C:\Users\dell i7\Zotero\storage\E579H66N\libro.html
A9: SJGBSFQH | B9: conferencePaper | C9: 2016 | D9: Martínez, Amaia Aguirregoitia; Benito, Jorge R. López; López, Iñigo Allende; González, Enara Artetxe | E9: Leihoa: Una ventana a la realidad aumentada en Educación Infantil | F9: XVIII Simposio Internacional de Informática Educativa, SIIE 2016, 2016, ISBN 978-84-9012-630-1, págs. 283-288 | G9: 978-84-9012-630-1 | J9: https://dialnet.unirioja.es/servlet/articulo?codigo=7522987 | K9: Autorías: Amaia Aguirregoitia Martínez, Jorge R. López Benito, Iñigo Allende López, Enara Artetxe González. Localización: XVIII Simposio Internacional de Informática Educativa, SIIE 2016, 2016. Artículo de Libro en Dialnet. | L9: 2016 | M9: 283-288 | S9: Leihoa | X9: Ediciones Universidad de Salamanca | Z9: spa | AE9: dialnet.unirioja.es | AG9: Section: XVIII Simposio Internacional de Informática Educativa, SIIE 2016 | AI9: C:\Users\dell i7\Zotero\storage\GH57GXK3\articulo.html
A10: 7H6XQEH7 | B10: book | C10: 2016 | D10: Peñalvo, Francisco José García; Mendes, António José | E10: XVIII Simposio Internacional de Informática Educativa, SIIE 2016 | G10: 978-84-9012-630-1 | J10: https://dialnet.unirioja.es/servlet/libro?codigo=770834 | K10: Autorías: Francisco José García Peñalvo, António José Mendes. Editor: Ediciones Universidad de Salamanca. Año de publicación: 2016. Libro en Dialnet. | L10: 2016 | X10: Ediciones Universidad de Salamanca | Z10: spa | AE10: dialnet.unirioja.es | AI10: C:\Users\dell i7\Zotero\storage\J5375RXB\libro.html
A11: KMEGSTI6 | B11: conferencePaper | C11: 2014 | D11: Machado, Eduardo Rodríguez; Río, Emilio J. Veiga | E11: La realidad aumentada en la Educación Infantil: propuestas de actividades en psicomotricidad | F11: Innovando a través de proyectos: organización, liderazgo y compromiso, 2014, ISBN 978-84-16046-37-9, págs. 214-219 | G11: 978-84-16046-37-9 | J11: https://dialnet.unirioja.es/servlet/articulo?codigo=6378930 | K11: Autorías: Eduardo Rodríguez Machado, Emilio J. Veiga Río. Localización: Innovando a través de proyectos: organización, liderazgo y compromiso, 2014. Artículo de Libro en Dialnet. | L11: 2014 | M11: 214-219 | S11: La realidad aumentada en la Educación Infantil | Z11: spa | AE11: dialnet.unirioja.es | AG11: Section: Innovando a través de proyectos: organización, liderazgo y compromiso | AI11: C:\Users\dell i7\Zotero\storage\EFNVQ2KM\articulo.html
A12: TAZHEN2N | B12: book | C12: 2014 | D12: Arregui, Emilio Álvarez; Martín, Alejandro Rodríguez | E12: Innovando a través de proyectos: organización, liderazgo y compromiso | G12: 978-84-16046-37-9 | J12: https://dialnet.unirioja.es/servlet/libro?codigo=703452 | K12: Autorías: Emilio Álvarez Arregui, Alejandro Rodríguez Martín. Año de publicación: 2014. Libro en Dialnet. | L12: 2014 | S12: Innovando a través de proyectos | Z12: spa | AE12: dialnet.unirioja.es | AI12: C:\Users\dell i7\Zotero\storage\MMN6H9WJ\libro.html
A13: SQUJD65T | B13: conferencePaper | C13: 2018 | D13: Piñeiro, María del Rosario Neira; Coto, Inés Fombella; Pérez, María Esther del Moral | E13: Álbum ilustrado y realidad aumentada: Expandiendo la experiencia lectora en educación infantil | F13: EDUcación con TECnología: un compromiso social. Aproximaciones desde la investigación y la innovación, 2018, ISBN 978-84-9144-126-7, págs. 882-887 | G13: 978-84-9144-126-7 | J13: https://dialnet.unirioja.es/servlet/articulo?codigo=8278619 | K13: Autorías: María del Rosario Neira Piñeiro, Inés Fombella Coto, María Esther del Moral Pérez. Localización: EDUcación con TECnología: un compromiso social. Aproximaciones desde la investigación y la innovación, 2018. Artículo de Libro en Dialnet. | L13: 2018 | M13: 882-887 | S13: Álbum ilustrado y realidad aumentada | X13: Edicions de la Universitat de Lleida | Z13: spa | AE13: dialnet.unirioja.es | AG13: Section: EDUcación con TECnología: un compromiso social. Aproximaciones desde la investigación y la innovación | AI13: C:\Users\dell i7\Zotero\storage\EU37ZRTD\articulo.html
A14: XWSIVNRU | B14: book | C14: 2018 | D14: Farran, Francesc Xavier Carrera; Sánchez, Francisco Martínez; Rodríguez, Jordi Lluís Coiduras; Baiges, Enric Brescó; Tió, Eduard Vaquero | E14: EDUcación con TECnología: un compromiso social. Aproximaciones desde la investigación y la innovación | G14: 978-84-9144-126-7 | J14: https://dialnet.unirioja.es/servlet/libro?codigo=745930 | K14: Autorías: Francesc Xavier Carrera Farran, Francisco Martínez Sánchez, Jordi Lluís Coiduras Rodríguez, Enric Brescó Baiges, Eduard Vaquero Tió. Editor: Edicions de la Universitat de Lleida. Año de publicación: 2018. Libro en Dialnet. | L14: 2018 | S14: EDUcación con TECnología | X14: Edicions de la Universitat de Lleida | Z14: spa | AE14: dialnet.unirioja.es | AI14: C:\Users\dell i7\Zotero\storage\EX3KJA4E\libro.html
A15: 39BUFESD | B15: conferencePaper | C15: 2019 | D15: Belmonte, Jesús López; Guerrero, Antonio José Moreno; Rodríguez, José María Romero; García, Gerardo Gómez | E15: Nuevos entornos de aprendizaje en cooperativas de enseñanza: El uso de la realidad aumentada en Educación Infantil | F15: Edunovatic 2018. Conference Proceedings: 3rd Virtual International Conference on Education, Innovation and ICT. 17-19 December, 2018, 2019, ISBN 978-94-92805-08-9, pág. 214 | G15: 978-94-92805-08-9 | J15: https://dialnet.unirioja.es/servlet/articulo?codigo=7359953 | K15: Autorías: Jesús López Belmonte, Antonio José Moreno Guerrero, José María Romero Rodríguez, Gerardo Gómez García. Localización: Edunovatic 2018. Conference Proceedings: 3rd Virtual International Conference on Education, Innovation and ICT. 17-19 December, 2018, 2019. Artículo de Libro en Dialnet. | L15: 2019 | M15: 214 | S15: Nuevos entornos de aprendizaje en cooperativas de enseñanza | X15: Adaya Press | Z15: spa | AE15: dialnet.unirioja.es | AG15: Section: Edunovatic 2018. Conference Proceedings: 3rd Virtual International Conference on Education, Innovation and ICT. 17-19 December, 2018 | AI15: C:\Users\dell i7\Zotero\storage\I7K2LAKW\articulo.html
A16: M8SKZHQQ | B16: book | C16: 2019 | E16: Edunovatic 2018. Conference Proceedings: 3rd Virtual International Conference on Education, Innovation and ICT. 17-19 December, 2018 | G16: 978-94-92805-08-9 | J16: https://dialnet.unirioja.es/servlet/libro?codigo=763725 | K16: Editores: Adaya Press : REDINE (Red de Investigación e Innovación Educativa). Año de publicación: 2019. Libro en Dialnet. | L16: 2019 | S16: Edunovatic 2018. Conference Proceedings | X16: Adaya Press | Z16: eng | AE16: dialnet.unirioja.es | AI16: C:\Users\dell i7\Zotero\storage\JJQ5MG2K\libro.html
A17: V7SSEKX8 | B17: conferencePaper | C17: 2020 | D17: Garrido, Diego Calderón; Clares, Francisca Núñez | E17: Diseño de una propuesta didáctica basada en la robótica educativa y la realidad aumentada en educación infantil | F17: La tecnología como eje del cambio metodológico, 2020, ISBN 978-84-1335-052-3, págs. 1731-1733 | G17: 978-84-13-35052-3 | J17: https://dialnet.unirioja.es/servlet/articulo?codigo=7832937 | K17: Autorías: Diego Calderón Garrido, Francisca Núñez Clares. Localización: La tecnología como eje del cambio metodológico, 2020. Artículo de Libro en Dialnet. | L17: 2020 | M17: 1731-1733 | X17: UMA Editorial | Z17: spa | AE17: dialnet.unirioja.es | AG17: Section: La tecnología como eje del cambio metodológico | AI17: C:\Users\dell i7\Zotero\storage\5G6CFSXF\articulo.html
A18: ALFWAWYM | B18: book | C18: 2020 | D18: Magaña, Ernesto Colomo; Rivas, Enrique Sánchez; Palmero, Julio Ruiz; Rodríguez, José Sánchez | E18: La tecnología como eje del cambio metodológico | G18: 978-84-13-35052-3 | J18: https://dialnet.unirioja.es/servlet/libro?codigo=790613 | K18: Autorías: Ernesto Colomo Magaña, Enrique Sánchez Rivas, Julio Ruiz Palmero, José Sánchez Rodríguez. Editor: UMA Editorial. Año de publicación: 2020. Libro en Dialnet. | L18: 2020 | X18: UMA Editorial | Z18: spa | AE18: dialnet.unirioja.es | AI18: C:\Users\dell i7\Zotero\storage\WDMHX73S\libro.html
A19: NIQABMAD | B19: journalArticle | C19: 2019 | D19: Vila, Rosabel Roig; Lledó, Alejandro Lorenzo; Andrés, Santiago Mengual | E19: Utilidad percibida de la realidad aumentada como recurso didáctico en Educación Infantil | F19: Campus Virtuales | H19: 2255-1514 | J19: https://dialnet.unirioja.es/servlet/articulo?codigo=6886799 | K19: Autorías: Rosabel Roig Vila, Alejandro Lorenzo Lledó, Santiago Mengual Andrés. Localización: Campus Virtuales. Nº. 1, 2019. Artículo de Revista en Dialnet. | L19: 2019 | M19: 19-35 | O19: 1 (Marzo/March) | P19: 8 | Z19: spa | AE19: dialnet.unirioja.es | AG19: Publisher: Campus Virtuales Section: Campus Virtuales | AI19: C:\Users\dell i7\Zotero\storage\ESXSFSCS\Vila et al. - 2019 - Utilidad percibida de la realidad aumentada como r.pdf; C:\Users\dell i7\Zotero\storage\3NLC87JX\articulo.html
A20: DAAICJ2K | B20: journalArticle | C20: 2021 | D20: Fuentes, Elena Moreno; Navarrete, José Hidalgo; Bolós, Consuelo Burgos; Paz, Soledad de la Blanca de la | E20: Aprendizaje integrado y colaborativo de ciencias a través de las realidad aumentada en educación infantil | F20: Etic@net: Revista científica electrónica de Educación y Comunicación en la Sociedad del Conocimiento | H20: 1695-324X | J20: https://dialnet.unirioja.es/servlet/articulo?codigo=8039067 | K20: Autorías: Elena Moreno Fuentes, José Hidalgo Navarrete, Consuelo Burgos Bolós, Soledad de la Blanca de la Paz. Localización: Etic@net: Revista científica electrónica de Educación y Comunicación en la Sociedad del Conocimiento. Nº. 1, 2021. Artículo de Revista en Dialnet. | L20: 2021 | M20: 214-229 | O20: 1 | P20: 21 | Z20: spa | AE20: dialnet.unirioja.es | AG20: Publisher: Universidad de Granada Section: Etic@net: Revista científica electrónica de Educación y Comunicación en la Sociedad del Conocimiento | AI20: C:\Users\dell i7\Zotero\storage\KDN4BB66\Fuentes et al. - 2021 - Aprendizaje integrado y colaborativo de ciencias a.pdf; C:\Users\dell i7\Zotero\storage\ADMU4VSJ\articulo.html
A21: 9AD44A9M | B21: book | C21: 2018 | D21: Almenara, Julio Cabero; Villacé, Ibán de la Horra; Bolado, Javier Sánchez | E21: La realidad aumentada como herramienta educativa: aplicación a la Educación Infantil, Primaria, Secundaria y Bachillerato | G21: 978-84-283-4070-0 | J21: https://dialnet.unirioja.es/servlet/libro?codigo=788238 | K21: Autorías: Julio Cabero Almenara, Ibán de la Horra Villacé, Javier Sánchez Bolado. Editor: Paraninfo. Año de publicación: 2018. Libro en Dialnet. | L21: 2018 | S21: La realidad aumentada como herramienta educativa | X21: Paraninfo | Z21: spa | AE21: dialnet.unirioja.es | AI21: C:\Users\dell i7\Zotero\storage\6YBQVSV3\libro.html
A22: B6TWB72R | B22: journalArticle | C22: 2021 | D22: García, María Cristina Moral; Fuentes, Elena Moreno | E22: Robótica, realidad aumentada y TAC como herramientas clave en la metodología CLIL en Educación Infantil | F22: Márgenes: Revista de Educación de la Universidad de Málaga | H22: 2695-2769 | J22: https://dialnet.unirioja.es/servlet/articulo?codigo=8049661 | K22: Autorías: María Cristina Moral García, Elena Moreno Fuentes. Localización: Márgenes: Revista de Educación de la Universidad de Málaga. Nº. 2, 2021. Artículo de Revista en Dialnet. | L22: 2021 | M22: 116-129 | O22: 2 | P22: 2 | Z22: spa | AE22: dialnet.unirioja.es | AG22: Publisher: Universidad de Málaga (UMA) Section: Márgenes: Revista de Educación de la Universidad de Málaga | AI22: C:\Users\dell i7\Zotero\storage\D7HIN66Q\García y Fuentes - 2021 - Robótica, realidad aumentada y TAC como herramient.pdf; C:\Users\dell i7\Zotero\storage\MH2QW4R6\articulo.html
A23: VIEFVDQA | B23: conferencePaper | C23: 2016 | D23: Gil, Blanca Mirete | E23: La realidad aumentada y los códigos QR en educación infantil: un estudio de caso | F23: Propuestas de intervención en Educación Infantil, 2016, ISBN 978-84-61785-16-2, págs. 1-24 | G23: 978-84-617-8516-2 | J23: https://dialnet.unirioja.es/servlet/articulo?codigo=8304115 | K23: Autoría: Blanca Mirete Gil. Localización: Propuestas de intervención en Educación Infantil, 2016. Artículo de Libro en Dialnet. | L23: 2016 | M23: 44585 | S23: La realidad aumentada y los códigos QR en educación infantil | X23: Servicio de Publicaciones | Z23: spa | AE23: dialnet.unirioja.es | AG23: Section: Propuestas de intervención en Educación Infantil | AI23: C:\Users\dell i7\Zotero\storage\IH2A3B9M\articulo.html
A24: V6Q4BJET | B24: book | C24: 2016 | D24: Ruiz, Ana Belén Mirete; Allah, Mohamed Chamseddine Habib; Cantero, Mari Carmen Hernández | E24: Propuestas de intervención en Educación Infantil | G24: 978-84-617-8516-2 | J24: https://dialnet.unirioja.es/servlet/libro?codigo=855328 | K24: Autorías: Ana Belén Mirete Ruiz, Mohamed Chamseddine Habib Allah, Mari Carmen Hernández Cantero. Editor: Servicio de Publicaciones. Año de publicación: 2016. Libro en Dialnet. | L24: 2016 | X24: Servicio de Publicaciones | Z24: spa | AE24: dialnet.unirioja.es | AI24: C:\Users\dell i7\Zotero\storage\XJLU7IFJ\libro.html
A25: LB6RJTFD | B25: conferencePaper | C25: 2017 | D25: Martínez, Amaia Aguirregoitia; Benito, Jorge R. López; González, Enara Artetxe; Ajuria, Estibaliz Bilbao | E25: Una experiencia de aplicación de Realidad Aumentada para el Aprendizaje del Inglés en Educación Infantil | F25: Atas do XIX Simpósio Internacional de Informática Educativa e VIII Encontro do CIED: III Encontro Internacional, 2017, ISBN 978-989-95733-9-0, págs. 194-199 | G25: 978-989-95733-9-0 | J25: https://dialnet.unirioja.es/servlet/articulo?codigo=7242146 | K25: Autorías: Amaia Aguirregoitia Martínez, Jorge R. López Benito, Enara Artetxe González, Estibaliz Bilbao Ajuria. Localización: Atas do XIX Simpósio Internacional de Informática Educativa e VIII Encontro do CIED: III Encontro Internacional, 2017. Artículo de Libro en Dialnet. | L25: 2017 | M25: 194-199 | X25: CIED - Centro Interdisciplinar de Estudos Educacionais | Z25: spa | AE25: dialnet.unirioja.es | AG25: Section: Atas do XIX Simpósio Internacional de Informática Educativa e VIII Encontro do CIED: III Encontro Internacional | AI25: C:\Users\dell i7\Zotero\storage\GJXJSXBL\articulo.html
A26: 9L3FWII4 | B26: book | C26: 2017 | E26: Atas do XIX Simpósio Internacional de Informática Educativa e VIII Encontro do CIED: III Encontro Internacional | G26: 978-989-95733-9-0 | J26: https://dialnet.unirioja.es/servlet/libro?codigo=744256 | K26: Editor: CIED - Centro Interdisciplinar de Estudos Educacionais. Año de publicación: 2017. Libro en Dialnet. | L26: 2017 | S26: Atas do XIX Simpósio Internacional de Informática Educativa e VIII Encontro do CIED | X26: CIED - Centro Interdisciplinar de Estudos Educacionais | Z26: por | AE26: dialnet.unirioja.es | AI26: C:\Users\dell i7\Zotero\storage\VFL5PVIL\libro.html
A27: EG9YYZDM | B27: conferencePaper | C27: 2017 | D27: Martínez, Lourdes Villalustre; Pérez, María Esther del Moral; Vázquez, Mónica Herrero | E27: Aprendiendo y Enseñando Ciencias Naturales con Realidad Aumentada en aulas de Educación Infantil y Primaria | F27: Investigación, innovación y tecnologías: la triada para transformar los procesos formativos, 2017, págs. 233-241 | J27: https://dialnet.unirioja.es/servlet/articulo?codigo=7737453 | K27: Autorías: Lourdes Villalustre Martínez, María Esther del Moral Pérez, Mónica Herrero Vázquez. Localización: Investigación, innovación y tecnologías: la triada para transformar los procesos formativos, 2017. Artículo de Libro en Dialnet. | L27: 2017 | M27: 233-241 | X27: Universidad de Santiago de Chile (USACH) | Z27: spa | AE27: dialnet.unirioja.es | AG27: Section: Investigación, innovación y tecnologías: la triada para transformar los procesos formativos | AI27: C:\Users\dell i7\Zotero\storage\HDXTM56X\articulo.html
A28: QIEQ8G6Q | B28: book | C28: 2017 | D28: Quiroz, Juan Eusebio Silva | E28: Investigación, innovación y tecnologías: la triada para transformar los procesos formativos | J28: https://dialnet.unirioja.es/servlet/libro?codigo=784236 | K28: Autoría: Juan Eusebio Silva Quiroz. Editor: Universidad de Santiago de Chile (USACH). Año de publicación: 2017. Libro en Dialnet. | L28: 2017 | S28: Investigación, innovación y tecnologías | X28: Universidad de Santiago de Chile (USACH) | Z28: spa | AE28: dialnet.unirioja.es | AI28: C:\Users\dell i7\Zotero\storage\6ETERMGS\libro.html
A29: 4DSQEK8S | B29: conferencePaper | C29: 2020 | D29: Ferrandini, Griselda | E29: La narrativa digital y la realidad aumentada como estrategias educativas en Educación Infantil | F29: Conference proceedings CIVINEDU 2020: 4th International Virtual Conference on Educational Research and Innovation September 23-24, 2020, 2020, ISBN 978-84-09-22966-6, págs. 658-659 | G29: 978-84-09-22966-6 | J29: https://dialnet.unirioja.es/servlet/articulo?codigo=7859265 | K29: Autoría: Griselda Ferrandini. Localización: Conference proceedings CIVINEDU 2020: 4th International Virtual Conference on Educational Research and Innovation September 23-24, 2020, 2020. Artículo de Libro en Dialnet. | L29: 2020 | M29: 658-659 | X29: REDINE (Red de Investigación e Innovación Educativa) | Z29: spa | AE29: dialnet.unirioja.es | AG29: Section: Conference proceedings CIVINEDU 2020: 4th International Virtual Conference on Educational Research and Innovation September 23-24, 2020 | AI29: C:\Users\dell i7\Zotero\storage\P5NBZR6S\articulo.html
A30: 9SHT49J6 | B30: book | C30: 2020 | E30: Conference proceedings CIVINEDU 2020: 4th International Virtual Conference on Educational Research and Innovation September 23-24, 2020 | G30: 978-84-09-22966-6 | J30: https://dialnet.unirioja.es/servlet/libro?codigo=779629 | K30: Editor: REDINE (Red de Investigación e Innovación Educativa). Año de publicación: 2020. Libro en Dialnet. | L30: 2020 | S30: Conference proceedings CIVINEDU 2020 | X30: REDINE (Red de Investigación e Innovación Educativa) | Z30: spa | AE30: dialnet.unirioja.es | AI30: C:\Users\dell i7\Zotero\storage\J8CCI73Z\libro.html
A31: H9PLUH3E | B31: conferencePaper | C31: 2018 | D31: Villacé, Ibán de la Horra | E31: Creación de materiales con realidad aumentada | F31: La realidad aumentada como herramienta educativa: aplicación a la Educación Infantil, Primaria, Secundaria y Bachillerato, 2018, ISBN 978-84-283-4070-0, págs. 75-122 | G31: 978-84-283-4070-0 | J31: https://dialnet.unirioja.es/servlet/articulo?codigo=7794605 | K31: Autoría: Ibán de la Horra Villacé. Localización: La realidad aumentada como herramienta educativa: aplicación a la Educación Infantil, Primaria, Secundaria y Bachillerato, 2018. Artículo de Libro en Dialnet. | L31: 2018 | M31: 75-122 | X31: Paraninfo | Z31: spa | AE31: dialnet.unirioja.es | AG31: Section: La realidad aumentada como herramienta educativa: aplicación a la Educación Infantil, Primaria, Secundaria y Bachillerato | AI31: C:\Users\dell i7\Zotero\storage\5H8AIIR5\articulo.html
A32: LLV6V8GQ | B32: journalArticle | C32: 2021 | D32: Rebaque, Begoña Rivas; Barrio, Felipe Gértrudix; Barrio, Manuel Gértrudix | E32: Análisis sistemático sobre el uso de la Realidad Aumentada en Educación Infantil. | F32: Edutec: Revista electrónica de tecnología educativa | H32: 1135-9250 | J32: https://dialnet.unirioja.es/servlet/articulo?codigo=7993716 | K32: Autorías: Begoña Rivas Rebaque, Felipe Gértrudix Barrio, Manuel Gértrudix Barrio. Localización: Edutec: Revista electrónica de tecnología educativa. Nº. 76, 2021. Artículo de Revista en Dialnet. | L32: 2021 | M32: 53-73 | O32: 76 (Número especial) | Z32: spa | AE32: dialnet.unirioja.es | AG32: Publisher: Edutec. Asociación para el Desarrollo de la Tecnología Educativa Section: Edutec: Revista electrónica de tecnología educativa | AI32: C:\Users\dell i7\Zotero\storage\HYIFYNUD\articulo.html
A33: UYB3GZKQ | B33: conferencePaper | C33: 2019 | D33: Herrero, Juan Francisco Álvarez | E33: Grado de aceptación de la Realidad Aumentada como complemento de la enseñanza de las ciencias por el futuro profesorado de Educación Infantil | F33: Investigación e innovación en la Enseñanza Superior: Nuevos contextos, nuevas ideas, 2019, ISBN 978-84-17667-23-8, págs. 1045-1052 | G33: 978-84-17667-23-8 | J33: https://dialnet.unirioja.es/servlet/articulo?codigo=7161735 | K33: Autoría: Juan Francisco Álvarez Herrero. Localización: Investigación e innovación en la Enseñanza Superior: Nuevos contextos, nuevas ideas, 2019. Artículo de Libro en Dialnet. | L33: 2019 | M33: 1045-1052 | X33: Octaedro | Z33: spa | AE33: dialnet.unirioja.es | AG33: Section: Investigación e innovación en la Enseñanza Superior: Nuevos contextos, nuevas ideas | AI33: C:\Users\dell i7\Zotero\storage\N574K9BU\articulo.html
A34: X7MX9W7L | B34: book | C34: 2019 | D34: Vila, Rosabel Roig | E34: Investigación e innovación en la Enseñanza Superior: Nuevos contextos, nuevas ideas | G34: 978-84-17667-23-8 | J34: https://dialnet.unirioja.es/servlet/libro?codigo=739906 | K34: Autoría: Rosabel Roig Vila. Editor: Octaedro. Año de publicación: 2019. Libro en Dialnet. | L34: 2019 | S34: Investigación e innovación en la Enseñanza Superior | X34: Octaedro | Z34: spa | AE34: dialnet.unirioja.es | AI34: C:\Users\dell i7\Zotero\storage\X4TETZAT\libro.html
A35: T7U3FHE6 | B35: conferencePaper | C35: 2019 | D35: Pérez, María Esther del Moral; Piñeiro, María del Rosario Neira | E35: Augmented reality game-based Learning en Educación infantil: propuestas lúdicas con realidad aumentada partiendo de textos literarios | F35: Investigación e innovación en la Enseñanza Superior: Nuevos contextos, nuevas ideas, 2019, ISBN 978-84-17667-23-8, págs. 1096-1106 | G35: 978-84-17667-23-8 | J35: https://dialnet.unirioja.es/servlet/articulo?codigo=7161730 | K35: Autorías: María Esther del Moral Pérez, María del Rosario Neira Piñeiro. Localización: Investigación e innovación en la Enseñanza Superior: Nuevos contextos, nuevas ideas, 2019. Artículo de Libro en Dialnet. | L35: 2019 | M35: 1096-1106 | S35: Augmented reality game-based Learning en Educación infantil | X35: Octaedro | Z35: spa | AE35: dialnet.unirioja.es | AG35: Section: Investigación e innovación en la Enseñanza Superior: Nuevos contextos, nuevas ideas | AI35: C:\Users\dell i7\Zotero\storage\M6H88LWN\articulo.html
A36: 9QKFXLXT | B36: book | C36: 2019 | D36: Vila, Rosabel Roig | E36: Investigación e innovación en la Enseñanza Superior: Nuevos contextos, nuevas ideas | G36: 978-84-17667-23-8 | J36: https://dialnet.unirioja.es/servlet/libro?codigo=739906 | K36: Autoría: Rosabel Roig Vila. Editor: Octaedro. Año de publicación: 2019. Libro en Dialnet. | L36: 2019 | S36: Investigación e innovación en la Enseñanza Superior | X36: Octaedro | Z36: spa | AE36: dialnet.unirioja.es | AI36: C:\Users\dell i7\Zotero\storage\AET57R56\libro.html
A37: SV4URX7J | B37: journalArticle | C37: 2018 | D37: Díaz, Verónica Marín; Asencio, Victoria Paula Muñoz | E37: Trabajar el cuerpo humano con realidad aumentada en educación infantil | F37: Revista Tecnología, Ciencia y Educación | H37: 2444-250X, 2444-2887 | J37: https://dialnet.unirioja.es/servlet/articulo?codigo=6247301 | K37: Autorías: Verónica Marín Díaz, Victoria Paula Muñoz Asencio. Localización: Revista Tecnología, Ciencia y Educación. Nº. 9, 2018. Artículo de Revista en Dialnet. | L37: 2018 | M37: 148-158 | O37: 9 | Z37: spa | AE37: dialnet.unirioja.es | AG37: Publisher: Centro de Estudios Financieros - CEF Section: Revista Tecnología, Ciencia y Educación | AI37: C:\Users\dell i7\Zotero\storage\BTKFZC5Y\Díaz y Asencio - 2018 - Trabajar el cuerpo humano con realidad aumentada e.pdf; C:\Users\dell i7\Zotero\storage\AIF9VCSN\articulo.html
A38: 368F96ZV | B38: conferencePaper | C38: 2016 | D38: Martínez, Lourdes Villalustre; Pérez, María Esther del Moral | E38: Itinerarios interactivos con geolocalización y realidad aumentada para un aprendizaje ubicuo en la formación inicial de docentes de Educación Infantil | F38: Experiencias interactivas con realidad aumentada en las aulas, 2016, ISBN 978-84-9921-867-0, págs. 81-100 | G38: 978-84-9921-867-0 | J38: https://dialnet.unirioja.es/servlet/articulo?codigo=5838598 | K38: Autorías: Lourdes Villalustre Martínez, María Esther del Moral Pérez. Localización: Experiencias interactivas con realidad aumentada en las aulas, 2016. Artículo de Libro en Dialnet. | L38: 2016 | M38: 81-100 | X38: Octaedro | Z38: spa | AE38: dialnet.unirioja.es | AG38: Section: Experiencias interactivas con realidad aumentada en las aulas | AI38: C:\Users\dell i7\Zotero\storage\YEXGUJN3\articulo.html
A39: EMF2GPRB | B39: book | C39: 2016 | D39: Martínez, Lourdes Villalustre; Pérez, María Esther del Moral | E39: Experiencias interactivas con realidad aumentada en las aulas | G39: 978-84-9921-867-0 | J39: https://dialnet.unirioja.es/servlet/libro?codigo=677534 | K39: Autorías: Lourdes Villalustre Martínez, María Esther del Moral Pérez. Editor: Octaedro. Año de publicación: 2016. Libro en Dialnet. | L39: 2016 | X39: Octaedro | Z39: spa | AE39: dialnet.unirioja.es | AI39: C:\Users\dell i7\Zotero\storage\CSNXU9Q7\libro.html
A40: YL9H6GBN | B40: conferencePaper | C40: 2018 | D40: Bolado, Javier Sánchez | E40: La realidad aumentada como nuevo ecosistema de aprendizaje | F40: La realidad aumentada como herramienta educativa: aplicación a la Educación Infantil, Primaria, Secundaria y Bachillerato, 2018, ISBN 978-84-283-4070-0, págs. 21-30 | G40: 978-84-283-4070-0 | J40: https://dialnet.unirioja.es/servlet/articulo?codigo=7794603 | K40: Autoría: Javier Sánchez Bolado. Localización: La realidad aumentada como herramienta educativa: aplicación a la Educación Infantil, Primaria, Secundaria y Bachillerato, 2018. Artículo de Libro en Dialnet. | L40: 2018 | M40: 21-30 | X40: Paraninfo | Z40: spa | AE40: dialnet.unirioja.es | AG40: Section: La realidad aumentada como herramienta educativa: aplicación a la Educación Infantil, Primaria, Secundaria y Bachillerato | AI40: C:\Users\dell i7\Zotero\storage\RKYX266W\articulo.html
A41: JHZKZXBH | B41: book | C41: 2018 | D41: Almenara, Julio Cabero; Villacé, Ibán de la Horra; Bolado, Javier Sánchez | E41: La realidad aumentada como herramienta educativa: aplicación a la Educación Infantil, Primaria, Secundaria y Bachillerato | G41: 978-84-283-4070-0 | J41: https://dialnet.unirioja.es/servlet/libro?codigo=788238 | K41: Autorías: Julio Cabero Almenara, Ibán de la Horra Villacé, Javier Sánchez Bolado. Editor: Paraninfo. Año de publicación: 2018. Libro en Dialnet. | L41: 2018 | S41: La realidad aumentada como herramienta educativa | X41: Paraninfo | Z41: spa | AE41: dialnet.unirioja.es | AI41: C:\Users\dell i7\Zotero\storage\S5VBI2KI\libro.html
A42: 4JP2NYG2 | B42: conferencePaper | C42: 2018 | D42: Almenara, Julio Cabero | E42: La realidad aumentada, una tecnología emergente en la educación | F42: La realidad aumentada como herramienta educativa: aplicación a la Educación Infantil, Primaria, Secundaria y Bachillerato, 2018, ISBN 978-84-283-4070-0, págs. 3-20 | G42: 978-84-283-4070-0 | J42: https://dialnet.unirioja.es/servlet/articulo?codigo=7794604 | K42: Autoría: Julio Cabero Almenara. Localización: La realidad aumentada como herramienta educativa: aplicación a la Educación Infantil, Primaria, Secundaria y Bachillerato, 2018. Artículo de Libro en Dialnet. | L42: 2018 | M42: 44640 | X42: Paraninfo | Z42: spa | AE42: dialnet.unirioja.es | AG42: Section: La realidad aumentada como herramienta educativa: aplicación a la Educación Infantil, Primaria, Secundaria y Bachillerato | AI42: C:\Users\dell i7\Zotero\storage\D7KKN3BX\articulo.html
A43: PI5CUVTQ | B43: conferencePaper | C43: 2018 | D43: Pérez, Sandra Martínez; Robles, Bárbara Fernández; Cabrerizo, Rocío Alejandra Funes | E43: Diseño de objetos de Realidad Aumentada: Experiencia con el alumnado de Educación | F43: Edunovatic 2017. Conference proceedings: 2nd Virtual International Conference on Education, Innovation and ICT. 12 - 14 December, 2017, 2018, ISBN 978-94-92805-02-7, págs. 182-186 | G43: 978-94-92805-02-7 | J43: https://dialnet.unirioja.es/servlet/articulo?codigo=7013428 | K43: Autorías: Sandra Martínez Pérez, Bárbara Fernández Robles, Rocío Alejandra Funes Cabrerizo. Localización: Edunovatic 2017. Conference proceedings: 2nd Virtual International Conference on Education, Innovation and ICT. 12 - 14 December, 2017, 2018. Artículo de Libro en Dialnet. | L43: 2018 | M43: 182-186 | S43: Diseño de objetos de Realidad Aumentada | X43: Adaya Press | Z43: spa | AE43: dialnet.unirioja.es | AG43: Section: Edunovatic 2017. Conference proceedings: 2nd Virtual International Conference on Education, Innovation and ICT. 12 - 14 December, 2017 | AI43: C:\Users\dell i7\Zotero\storage\US48JGSB\articulo.html
A44: I5KZKL63 | B44: book | C44: 2018 | D44: Calafi, Alfredo Pina; Soler, Marta; Osório, Antonio José Meneses; Torre, Consuelo García de la; Pedreira, Mari Carmen Caldeiro; Sepúlveda, Pilar Uribe; Castillo, Cesar Martín Agurto; Costa, Roberta Dall Agnese da | E44: Edunovatic 2017. Conference proceedings: 2nd Virtual International Conference on Education, Innovation and ICT. 12 - 14 December, 2017 | G44: 978-94-92805-02-7 | J44: https://dialnet.unirioja.es/servlet/libro?codigo=734785 | K44: Autorías: Alfredo Pina Calafi, Marta Soler, Antonio José Meneses Osório, Consuelo García de la Torre, Mari Carmen Caldeiro Pedreira, Pilar Uribe Sepúlveda, Cesar Martín Agurto Castillo, Roberta Dall Agnese da Costa. Editor: Adaya Press. Año de publicación: 2018. Libro en Dialnet. | L44: 2018 | S44: Edunovatic 2017. Conference proceedings | X44: Adaya Press | Z44: eng | AE44: dialnet.unirioja.es | AI44: C:\Users\dell i7\Zotero\storage\MSBEWG96\Calafi et al. - 2018 - Edunovatic 2017. Conference proceedings 2nd Virtu.pdf
A45: R9IFGXJ4 | B45: conferencePaper | C45: 2016 | D45: Paz, Soledad de la Blanca de la; López, Joaquina Chicharro; Fuentes, Elena Moreno | E45: Realidad aumentada y proyectos de trabajo: Un maridaje con proyección | F45: Congreso Internacional de Innovación y Tecnología Educativa en Educación Infantil, 2016, 13 págs. | J45: https://dialnet.unirioja.es/servlet/articulo?codigo=6030585 | K45: Autorías: Soledad de la Blanca de la Paz, Joaquina Chicharro López, Elena Moreno Fuentes. Localización: Congreso Internacional de Innovación y Tecnología Educativa en Educación Infantil, 2016. Artículo de Libro en Dialnet. | L45: 2016 | M45: 44574 | S45: Realidad aumentada y proyectos de trabajo | Z45: spa | AE45: dialnet.unirioja.es | AG45: Section: Congreso Internacional de Innovación y Tecnología Educativa en Educación Infantil
A46: GGVTKC7E | B46: book | C46: 2016 | D46: Tena, Rosalía Romero | E46: Congreso Internacional de Innovación y Tecnología Educativa en Educación Infantil | J46: https://dialnet.unirioja.es/servlet/libro?codigo=692599 | K46: Autoría: Rosalía Romero Tena. Año de publicación: 2016. Libro en Dialnet. | L46: 2016 | Z46: spa | AE46: dialnet.unirioja.es
A47: SX4PWNEL | B47: conferencePaper | C47: 2020 | D47: Otero, Lorena Casal; Hidalgo, Manuel Serrano | E47: Escenarios inmersivos con realidad aumentada para la robótica educativa | F47: La tecnología como eje del cambio metodológico, 2020, ISBN 978-84-1335-052-3, págs. 1712-1715 | G47: 978-84-13-35052-3 | J47: https://dialnet.unirioja.es/servlet/articulo?codigo=7832942 | K47: Autorías: Lorena Casal Otero, Manuel Serrano Hidalgo. Localización: La tecnología como eje del cambio metodológico, 2020. Artículo de Libro en Dialnet. | L47: 2020 | M47: 1712-1715 | X47: UMA Editorial | Z47: spa | AE47: dialnet.unirioja.es | AG47: Section: La tecnología como eje del cambio metodológico
A48: 8LNS92TH | B48: book | C48: 2020 | D48: Magaña, Ernesto Colomo; Rivas, Enrique Sánchez; Palmero, Julio Ruiz; Rodríguez, José Sánchez | E48: La tecnología como eje del cambio metodológico | G48: 978-84-13-35052-3 | J48: https://dialnet.unirioja.es/servlet/libro?codigo=790613 | K48: Autorías: Ernesto Colomo Magaña, Enrique Sánchez Rivas, Julio Ruiz Palmero, José Sánchez Rodríguez. Editor: UMA Editorial. Año de publicación: 2020. Libro en Dialnet. | L48: 2020 | X48: UMA Editorial | Z48: spa | AE48: dialnet.unirioja.es
A49: BLT372WY | B49: thesis | C49: 2014 | D49: Garnica, Jorge Jonathan Cadeñanes | E49: Realidad aumentada en libros digitales educativos y juegos interactivos | J49: https://dialnet.unirioja.es/servlet/tesis?codigo=91500 | K49: Autoría: Jorge Jonathan Cadeñanes Garnica. Dirección de la Tesis: María Angélica González Arrieta. Lectura: Universidad de Salamanca en 2014. Tesis doctoral en Dialnet. | L49: 2014 | X49: Universidad de Salamanca | Z49: es | AB49: http://purl.org/dc/dcmitype/Text | AE49: dialnet.unirioja.es
A50: 4JT96TNT | B50: conferencePaper | C50: 2018 | D50: Vila, Rosabel Roig; Herrero, Juan Francisco Álvarez; Lueg, Carolina Flores; Valero, María de la Cruz García; Sempere, María Leal; Carreres, Asunción Lledó; Meneses, Eloy López; Lledó, Alejandro Lorenzo; Andrés, Santiago Mengual; Cano, Esteban Vázquez; Camús, Àngel Vilaplana; Alberola-Robles, Cristina | E50: Enseñar y aprender en Aulas Digitales a través de la Realidad Aumentada | F50: Memorias del Programa de Redes-I3CE de calidad, innovación e investigación en docencia universitaria: Convocatoria 2017-18, 2018, ISBN 978-84-09-07041-1, págs. 2685-2693 | G50: 978-84-09-07041-1 | J50: https://dialnet.unirioja.es/servlet/articulo?codigo=6902987 | K50: Autorías: Rosabel Roig Vila, Juan Francisco Álvarez Herrero, Carolina Flores Lueg, María de la Cruz García Valero, María Leal Sempere, Asunción Lledó Carreres, Eloy López Meneses, Alejandro Lorenzo Lledó, Santiago Mengual Andrés, Esteban Vázquez Cano, Àngel Vilaplana Camús, Cristina Alberola-Robles. Localización: Memorias del Programa de Redes-I3CE de calidad, innovación e investigación en docencia universitaria: Convocatoria 2017-18, 2018. Artículo de Libro en Dialnet. | L50: 2018 | M50: 2685-2693 | X50: Instituto de Ciencias de la Educación | Z50: spa | AE50: dialnet.unirioja.es | AG50: Section: Memorias del Programa de Redes-I3CE de calidad, innovación e investigación en docencia universitaria: Convocatoria 2017-18
A51: MD3KTWL8 | B51: book | C51: 2018 | D51: Vila, Rosabel Roig | E51: Memorias del Programa de Redes-I3CE de calidad, innovación e investigación en docencia universitaria: Convocatoria 2017-18 | G51: 978-84-09-07041-1 | J51: https://dialnet.unirioja.es/servlet/libro?codigo=731113 | K51: Autoría: Rosabel Roig Vila. Editor: Instituto de Ciencias de la Educación. Año de publicación: 2018. Libro en Dialnet. | L51: 2018 | S51: Memorias del Programa de Redes-I3CE de calidad, innovación e investigación en docencia universitaria | X51: Instituto de Ciencias de la Educación | Z51: spa | AE51: dialnet.unirioja.es
A52: 8YXCBKXF | B52: conferencePaper | C52: 2018 | D52: Jordà, Marta Galinsoga | E52: Una experiencia con realidad aumentada en Español como lengua extrajera | F52: La realidad aumentada como herramienta educativa: aplicación a la Educación Infantil, Primaria, Secundaria y Bachillerato, 2018, ISBN 978-84-283-4070-0, págs. 181-198 | G52: 978-84-283-4070-0 | J52: https://dialnet.unirioja.es/servlet/articulo?codigo=7794610 | K52: Autoría: Marta Galinsoga Jordà. Localización: La realidad aumentada como herramienta educativa: aplicación a la Educación Infantil, Primaria, Secundaria y Bachillerato, 2018. Artículo de Libro en Dialnet. | L52: 2018 | M52: 181-198 | X52: Paraninfo | Z52: spa | AE52: dialnet.unirioja.es | AG52: Section: La realidad aumentada como herramienta educativa: aplicación a la Educación Infantil, Primaria, Secundaria y Bachillerato | AI52: C:\Users\dell i7\Zotero\storage\7EBN49AI\articulo.html
A53: 4AER4YJE | B53: book | C53: 2018 | D53: Almenara, Julio Cabero; Villacé, Ibán de la Horra; Bolado, Javier Sánchez | E53: La realidad aumentada como herramienta educativa: aplicación a la Educación Infantil, Primaria, Secundaria y Bachillerato | G53: 978-84-283-4070-0 | J53: https://dialnet.unirioja.es/servlet/libro?codigo=788238 | K53: Autorías: Julio Cabero Almenara, Ibán de la Horra Villacé, Javier Sánchez Bolado. Editor: Paraninfo. Año de publicación: 2018. Libro en Dialnet. | L53: 2018 | S53: La realidad aumentada como herramienta educativa | X53: Paraninfo | Z53: spa | AE53: dialnet.unirioja.es | AI53: C:\Users\dell i7\Zotero\storage\787LCI89\libro.html
A54: 4X3URHLI | B54: conferencePaper | C54: 2018 | D54: Villacé, Ibán de la Horra | E54: Realidad aumentada para el estudio de la geometría: proyecto AR-MAT | F54: La realidad aumentada como herramienta educativa: aplicación a la Educación Infantil, Primaria, Secundaria y Bachillerato, 2018, ISBN 978-84-283-4070-0, págs. 173-180 | G54: 978-84-283-4070-0 | J54: https://dialnet.unirioja.es/servlet/articulo?codigo=7794606 | K54: Autoría: Ibán de la Horra Villacé. Localización: La realidad aumentada como herramienta educativa: aplicación a la Educación Infantil, Primaria, Secundaria y Bachillerato, 2018. Artículo de Libro en Dialnet. | L54: 2018 | M54: 173-180 | S54: Realidad aumentada para el estudio de la geometría | X54: Paraninfo | Z54: spa | AE54: dialnet.unirioja.es | AG54: Section: La realidad aumentada como herramienta educativa: aplicación a la Educación Infantil, Primaria, Secundaria y Bachillerato | AI54: C:\Users\dell i7\Zotero\storage\YCEMB8SA\articulo.html
A55: 4BE3MF42 | B55: conferencePaper | C55: 2020 | D55: Belmonte, Jesús López; Sánchez, Santiago Pozo; Guerrero, Antonio José Moreno | E55: Retroinnovando los procesos de enseñanza y aprendizaje por medio de la realidad aumentada | F55: Tecnologías emergentes en educación infantil, 2020, ISBN 9788447222056, págs. 349-360 | G55: 978-84-472-2205-6 | J55: https://dialnet.unirioja.es/servlet/articulo?codigo=8562095 | K55: Autorías: Jesús López Belmonte, Santiago Pozo Sánchez, Antonio José Moreno Guerrero. Localización: Tecnologías emergentes en educación infantil, 2020. Artículo de Libro en Dialnet. | L55: 2020 | M55: 349-360 | X55: Editorial Universidad de Sevilla | Z55: spa | AE55: dialnet.unirioja.es | AG55: Section: Tecnologías emergentes en educación infantil | AI55: C:\Users\dell i7\Zotero\storage\I4RK6F92\articulo.html
A56: R7IFK89P | B56: book | C56: 2020 | D56: Tena, Rosalía Romero; Gutiérrez, María Puig; Castillo, Juan Jesús Gutiérrez | E56: Tecnologías emergentes en educación infantil | G56: 978-84-472-2205-6 | J56: https://dialnet.unirioja.es/servlet/libro?codigo=870174 | K56: Autorías: Rosalía Romero Tena, María Puig Gutiérrez, Juan Jesús Gutiérrez Castillo. Editor: Editorial Universidad de Sevilla. Año de publicación: 2020. Libro en Dialnet. | L56: 2020 | X56: Editorial Universidad de Sevilla | Z56: spa | AE56: dialnet.unirioja.es | AI56: C:\Users\dell i7\Zotero\storage\VYNCUZZT\libro.html
A57: MEBC9HQA | B57: conferencePaper | C57: 2020 | D57: Díaz, Blanca Riesco | E57: Realidad aumentada en el aula de infantil: Recursos empleados | F57: Tecnologías emergentes en educación infantil, 2020, ISBN 9788447222056, págs. 315-340 | G57: 978-84-472-2205-6 | J57: https://dialnet.unirioja.es/servlet/articulo?codigo=8562097 | K57: Autoría: Blanca Riesco Díaz. Localización: Tecnologías emergentes en educación infantil, 2020. Artículo de Libro en Dialnet. | L57: 2020 | M57: 315-340 | S57: Realidad aumentada en el aula de infantil | X57: Editorial Universidad de Sevilla | Z57: spa | AE57: dialnet.unirioja.es | AG57: Section: Tecnologías emergentes en educación infantil
A58: VUSTLDI8 | B58: journalArticle | C58: 2020 | D58: Martínez, Lourdes Villalustre | E58: Propuesta metodológica para la integración didáctica de la realidad aumentada en Educación Infantil | F58: EDMETIC | H58: 2254-0059 | J58: https://dialnet.unirioja.es/servlet/articulo?codigo=7193073 | K58: Autoría: Lourdes Villalustre Martínez. Localización: EDMETIC. Nº. 1, 2020. Artículo de Revista en Dialnet. | L58: 2020 | M58: 170-187 | O58: 1 | P58: 9 | Z58: spa | AE58: dialnet.unirioja.es | AG58: Publisher: Marín y Compañía Section: EDMETIC
A59: P68UMCVT | B59: journalArticle | C59: 2017 | D59: Díaz, Verónica Marín | E59: The augmented reality in the educational sphere of student of degree in chilhood education. Case Study | F59: Pixel-Bit: Revista de medios y educación | H59: 1133-8482 | J59: https://dialnet.unirioja.es/servlet/articulo?codigo=6054425 | K59: Autoría: Verónica Marín Díaz. Localización: Pixel-Bit: Revista de medios y educación. Nº. 51, 2017. Artículo de Revista en Dialnet. | L59: 2017 | M59: 44761 | O59: 51 | Z59: eng | AE59: dialnet.unirioja.es | AG59: Publisher: Secretariado de Recursos Audiovisuales y Nuevas Tecnologías Section: Pixel-Bit: Revista de medios y educación
A60: LI9V2DFP | B60: conferencePaper | C60: 2019 | D60: Fernández, Belén García | E60: Pasaporte a otra realidad, una experiencia de aprendizaje en realidad virtual y realidad aumentada | F60: Edunovatic 2018. Conference Proceedings: 3rd Virtual International Conference on Education, Innovation and ICT. 17-19 December, 2018, 2019, ISBN 978-94-92805-08-9, págs. 101-105 | G60: 978-94-92805-08-9 | J60: https://dialnet.unirioja.es/servlet/articulo?codigo=7359975 | K60: Autoría: Belén García Fernández. Localización: Edunovatic 2018. Conference Proceedings: 3rd Virtual International Conference on Education, Innovation and ICT. 17-19 December, 2018, 2019. Artículo de Libro en Dialnet. | L60: 2019 | M60: 101-105 | X60: Adaya Press | Z60: spa | AE60: dialnet.unirioja.es | AG60: Section: Edunovatic 2018. Conference Proceedings: 3rd Virtual International Conference on Education, Innovation and ICT. 17-19 December, 2018
A61: ZVX6CCVQ | B61: book | C61: 2019 | E61: Edunovatic 2018. Conference Proceedings: 3rd Virtual International Conference on Education, Innovation and ICT. 17-19 December, 2018 | G61: 978-94-92805-08-9 | J61: https://dialnet.unirioja.es/servlet/libro?codigo=763725 | K61: Editores: Adaya Press : REDINE (Red de Investigación e Innovación Educativa). Año de publicación: 2019. Libro en Dialnet. | L61: 2019 | S61: Edunovatic 2018. Conference Proceedings | X61: Adaya Press | Z61: eng | AE61: dialnet.unirioja.es
A62: 66H3J2ZZ | B62: journalArticle | C62: 2021 | D62: Piñeiro, María del Rosario Neira; Pérez, María Esther del Moral | E62: Educación literaria y promoción lectora apoyadas en entornos literarios inmersivos con realidad aumentada | F62: Ocnos: revista de estudios sobre lectura | H62: 2254-9099, 1885-446X | J62: https://dialnet.unirioja.es/servlet/articulo?codigo=8138869 | K62: Autorías: María del Rosario Neira Piñeiro, María Esther del Moral Pérez. Localización: Ocnos: revista de estudios sobre lectura. Nº. 3, 2021. Artículo de Revista en Dialnet. | L62: 2021 | M62: 22 | O62: 3 | P62: 20 | Z62: spa | AE62: dialnet.unirioja.es | AG62: Publisher: Centro de Estudios de Promoción de la Lectura y Literatura Infantil (CEPLI) Section: Ocnos: revista de estudios sobre lectura
A63: NW4EZ3Z3 | B63: conferencePaper | C63: 2018 | D63: Martínez, Francesc Navarro | E63: Proyectos educativos con realidad aumentada en Educación Secundaria Obligatoria (ESO) y Bachillerato | F63: La realidad aumentada como herramienta educativa: aplicación a la Educación Infantil, Primaria, Secundaria y Bachillerato, 2018, ISBN 978-84-283-4070-0, págs. 155-171 | G63: 978-84-283-4070-0 | J63: https://dialnet.unirioja.es/servlet/articulo?codigo=7794607 | K63: Autoría: Francesc Navarro Martínez. Localización: La realidad aumentada como herramienta educativa: aplicación a la Educación Infantil, Primaria, Secundaria y Bachillerato, 2018. Artículo de Libro en Dialnet. | L63: 2018 | M63: 155-171 | X63: Paraninfo | Z63: spa | AE63: dialnet.unirioja.es | AG63: Section: La realidad aumentada como herramienta educativa: aplicación a la Educación Infantil, Primaria, Secundaria y Bachillerato
A64: YX4ZRPIE | B64: journalArticle | C64: 2019 | D64: Piñeiro, María del Rosario Neira; Pérez, María Esther del Moral; Coto, Inés Fombella | E64: Aprendizaje inmersivo y desarrollo de las inteligencias múltiples en Educación Infantil a partir de un entorno interactivo con realidad aumentada | F64: Magister: Revista miscelánea de investigación | H64: 0212-6796 | J64: https://dialnet.unirioja.es/servlet/articulo?codigo=7300766 | K64: Autorías: María del Rosario Neira Piñeiro, María Esther del Moral Pérez, Inés Fombella Coto. Localización: Magister: Revista miscelánea de investigación. Nº 2, 2019. Artículo de Revista en Dialnet. | L64: 2019 | M64: 44569 | O64: 2 | P64: 31 | Z64: spa | AE64: dialnet.unirioja.es | AG64: Publisher: Servicio de Publicaciones Section: Magister: Revista miscelánea de investigación | AI64: C:\Users\dell i7\Zotero\storage\X3422LEU\Piñeiro et al. - 2019 - Aprendizaje inmersivo y desarrollo de las intelige.pdf; C:\Users\dell i7\Zotero\storage\SH4E6W99\articulo.html
A65: FUIH5RUT | B65: journalArticle | C65: 2018 | D65: López, Alicia Vara | E65: Las narrativas digitales en Educación Infantil: una experiencia de investigación e innovación con booktrailer, cuentos interactivos digitales y Realidad Aumentada | F65: Diablotexto Digital | H65: 2530-2337 | J65: https://dialnet.unirioja.es/servlet/articulo?codigo=7007057 | K65: Autoría: Alicia Vara López. Localización: Diablotexto Digital. Nº. 3, 2018. Artículo de Revista en Dialnet. | L65: 2018 | M65: 111-131 | O65: 3 | S65: Las narrativas digitales en Educación Infantil | Z65: spa | AE65: dialnet.unirioja.es | AG65: Publisher: Departamento de Filología Española Section: Diablotexto Digital | AI65: C:\Users\dell i7\Zotero\storage\TU83C5GC\articulo.html
A66: Q73TUUGF | B66: journalArticle | C66: 2015 | D66: Gutiérrez, Ramón Cózar; Martínez, María del Valle de Moya; Bravo, José Antonio Hernández; Bravo, Juan Rafael Hernández | E66: Tecnologías emergentes para la enseñanza de las Ciencias Sociales.: Una experiencia con el uso de Realidad Aumentada en la formación inicial de maestros | F66: Digital Education Review | H66: 2013-9144 | J66: https://dialnet.unirioja.es/servlet/articulo?codigo=5495910 | K66: Autorías: Ramón Cózar Gutiérrez, María del Valle de Moya Martínez, José Antonio Hernández Bravo, Juan Rafael Hernández Bravo. Localización: Digital Education Review. Nº. 27, 2015. Artículo de Revista en Dialnet. | L66: 2015 | M66: 138-153 | O66: 27 | S66: Tecnologías emergentes para la enseñanza de las Ciencias Sociales. | Z66: spa | AE66: dialnet.unirioja.es | AG66: Publisher: Digital Education Observatory (OED) Section: Digital Education Review | AI66: C:\Users\dell i7\Zotero\storage\25Q2GTAJ\Gutiérrez et al. - 2015 - Tecnologías emergentes para la enseñanza de las Ci.pdf; C:\Users\dell i7\Zotero\storage\PFVTEH4W\articulo.html
A67: PLAC2T9M | B67: thesis | C67: 2018 | D67: Pérez, Oscar Gallego | E67: Estudio y análisis sobre las posibilidades educativas de la realidad aumentada como herramienta de producción de experiencias formativas por parte del alumnado universitario | J67: https://dialnet.unirioja.es/servlet/tesis?codigo=150998 | K67: Autoría: Oscar Gallego Pérez. Dirección de la Tesis: Verónica Marín Díaz, Julio Barroso Osuna. Lectura: Universidad de Córdoba (ESP) en 2018. Tesis doctoral en Dialnet. | L67: 2018 | X67: Universidad de Córdoba (ESP) | Z67: es | AB67: http://purl.org/dc/dcmitype/Text | AE67: dialnet.unirioja.es | AI67: C:\Users\dell i7\Zotero\storage\S2MFCSRC\tesis.html
A68: T57JRZU9 | B68: journalArticle | C68: 2017 | D68: Fuentes, Elena Moreno; García, Álvaro Pérez | E68: La realidad aumentada como recurso didáctico para los futuros maestros | F68: Etic@net: Revista científica electrónica de Educación y Comunicación en la Sociedad del Conocimiento | H68: 1695-324X | J68: https://dialnet.unirioja.es/servlet/articulo?codigo=6045416 | K68: Autorías: Elena Moreno Fuentes, Álvaro Pérez García. Localización: Etic@net: Revista científica electrónica de Educación y Comunicación en la Sociedad del Conocimiento. Nº. 1, 2017. Artículo de Revista en Dialnet. | L68: 2017 | M68: 42-59 | O68: 1 | P68: 17 | Z68: spa | AE68: dialnet.unirioja.es | AG68: Publisher: Universidad de Granada Section: Etic@net: Revista científica electrónica de Educación y Comunicación en la Sociedad del Conocimiento | AI68: C:\Users\dell i7\Zotero\storage\AK6FUUYQ\Fuentes y García - 2017 - La realidad aumentada como recurso didáctico para .pdf; C:\Users\dell i7\Zotero\storage\X8C75LEB\articulo.html
A69: Z9WILQAG | B69: journalArticle | C69: 2021 | D69: Castelló, Teresa Dolores Pérez; Vera, Juan Ramón Moreno | E69: Concepciones sobre la realidad aumentada en el profesorado de Infantil y Primaria | F69: Clio & Asociados: La historia enseñada | H69: 2362-3063, 0328-820X | J69: https://dialnet.unirioja.es/servlet/articulo?codigo=8335135 | K69: Autorías: Teresa Dolores Pérez Castelló, Juan Ramón Moreno Vera. Localización: Clio & Asociados: La historia enseñada. Nº. 33, 2021. Artículo de Revista en Dialnet. | L69: 2021 | M69: 4 | O69: 33 | Z69: spa | AE69: dialnet.unirioja.es | AG69: Publisher: Facultad de Humanidades y Ciencias de la Educación. Departamento de Historia Section: Clio & Asociados: La historia enseñada | AI69: C:\Users\dell i7\Zotero\storage\6BXXQXY8\articulo.html
A70: U3NNV8S2 | B70: journalArticle | C70: 2017 | D70: Cejudo, María del Carmen Llorente; Castillo, Juan Jesús Gutiérrez; Almenara, Julio Cabero | E70: Evaluación por y desde los usuarios: objetos de aprendizaje con Realidad aumentada | F70: RED: Revista de Educación a Distancia | H70: 1578-7680 | J70: https://dialnet.unirioja.es/servlet/articulo?codigo=6022816 | K70: Autorías: María del Carmen Llorente Cejudo, Juan Jesús Gutiérrez Castillo, Julio Cabero Almenara. Localización: RED: Revista de Educación a Distancia. Nº. 53, 2017. Artículo de Revista en Dialnet. | L70: 2017 | M70: 4 | O70: 53 | S70: Evaluación por y desde los usuarios | Z70: spa | AE70: dialnet.unirioja.es | AG70: Publisher: Departamento de Psicología Evolutiva y de la Educación Section: RED: Revista de Educación a Distancia | AI70: C:\Users\dell i7\Zotero\storage\QNRILGHW\articulo.html
A71: KXI5RGBE | B71: conferencePaper | C71: 2020 | D71: Martínez, Noelia Margarita Moreno; Lorente, Laura Monsalve; Aguilera, Francisco José García | E71: Realidad aumentada, modelado en 3D e impresión en 3D para una atención educativa del alumnado con altas capacidades | F71: Tecnologías emergentes en educación infantil, 2020, ISBN 9788447222056, págs. 161-170 | G71: 978-84-472-2205-6 | J71: https://dialnet.unirioja.es/servlet/articulo?codigo=8562068 | K71: Autorías: Noelia Margarita Moreno Martínez, Laura Monsalve Lorente, Francisco José García Aguilera. Localización: Tecnologías emergentes en educación infantil, 2020. Artículo de Libro en Dialnet. | L71: 2020 | M71: 161-170 | X71: Editorial Universidad de Sevilla | Z71: spa | AE71: dialnet.unirioja.es | AG71: Section: Tecnologías emergentes en educación infantil | AI71: C:\Users\dell i7\Zotero\storage\WZX45UMR\articulo.html
A72: ERDRPQQU | B72: book | C72: 2020 | D72: Tena, Rosalía Romero; Gutiérrez, María Puig; Castillo, Juan Jesús Gutiérrez | E72: Tecnologías emergentes en educación infantil | G72: 978-84-472-2205-6 | J72: https://dialnet.unirioja.es/servlet/libro?codigo=870174 | K72: Autorías: Rosalía Romero Tena, María Puig Gutiérrez, Juan Jesús Gutiérrez Castillo. Editor: Editorial Universidad de Sevilla. Año de publicación: 2020. Libro en Dialnet. | L72: 2020 | X72: Editorial Universidad de Sevilla | Z72: spa | AE72: dialnet.unirioja.es | AI72: C:\Users\dell i7\Zotero\storage\2YYTJPEW\libro.html
A73: XEAEQX5H | B73: conferencePaper | C73: 2018 | D73: Martínez, Lourdes Villalustre | E73: Rincones aumentados: Una innovación en la formación inicial de maestros de educación infantil | F73: EDUcación con TECnología: un compromiso social. Aproximaciones desde la investigación y la innovación, 2018, ISBN 978-84-9144-126-7, págs. 888-893 | G73: 978-84-9144-126-7 | J73: https://dialnet.unirioja.es/servlet/articulo?codigo=8278618 | K73: Autoría: Lourdes Villalustre Martínez. Localización: EDUcación con TECnología: un compromiso social. Aproximaciones desde la investigación y la innovación, 2018. Artículo de Libro en Dialnet. | L73: 2018 | M73: 888-893 | S73: Rincones aumentados | X73: Edicions de la Universitat de Lleida | Z73: spa | AE73: dialnet.unirioja.es | AG73: Section: EDUcación con TECnología: un compromiso social. Aproximaciones desde la investigación y la innovación | AI73: C:\Users\dell i7\Zotero\storage\SYD2EXUR\articulo.html
A74: CIZYZQ5U | B74: book | C74: 2018 | D74: Farran, Francesc Xavier Carrera; Sánchez, Francisco Martínez; Rodríguez, Jordi Lluís Coiduras; Baiges, Enric Brescó; Tió, Eduard Vaquero | E74: EDUcación con TECnología: un compromiso social. Aproximaciones desde la investigación y la innovación | G74: 978-84-9144-126-7 | J74: https://dialnet.unirioja.es/servlet/libro?codigo=745930 | K74: Autorías: Francesc Xavier Carrera Farran, Francisco Martínez Sánchez, Jordi Lluís Coiduras Rodríguez, Enric Brescó Baiges, Eduard Vaquero Tió. Editor: Edicions de la Universitat de Lleida. Año de publicación: 2018. Libro en Dialnet. | L74: 2018 | S74: EDUcación con TECnología | X74: Edicions de la Universitat de Lleida | Z74: spa | AE74: dialnet.unirioja.es | AI74: C:\Users\dell i7\Zotero\storage\VII4AUWQ\libro.html
A75: 7RZ2L65K | B75: journalArticle | C75: 2020 | D75: Molina, Sandra Tardáguila | E75: Neuroeducación: la realidad aumentada como medio para acercar la literatura a la ed. Infantil | F75: Revista de educación, innovación y formación: REIF | H75: 2659-8345 | J75: https://dialnet.unirioja.es/servlet/articulo?codigo=7698202 | K75: Autoría: Sandra Tardáguila Molina. Localización: Revista de educación, innovación y formación: REIF. Nº. 3, 2020. Artículo de Revista en Dialnet. | L75: 2020 | M75: 86-106 | O75: 3 | S75: Neuroeducación | Z75: spa | AE75: dialnet.unirioja.es | AG75: Publisher: Consejería de Educación y Cultura Section: Revista de educación, innovación y formación: REIF | AI75: C:\Users\dell i7\Zotero\storage\MN5NFFAU\articulo.html
A76: UPXPHGC6 | B76: journalArticle | C76: 2019 | D76: Piñeiro, María del Rosario Neira; Coto, Inés Fombella; Pérez, María Esther del Moral | E76: Potencialidad didáctico-creativa de un álbum ilustrado enriquecido con recursos digitales y realidad aumentada | F76: EDMETIC | H76: 2254-0059 | J76: https://dialnet.unirioja.es/servlet/articulo?codigo=7042742 | K76: Autorías: María del Rosario Neira Piñeiro, Inés Fombella Coto, María Esther del Moral Pérez. Localización: EDMETIC. Nº. 2, 2019. Artículo de Revista en Dialnet. | L76: 2019 | M76: 108-128 | O76: 2 | P76: 8 | Z76: spa | AE76: dialnet.unirioja.es | AG76: Publisher: Marín y Compañía Section: EDMETIC | AI76: C:\Users\dell i7\Zotero\storage\NVGPBECG\Piñeiro et al. - 2019 - Potencialidad didáctico-creativa de un álbum ilust.pdf; C:\Users\dell i7\Zotero\storage\DYGND2ES\articulo.html
A77: YMF4ZNNK | B77: journalArticle | C77: 2018 | D77: Osuna, Julio Barroso; Almenara, Julio Cabero; Castillo, Juan Jesús Gutiérrez | E77: La producción de objetos de aprendizaje en realidad aumentada por estudiantes universitarios. Grado de aceptación de esta tecnología y motivación para su uso | F77: Revista mexicana de investigación educativa | H77: 1405-6666 | J77: https://dialnet.unirioja.es/servlet/articulo?codigo=7003753 | K77: Autorías: Julio Barroso Osuna, Julio Cabero Almenara, Juan Jesús Gutiérrez Castillo. Localización: Revista mexicana de investigación educativa. Nº. 79, 2018. Artículo de Revista en Dialnet. | L77: 2018 | M77: 1261-1283 | O77: 79 | P77: 23 | Z77: spa | AE77: dialnet.unirioja.es | AG77: Publisher: Consejo Mexicano de Investigación Educativa Section: Revista mexicana de investigación educativa | AI77: C:\Users\dell i7\Zotero\storage\AKU2SLN5\Osuna et al. - 2018 - La producción de objetos de aprendizaje en realida.pdf; C:\Users\dell i7\Zotero\storage\X5ZSCTT3\articulo.html
A78: JRGII269 | B78: conferencePaper | C78: 2016 | D78: Martínez, Noelia Margarita Moreno; Crespo, Pilar Auxiliadora Moreno; Olivencia, Juan José Leiva | E78: Experiencias formativas en el uso didáctico de tecnologías emergentes con el alumnado de los grados de educación infantil y primaria de las universidades de Huelva y Málaga | F78: Tecnología, innovación e investigación en los procesos de enseñanza-aprendizaje, 2016, ISBN 978-84-9921-848-9, págs. 2765-2783 | G78: 978-84-9921-848-9 | J78: https://dialnet.unirioja.es/servlet/articulo?codigo=6029963 | K78: Autorías: Noelia Margarita Moreno Martínez, Pilar Auxiliadora Moreno Crespo, Juan José Leiva Olivencia. Localización: Tecnología, innovación e investigación en los procesos de enseñanza-aprendizaje, 2016. Artículo de Libro en Dialnet. | L78: 2016 | M78: 2765-2783 | X78: Octaedro | Z78: spa | AE78: dialnet.unirioja.es | AG78: Section: Tecnología, innovación e investigación en los procesos de enseñanza-aprendizaje | AI78: C:\Users\dell i7\Zotero\storage\QHHV9AKT\articulo.html
A79: LREWGJ4I | B79: book | C79: 2016 | D79: Vila, Rosabel Roig | E79: Tecnología, innovación e investigación en los procesos de enseñanza-aprendizaje | G79: 978-84-9921-848-9 | J79: https://dialnet.unirioja.es/servlet/libro?codigo=674488 | K79: Autoría: Rosabel Roig Vila. Editor: Octaedro. Año de publicación: 2016. Libro en Dialnet. | L79: 2016 | X79: Octaedro | Z79: spa | AE79: dialnet.unirioja.es | AI79: C:\Users\dell i7\Zotero\storage\4JUFII5X\libro.html
A80: 9J5RMMZT | B80: journalArticle | C80: 2021 | D80: Cerdá, Alba Gilabert; Lledó, Alejandro Lorenzo | E80: Análisis de aplicaciones de Realidad Aumentada para la práctica de futuros docentes con alumnado que presenta Trastorno del Espectro Autista | F80: Revista d'innovació docent universitària: RIDU | H80: 2013-2298 | J80: https://dialnet.unirioja.es/servlet/articulo?codigo=7744120 | K80: Autorías: Alba Gilabert Cerdá, Alejandro Lorenzo Lledó. Localización: Revista d'innovació docent universitària: RIDU. Nº. 13, 2021. Artículo de Revista en Dialnet. | L80: 2021 | M80: 18-27 | O80: 13 | Z80: spa | AE80: dialnet.unirioja.es | AG80: Publisher: Departament de Matemàtica Econòmica, Financera i Actuarial Section: Revista d'innovació docent universitària: RIDU | AI80: C:\Users\dell i7\Zotero\storage\YL6CH6DP\articulo.html
A81: SS58B2VE | B81: journalArticle | C81: 2018 | D81: Martínez, Lourdes Villalustre; Pérez, María Esther del Moral | E81: Geolocalización y realidad aumentada para un aprendizaje ubicuo en la formación inicial del profesorado | F81: @tic. revista d'innovació educativa | H81: 1989-3477 | J81: https://dialnet.unirioja.es/servlet/articulo?codigo=6751657 | K81: Autorías: Lourdes Villalustre Martínez, María Esther del Moral Pérez. Localización: @tic. revista d'innovació educativa. Nº. 21, 2018. Artículo de Revista en Dialnet. | L81: 2018 | M81: 40-48 | O81: 21 | Z81: spa | AE81: dialnet.unirioja.es | AG81: Publisher: Centre de Formació i Qualitat "Manuel Sanchis Guarner" Section: @tic. revista d'innovació educativa | AI81: C:\Users\dell i7\Zotero\storage\XHM6IGSS\Martínez y Pérez - 2018 - Geolocalización y realidad aumentada para un apren.pdf; C:\Users\dell i7\Zotero\storage\43MHKPLA\articulo.html
A82: SFIYZKQU | B82: journalArticle | C82: 2019 | D82: García, Antonio Manuel Rodríguez; Lucena, Francisco Javier Hinojo; Montoro, Miriam Agreda | E82: Diseño e implementación de una experiencia para trabajar la interculturalidad en Educación Infantil a través de realidad aumentada y códigos QR | F82: Educar | H82: 0211-819X, 2014-8801 | J82: https://dialnet.unirioja.es/servlet/articulo?codigo=6845850 | K82: Autorías: Antonio Manuel Rodríguez García, Francisco Javier Hinojo Lucena, Miriam Agreda Montoro. Localización: Educar. Nº 1, 2019. Artículo de Revista en Dialnet. | L82: 2019 | M82: 59-77 | O82: 1 | P82: 55 | Z82: spa | AE82: dialnet.unirioja.es | AG82: Publisher: Departament de Pedagogia i Didactica Section: Educar | AI82: C:\Users\dell i7\Zotero\storage\HQ5W7KUQ\articulo.html
A83: T3Y5SDKG | B83: journalArticle | C83: 2018 | D83: Ruiz-Berdejo, Alba Martín | E83: Análisis del efecto de la implementación de las Tecnologías de la Información y Comunicación (TIC) en Educación Infantil | F83: Hachetetepé: Revista científica de Educación y Comunicación | H83: 2172-7929 | J83: https://dialnet.unirioja.es/servlet/articulo?codigo=7434901 | K83: Autoría: Alba Martín Ruiz-Berdejo. Localización: Hachetetepé: Revista científica de Educación y Comunicación. Nº. 16, 2018. Artículo de Revista en Dialnet. | L83: 2018 | M83: 51-60 | O83: 16 | Z83: spa | AE83: dialnet.unirioja.es | AG83: Publisher: Grupo de Investigación para la Educación en Medios de Comunicación (Edu-comunicación) Section: Hachetetepé: Revista científica de Educación y Comunicación | AI83: C:\Users\dell i7\Zotero\storage\9BTPGNF8\articulo.html
A84: EVSS4VCA | B84: journalArticle | C84: 2021 | D84: Medina, Daniel Macías; Valencia, Liliana Patricia Santacruz; Gómez, Javier | E84: La importancia de enseñar secuenciación en edades tempranas: una puerta al desarrollo de competencias STEM | F84: IE Comunicaciones: Revista Iberoamericana de Informática Educativa | H84: 1699-4574 | J84: https://dialnet.unirioja.es/servlet/articulo?codigo=7985877 | K84: Autorías: Daniel Macías Medina, Liliana Patricia Santacruz Valencia, Javier Gómez. Localización: IE Comunicaciones: Revista Iberoamericana de Informática Educativa. Nº. 33, 2021. Artículo de Revista en Dialnet. | L84: 2021 | M84: 31-42 | O84: 33 (Enero-Junio) | S84: La importancia de enseñar secuenciación en edades tempranas | Z84: spa | AE84: dialnet.unirioja.es | AG84: Publisher: Asociación para el Desarrollo de la Informática Educativa (ADIE) Section: IE Comunicaciones: Revista Iberoamericana de Informática Educativa | AI84: C:\Users\dell i7\Zotero\storage\956VYSPW\Medina et al. - 2021 - La importancia de enseñar secuenciación en edades .pdf; C:\Users\dell i7\Zotero\storage\ZNRW3RRH\articulo.html
A85: 8JCT84NI | B85: conferencePaper | C85: 2018 | D85: Bolado, Javier Sánchez | E85: Códigos QR en educación | F85: La realidad aumentada como herramienta educativa: aplicación a la Educación Infantil, Primaria, Secundaria y Bachillerato, 2018, ISBN 978-84-283-4070-0, págs. 31-72 | G85: 978-84-283-4070-0 | J85: https://dialnet.unirioja.es/servlet/articulo?codigo=7794602 | K85: Autoría: Javier Sánchez Bolado. Localización: La realidad aumentada como herramienta educativa: aplicación a la Educación Infantil, Primaria, Secundaria y Bachillerato, 2018. Artículo de Libro en Dialnet. | L85: 2018 | M85: 31-72 | X85: Paraninfo | Z85: spa | AE85: dialnet.unirioja.es | AG85: Section: La realidad aumentada como herramienta educativa: aplicación a la Educación Infantil, Primaria, Secundaria y Bachillerato | AI85: C:\Users\dell i7\Zotero\storage\XIC629HF\articulo.html
A86: B5K3XTJ8 | B86: book | C86: 2018 | D86: Almenara, Julio Cabero; Villacé, Ibán de la Horra; Bolado, Javier Sánchez | E86: La realidad aumentada como herramienta educativa: aplicación a la Educación Infantil, Primaria, Secundaria y Bachillerato | G86: 978-84-283-4070-0 | J86: https://dialnet.unirioja.es/servlet/libro?codigo=788238 | K86: Autorías: Julio Cabero Almenara, Ibán de la Horra Villacé, Javier Sánchez Bolado. Editor: Paraninfo. Año de publicación: 2018. Libro en Dialnet. | L86: 2018 | S86: La realidad aumentada como herramienta educativa | X86: Paraninfo | Z86: spa | AE86: dialnet.unirioja.es | AI86: C:\Users\dell i7\Zotero\storage\QTXNNZMI\libro.html
A87: YHYMFJH9 | B87: conferencePaper | C87: 2018 | D87: Caride, Salomé Recio | E87: Aplicaciones educativas en Infantil y Primaria | F87: La realidad aumentada como herramienta educativa: aplicación a la Educación Infantil, Primaria, Secundaria y Bachillerato, 2018, ISBN 978-84-283-4070-0, págs. 139-154 | G87: 978-84-283-4070-0 | J87: https://dialnet.unirioja.es/servlet/articulo?codigo=7794608 | K87: Autoría: Salomé Recio Caride. Localización: La realidad aumentada como herramienta educativa: aplicación a la Educación Infantil, Primaria, Secundaria y Bachillerato, 2018. Artículo de Libro en Dialnet. | L87: 2018 | M87: 139-154 | X87: Paraninfo | Z87: spa | AE87: dialnet.unirioja.es | AG87: Section: La realidad aumentada como herramienta educativa: aplicación a la Educación Infantil, Primaria, Secundaria y Bachillerato | AI87: C:\Users\dell i7\Zotero\storage\KCJQUZK7\articulo.html
A88: IF33R8AQ | B88: thesis | C88: 2020 | D88: Barrueco, Noa Vasallo | E88: Realidade aumentada e educación: unha investigación sobre as súas posibilidades educativas | J88: https://dialnet.unirioja.es/servlet/tesis?codigo=284452 | K88: Autoría: Noa Vasallo Barrueco. Dirección de la Tesis: Manuela Raposo Rivas, María Esther Martínez Figueira. Lectura: Universidade de Vigo en 2020. Tesis doctoral en Dialnet. | L88: 2020 | S88: Realidade aumentada e educación | X88: Universidade de Vigo | Z88: es | AB88: http://purl.org/dc/dcmitype/Text | AE88: dialnet.unirioja.es | AG88: Pages: 1 | AI88: C:\Users\dell i7\Zotero\storage\A6LVXJEY\tesis.html
A89: Z8SI2M3J | B89: journalArticle | C89: 2019 | D89: Carrasco, Cristian Ariza; González, Juan Manuel Muñoz | E89: Valoración de la técnica del mapa mental aumentado en puzle en educación superior | F89: Revista Española de Orientación y Psicopedagogía | H89: 1139-7853, 1989-7448 | J89: https://dialnet.unirioja.es/servlet/articulo?codigo=7332522 | K89: Autorías: Cristian Ariza Carrasco, Juan Manuel Muñoz González. Localización: Revista Española de Orientación y Psicopedagogía. Nº 3, 2019. Artículo de Revista en Dialnet. | L89: 2019 | M89: 64-83 | O89: 3 | P89: 30 | Z89: spa | AE89: dialnet.unirioja.es | AG89: Publisher: Asociación Española de Orientación y Psicopedagogía Section: Revista Española de Orientación y Psicopedagogía | AI89: C:\Users\dell i7\Zotero\storage\9FM6JYSU\articulo.html
A90: BSP84APE | B90: conferencePaper | C90: 2019 | D90: García, Gerardo Gómez; Soto, Natalia Campos; Cabrera, Arturo Fuentes; Garrido, Ana González | E90: Inclusión tecnológica en la enseñanza matemática. Un estado de la cuestión sobre buenas prácticas en Educación Superior | F90: Edunovatic 2018. Conference Proceedings: 3rd Virtual International Conference on Education, Innovation and ICT. 17-19 December, 2018, 2019, ISBN 978-94-92805-08-9, pág. 573 | G90: 978-94-92805-08-9 | J90: https://dialnet.unirioja.es/servlet/articulo?codigo=7360029 | K90: Autorías: Gerardo Gómez García, Natalia Campos Soto, Arturo Fuentes Cabrera, Ana González Garrido. Localización: Edunovatic 2018. Conference Proceedings: 3rd Virtual International Conference on Education, Innovation and ICT. 17-19 December, 2018, 2019. Artículo de Libro en Dialnet. | L90: 2019 | M90: 573 | X90: Adaya Press | Z90: spa | AE90: dialnet.unirioja.es | AG90: Section: Edunovatic 2018. Conference Proceedings: 3rd Virtual International Conference on Education, Innovation and ICT. 17-19 December, 2018 | AI90: C:\Users\dell i7\Zotero\storage\BZ67UAYC\articulo.html
A91: FIT6SCIQ | B91: book | C91: 2019 | E91: Edunovatic 2018. Conference Proceedings: 3rd Virtual International Conference on Education, Innovation and ICT. 17-19 December, 2018 | G91: 978-94-92805-08-9 | J91: https://dialnet.unirioja.es/servlet/libro?codigo=763725 | K91: Editores: Adaya Press : REDINE (Red de Investigación e Innovación Educativa). Año de publicación: 2019. Libro en Dialnet. | L91: 2019 | S91: Edunovatic 2018. Conference Proceedings | X91: Adaya Press | Z91: eng | AE91: dialnet.unirioja.es | AI91: C:\Users\dell i7\Zotero\storage\ZU9G7QF8\libro.html
A92: RA4AFTI5 | B92: thesis | C92: 2021 | D92: Carrasco, Cristian Ariza | E92: El mapa mental aumentado en puzle como técnica cooperativa de enseñanza-aprendizaje en educación superior | J92: https://dialnet.unirioja.es/servlet/tesis?codigo=298738 | K92: Autoría: Cristian Ariza Carrasco. Dirección de la Tesis: Juan Manuel Muñoz González. Lectura: Universidad de Córdoba (ESP) en 2021. Tesis doctoral en Dialnet. | L92: 2021 | X92: Universidad de Córdoba (ESP) | Z92: es | AB92: http://purl.org/dc/dcmitype/Text | AE92: dialnet.unirioja.es | AG92: Pages: 1 | AI92: C:\Users\dell i7\Zotero\storage\D8M5KYKS\tesis.html
A93: 9Y6KYNIQ | B93: journalArticle | C93: 2021 | D93: Centeno, Óscar Martín | E93: Aprendizaje y comunicación transmedia | F93: Participación educativa | H93: 1866-5097 | J93: https://dialnet.unirioja.es/servlet/articulo?codigo=7953337 | K93: Autoría: Óscar Martín Centeno. Localización: Participación educativa. Nº. 11, 2021. Artículo de Revista en Dialnet. | L93: 2021 | M93: 109-120 | O93: 11 | P93: 8 | Z93: spa | AE93: dialnet.unirioja.es | AG93: Publisher: Subdirección General de Documentación y Publicaciones Section: Participación educativa | AI93: C:\Users\dell i7\Zotero\storage\RH966FXE\articulo.html
A94: KCPKCJ4D | B94: journalArticle | C94: 2022 | D94: Carrasco, Cristian Ariza; González, Juan Manuel Muñoz | E94: El mapa mental aumentado en puzle: expectativas de futuros docentes | F94: Educar | H94: 0211-819X, 2014-8801 | J94: https://dialnet.unirioja.es/servlet/articulo?codigo=8545923 | K94: Autorías: Cristian Ariza Carrasco, Juan Manuel Muñoz González. Localización: Educar. Nº 1, 2022. Artículo de Revista en Dialnet. | L94: 2022 | M94: 125-140 | O94: 1 | P94: 58 | S94: El mapa mental aumentado en puzle | Z94: spa | AE94: dialnet.unirioja.es | AG94: Publisher: Departament de Pedagogia i Didactica Section: Educar | AI94: C:\Users\dell i7\Zotero\storage\ERJPMZQK\articulo.html
A95: NYBKIX8C | B95: journalArticle | C95: 2019 | D95: Farran, Francesc Xavier Carrera | E95: Presentación del Monográfico Congreso Edutec 2018 | F95: Edutec: Revista electrónica de tecnología educativa | H95: 1135-9250 | J95: https://dialnet.unirioja.es/servlet/articulo?codigo=7005804 | K95: Autoría: Francesc Xavier Carrera Farran. Localización: Edutec: Revista electrónica de tecnología educativa. Nº. 68, 2019. Artículo de Revista en Dialnet. | L95: 2019 | M95: 44562 | O95: 68 | Z95: spa | AE95: dialnet.unirioja.es | AG95: Publisher: Edutec. Asociación para el Desarrollo de la Tecnología Educativa Section: Edutec: Revista electrónica de tecnología educativa | AI95: C:\Users\dell i7\Zotero\storage\7BMYN7N8\articulo.html
A96: ZFH2FZVN | B96: thesis | C96: 2019 | D96: Palacios, Eduardo Cruz | E96: Centro de recursos para la enseñanza y el aprendizaje en una educación basada en competencias digitales: gaming y videojuegos para las alfabetizaciones múltiples y la formación del profesional de la información | J96: https://dialnet.unirioja.es/servlet/tesis?codigo=254979 | K96: Autoría: Eduardo Cruz Palacios. Dirección de la Tesis: Miguel Ángel Marzal García-Quismondo. Lectura: Universidad Carlos III de Madrid en 2019. Tesis doctoral en Dialnet. | L96: 2019 | S96: Centro de recursos para la enseñanza y el aprendizaje en una educación basada en competencias digitales | X96: Universidad Carlos III de Madrid | Z96: es | AB96: http://purl.org/dc/dcmitype/Text | AE96: dialnet.unirioja.es | AI96: C:\Users\dell i7\Zotero\storage\B3HT255C\tesis.html
A97: 5X3CBITD | B97: journalArticle | C97: 2022 | D97: Tuli, Neha; Mantri, Archana; Sharma, Shivam | E97: Impact of augmented reality tabletop learning environment on learning and motivation of kindergarten kids | F97: AIP Conference Proceedings | H97: 0094243X | I97: 10.1063/5.0080600 | K97: This paper identifies that the use of Augmented Reality Learning Environment (ARLE) enhances the learning outcomes of the kindergarten school kids. However, the impact of the application on public school kids differs from private school kids. The authors developed two applications: 1) AR learning environment for the kindergarten kids to learn the basics of English and 2) web-based application with the same learning objectives as ARLE. To analyse the effect of technology (AR, web), school (public, private) and assessment-time (pre-test, post-test) on learning and motivation, a 2x2x2 factorial design was implemented. Ninety-three kids were selected as participants for the analysis. The results highlighted that 1) The achieved test scores showed a positive effect of technology, school and assessment time, 2) The marks scored by the kids using ARLE were higher than the kids who learnt from a web application, 3) The positive impact of ARLE on public schools was more as compared to the private schools, 4) Private schools kids showed higher levels of motivation while using ARLE than public schools. This work concludes that the use of ARLE to teach English is highly effective and improves learning outcomes of kids studying in both private and public schools. | L97: 44690 | M97: 44570 | O97: 1 | P97: 2357 | AE97: EBSCOhost | AJ97: https://search.ebscohost.com/login.aspx?direct=true&AuthType=ip,sso&db=asn&AN=156784175&lang=es&site=ehost-live&scope=site&custid=s9226804&scope=cite | AL97: AUGMENTED reality; KINDERGARTEN; MIXED reality; CLASSROOM environment; KINDERGARTEN facilities; PRIVATE schools; PUBLIC schools; WEB-based user interfaces
A98: 9KDFCYSS | B98: journalArticle | C98: 2020 | D98: Madanipour, Parian; Cohrssen, Caroline | E98: Augmented reality as a form of digital technology in early childhood education | F98: Australasian Journal of Early Childhood | H98: 18369391 | I98: 10.1177/1836939119885311 | K98: The incorporation of digital technologies is explicitly addressed in the Early Years Learning Framework for Australia. The use of augmented reality (AR) technology, as one form of digital technology, is increasingly embedded in digital applications because it allows individuals to interact with real and virtual objects. A significant body of research has reported the benefits afforded by the use of AR technology in schools and higher education settings. However, little is known about the contribution of AR technology to teaching practice and child learning outcomes in the preschool years. Here, we present a summary of the limited research that has explored the use of AR in preschool curricula and argue for the need for further research to explore the contribution of AR to high-quality pedagogical practice. | L98: 43891 | M98: 44694 | O98: 1 | P98: 45 | AE98: EBSCOhost | AI98: ; C:\Users\dell i7\Zotero\storage\YA5W5ZJF\Madanipour y Cohrssen - 2020 - Augmented reality as a form of digital technology .pdf | AJ98: https://search.ebscohost.com/login.aspx?direct=true&AuthType=ip,sso&db=asn&AN=142155867&lang=es&site=ehost-live&scope=site&custid=s9226804&scope=cite | AL98: augmented reality; Early childhood education; AUGMENTED reality; AUSTRALIA; curriculum; digital technology; DIGITAL technology; EARLY childhood education; HIGH technology; information and communications technology; pedagogy; SECONDARY education; STUDENT teaching
A99: QYXTQUMJ | B99: journalArticle | C99: 2016 | D99: Huang, Yujia; Li, Hui; Fong, Ricci | E99: Using Augmented Reality in early art education: a case study in Hong Kong kindergarten | F99: Early Child Development & Care | H99: 3004430 | I99: 10.1080/03004430.2015.1067888 | K99: Innovation in pedagogy by technology integration in kindergarten classroom has always been a challenge for most teachers. This design-based research aimed to explore the feasibility of using Augmented Reality (AR) technology in early art education with a focus on the gains and pains of this innovation. A case study was conducted in a typical kindergarten in Hong Kong, with a class of four- to five-year-old children (N=30) and their class teacher, ICT teacher as well as two parent volunteers. A series of art education activities using AR was designed and implemented in the class. Effectiveness of the activities was evaluated through a triangulation of semi-structured interviews with teachers, principal and parents, and surveys administered to children. The results indicated that (1) all the children could design, control and interact with the animated objects generated by the AR application; (2) all the stakeholders interviewed were supportive of this pedagogical innovation and (3) the principal, teachers and parents were concerned about the side effects of using AR in early childhood education. Possible improvements and implications to AR-based art education were also addressed. | L99: 42522 | M99: 879-894 | O99: 6 | P99: 186 | S99: Using Augmented Reality in early art education | AE99: EBSCOhost | AJ99: https://search.ebscohost.com/login.aspx?direct=true&AuthType=ip,sso&db=asn&AN=115055360&lang=es&site=ehost-live&scope=site&custid=s9226804&scope=cite | AL99: Augmented Reality; AUGMENTED reality; PRESCHOOL children; PRESCHOOL education; applications in subject areas; ART education; ART education in preschools; country-specific developments; HONG Kong (China); improving classroom teaching; KINDERGARTEN; pedagogical issues; PRIMARY education
A100: 7VYXSEFF | B100: journalArticle | C100: 2022 | E100: Augmented reality for preschool children: An experience with educational contents | F100: British Journal of Educational Technology | H100: 71013 | I100: 10.1111/bjet.13168 | K100: This study was conducted to test the effect of the augmented reality‐based program on the motivation, attention and conceptual skills of preschool children. The research was conducted according to the pretest‐posttest control group quasi‐experimental design: 13 participants (6 girls, 7 boys) in the experimental group and 13 (5 girls, 8 boys) in the control group, a total of 26 children (4–5 age group) were included in the study. While the children in the experimental group participated in the applications prepared with augmented reality, the children in the control group were practised upon with the traditional teaching method. In the research, measurement tools were applied to the working groups (experiment‐control) both before and after the application. As a result, it was determined that the motivation, attention and concept skills of the children in the experimental group increased significantly compared to the children in the control group. The results show that augmented reality applications can be used in learning activities in preschool education. Practitioner notesWhat is already known about this topicAugmented reality applications can be adapted for preschool children.Augmented reality applications are new in pre‐school education.Augmented reality applications are interesting for preschool children.What this paper addsAugmented reality applications improve the motivational skills of preschool children.Augmented reality applications improve the attention skills of preschool children.Augmented reality applications improve the concept skills of preschool children.Implications for practice and/or policyTechnology‐based classroom environments should be created in pre‐school education institutions.Augmented reality applications in pre‐school education should be expanded in line with the gains.Teachers should receive training on augmented reality applications. | L100: 44621 | M100: 326-348 | O100: 2 | P100: 53 | S100: Augmented reality for preschool children | AE100: EBSCOhost | AJ100: https://search.ebscohost.com/login.aspx?direct=true&AuthType=ip,sso&db=asn&AN=155323236&lang=es&site=ehost-live&scope=site&custid=s9226804&scope=cite | AL100: augmented reality; attention; AUGMENTED reality; concept; motivation; MOTIVATION (Psychology) in children; PRESCHOOL children; preschool education; PRESCHOOL education; technology; TECHNOLOGY
...

Sheet REGISTROS DUPLICADOS ELIMINADOS
A1: Key | B1: Item Type | C1: Publication Year | D1: Author | E1: Title | F1: Publication Title | G1: ISBN | H1: ISSN | I1: DOI | J1: Url | K1: Abstract Note | L1: Date | M1: Date Added | N1: Date Modified | O1: Access Date | P1: Pages | Q1: Num Pages | R1: Issue | S1: Volume | T1: Number Of Volumes | U1: Journal Abbreviation | V1: Short Title | W1: Series | X1: Series Number | Y1: Series Text | Z1: Series Title | AA1: Publisher | AB1: Place | AC1: Language | AD1: Rights | AE1: Type | AF1: Archive | AG1: Archive Location | AH1: Library Catalog | AI1: Call Number | AJ1: Extra | AK1: Notes | AL1: File Attachments | AM1: Link Attachments | AN1: Manual Tags | AO1: Automatic Tags | AP1: Editor | AQ1: Series Editor | AR1: Translator | AS1: Contributor | AT1: Attorney Agent | AU1: Book Author | AV1: Cast Member | AW1: Commenter | AX1: Composer | AY1: Cosponsor | AZ1: Counsel
A2: VL53FN34 | B2: conferencePaper | C2: 2016 | D2: Díaz, Verónica Marín; González, Juan Manuel Muñoz; Gea, Esther María Vega | E2: La Realidad Aumentada como herramienta de aprendizaje en Educación Infantil | F2: Tecnología, innovación e investigación en los procesos de enseñanza-aprendizaje, 2016, ISBN 978-84-9921-848-9, págs. 833-841 | G2: 978-84-9921-848-9 | J2: https://dialnet.unirioja.es/servlet/articulo?codigo=6031650 | K2: Autorías: Verónica Marín Díaz, Juan Manuel Muñoz González, Esther María Vega Gea. Localización: Tecnología, innovación e investigación en los procesos de enseñanza-aprendizaje, 2016. Artículo de Libro en Dialnet. | L2: 2016 | M2: 44826.418 | N2: 44826.418 | O2: 44826.418 | P2: 833-841 | AA2: Octaedro | AC2: spa | AH2: dialnet.unirioja.es | AJ2: Section: Tecnología, innovación e investigación en los procesos de enseñanza-aprendizaje | AL2: C:\Users\dell i7\Zotero\storage\QKY5SRD7\articulo.html
A3: ZQUQCAHN | B3: book | C3: 2016 | D3: Vila, Rosabel Roig | E3: Tecnología, innovación e investigación en los procesos de enseñanza-aprendizaje | G3: 978-84-9921-848-9 | J3: https://dialnet.unirioja.es/servlet/libro?codigo=674488 | K3: Autoría: Rosabel Roig Vila. Editor: Octaedro. Año de publicación: 2016. Libro en Dialnet. | L3: 2016 | M3: 44826.418 | N3: 44826.418 | O3: 44826.418 | AA3: Octaedro | AC3: spa | AH3: dialnet.unirioja.es | AL3: C:\Users\dell i7\Zotero\storage\9KN68RSE\libro.html
A4: 3F6WAMC9 | B4: conferencePaper | C4: 2018 | D4: Díaz, Verónica Marín | E4: La realidad aumentada para el desarrollo curricular de Educación Infantil y Primaria | F4: La realidad aumentada como herramienta educativa: aplicación a la Educación Infantil, Primaria, Secundaria y Bachillerato, 2018, ISBN 978-84-283-4070-0, págs. 125-138 | G4: 978-84-283-4070-0 | J4: https://dialnet.unirioja.es/servlet/articulo?codigo=7794609 | K4: Autoría: Verónica Marín Díaz. Localización: La realidad aumentada como herramienta educativa: aplicación a la Educación Infantil, Primaria, Secundaria y Bachillerato, 2018. Artículo de Libro en Dialnet. | L4: 2018 | M4: 44826.418 | N4: 44826.418 | O4: 44826.418 | P4: 125-138 | AA4: Paraninfo | AC4: spa | AH4: dialnet.unirioja.es | AJ4: Section: La realidad aumentada como herramienta educativa: aplicación a la Educación Infantil, Primaria, Secundaria y Bachillerato | AL4: C:\Users\dell i7\Zotero\storage\BCIN9ILD\articulo.html
A5: 223JT38M | B5: book | C5: 2018 | D5: Almenara, Julio Cabero; Villacé, Ibán de la Horra; Bolado, Javier Sánchez | E5: La realidad aumentada como herramienta educativa: aplicación a la Educación Infantil, Primaria, Secundaria y Bachillerato | G5: 978-84-283-4070-0 | J5: https://dialnet.unirioja.es/servlet/libro?codigo=788238 | K5: Autorías: Julio Cabero Almenara, Ibán de la Horra Villacé, Javier Sánchez Bolado. Editor: Paraninfo. Año de publicación: 2018. Libro en Dialnet. | L5: 2018 | M5: 44826.418 | N5: 44826.418 | O5: 44826.418 | V5: La realidad aumentada como herramienta educativa | AA5: Paraninfo | AC5: spa | AH5: dialnet.unirioja.es | AL5: C:\Users\dell i7\Zotero\storage\KKJW7VYF\libro.html
A6: ZQGUEQD9 | B6: thesis | C6: 2015 | D6: Martínez, Antonia Cascales | E6: Realidad aumentada y educación infantil: implementación y evaluación | J6: https://dialnet.unirioja.es/servlet/tesis?codigo=155219 | K6: Autoría: Antonia Cascales Martínez. Dirección de la Tesis: María José Martínez Segura. Lectura: Universidad de Murcia en 2015. Tesis doctoral en Dialnet. | L6: 2015 | M6: 44826.418 | N6: 44826.418 | O6: 44826.418 | V6: Realidad aumentada y educación infantil | AA6: Universidad de Murcia | AC6: es | AE6: http://purl.org/dc/dcmitype/Text | AH6: dialnet.unirioja.es | AL6: C:\Users\dell i7\Zotero\storage\CV7VZHYS\tesis.html
A7: GYY4JFC2 | B7: conferencePaper | C7: 2022 | D7: Gavira, Sonia Aguilar; Martín-Gutiérrez, Ángela; Gavira, Remedios Benítez | E7: La incidencia de la realidad aumentada en Educación infantil: un desafío docente | F7: La tecnología educativa como eje vertebrador de la innovación, 2022, ISBN 978-84-19023-79-7, págs. 185-198 | G7: 978-84-19023-79-7 | J7: https://dialnet.unirioja.es/servlet/articulo?codigo=8368619 | K7: Autorías: Sonia Aguilar Gavira, Ángela Martín-Gutiérrez, Remedios Benítez Gavira. Localización: La tecnología educativa como eje vertebrador de la innovación, 2022. Artículo de Libro en Dialnet. | L7: 2022 | M7: 44826.418 | N7: 44826.418 | O7: 44826.418 | P7: 185-198 | V7: La incidencia de la realidad aumentada en Educación infantil | AA7: Octaedro | AC7: spa | AH7: dialnet.unirioja.es | AJ7: Section: La tecnología educativa como eje vertebrador de la innovación | AL7: C:\Users\dell i7\Zotero\storage\G7WUAGGH\articulo.html
A8: 9YCQVLW2 | B8: book | C8: 2022 | D8: Rivas, Enrique Sánchez; Magaña, Ernesto Colomo; Palmero, Julio Ruiz; García, Melchor Gómez | E8: La tecnología educativa como eje vertebrador de la innovación | G8: 978-84-19023-79-7 | J8: https://dialnet.unirioja.es/servlet/libro?codigo=858498 | K8: Autorías: Enrique Sánchez Rivas, Ernesto Colomo Magaña, Julio Ruiz Palmero, Melchor Gómez García. Editor: Octaedro. Año de publicación: 2022. Libro en Dialnet. | L8: 2022 | M8: 44826.418 | N8: 44826.418 | O8: 44826.418 | AA8: Octaedro | AC8: spa | AH8: dialnet.unirioja.es | AL8: C:\Users\dell i7\Zotero\storage\E579H66N\libro.html
A9: SJGBSFQH | B9: conferencePaper | C9: 2016 | D9: Martínez, Amaia Aguirregoitia; Benito, Jorge R. López; López, Iñigo Allende; González, Enara Artetxe | E9: Leihoa: Una ventana a la realidad aumentada en Educación Infantil | F9: XVIII Simposio Internacional de Informática Educativa, SIIE 2016, 2016, ISBN 978-84-9012-630-1, págs. 283-288 | G9: 978-84-9012-630-1 | J9: https://dialnet.unirioja.es/servlet/articulo?codigo=7522987 | K9: Autorías: Amaia Aguirregoitia Martínez, Jorge R. López Benito, Iñigo Allende López, Enara Artetxe González. Localización: XVIII Simposio Internacional de Informática Educativa, SIIE 2016, 2016. Artículo de Libro en Dialnet. | L9: 2016 | M9: 44826.418 | N9: 44826.418 | O9: 44826.418 | P9: 283-288 | V9: Leihoa | AA9: Ediciones Universidad de Salamanca | AC9: spa | AH9: dialnet.unirioja.es | AJ9: Section: XVIII Simposio Internacional de Informática Educativa, SIIE 2016 | AL9: C:\Users\dell i7\Zotero\storage\GH57GXK3\articulo.html
A10: 7H6XQEH7 | B10: book | C10: 2016 | D10: Peñalvo, Francisco José García; Mendes, António José | E10: XVIII Simposio Internacional de Informática Educativa, SIIE 2016 | G10: 978-84-9012-630-1 | J10: https://dialnet.unirioja.es/servlet/libro?codigo=770834 | K10: Autorías: Francisco José García Peñalvo, António José Mendes. Editor: Ediciones Universidad de Salamanca. Año de publicación: 2016. Libro en Dialnet. | L10: 2016 | M10: 44826.418 | N10: 44826.418 | O10: 44826.418 | AA10: Ediciones Universidad de Salamanca | AC10: spa | AH10: dialnet.unirioja.es | AL10: C:\Users\dell i7\Zotero\storage\J5375RXB\libro.html
A11: KMEGSTI6 | B11: conferencePaper | C11: 2014 | D11: Machado, Eduardo Rodríguez; Río, Emilio J. Veiga | E11: La realidad aumentada en la Educación Infantil: propuestas de actividades en psicomotricidad | F11: Innovando a través de proyectos: organización, liderazgo y compromiso, 2014, ISBN 978-84-16046-37-9, págs. 214-219 | G11: 978-84-16046-37-9 | J11: https://dialnet.unirioja.es/servlet/articulo?codigo=6378930 | K11: Autorías: Eduardo Rodríguez Machado, Emilio J. Veiga Río. Localización: Innovando a través de proyectos: organización, liderazgo y compromiso, 2014. Artículo de Libro en Dialnet. | L11: 2014 | M11: 44826.418 | N11: 44826.418 | O11: 44826.418 | P11: 214-219 | V11: La realidad aumentada en la Educación Infantil | AC11: spa | AH11: dialnet.unirioja.es | AJ11: Section: Innovando a través de proyectos: organización, liderazgo y compromiso | AL11: C:\Users\dell i7\Zotero\storage\EFNVQ2KM\articulo.html
A12: TAZHEN2N | B12: book | C12: 2014 | D12: Arregui, Emilio Álvarez; Martín, Alejandro Rodríguez | E12: Innovando a través de proyectos: organización, liderazgo y compromiso | G12: 978-84-16046-37-9 | J12: https://dialnet.unirioja.es/servlet/libro?codigo=703452 | K12: Autorías: Emilio Álvarez Arregui, Alejandro Rodríguez Martín. Año de publicación: 2014. Libro en Dialnet. | L12: 2014 | M12: 44826.418 | N12: 44826.418 | O12: 44826.418 | V12: Innovando a través de proyectos | AC12: spa | AH12: dialnet.unirioja.es | AL12: C:\Users\dell i7\Zotero\storage\MMN6H9WJ\libro.html
A13: SQUJD65T | B13: conferencePaper | C13: 2018 | D13: Piñeiro, María del Rosario Neira; Coto, Inés Fombella; Pérez, María Esther del Moral | E13: Álbum ilustrado y realidad aumentada: Expandiendo la experiencia lectora en educación infantil | F13: EDUcación con TECnología: un compromiso social. Aproximaciones desde la investigación y la innovación, 2018, ISBN 978-84-9144-126-7, págs. 882-887 | G13: 978-84-9144-126-7 | J13: https://dialnet.unirioja.es/servlet/articulo?codigo=8278619 | K13: Autorías: María del Rosario Neira Piñeiro, Inés Fombella Coto, María Esther del Moral Pérez. Localización: EDUcación con TECnología: un compromiso social. Aproximaciones desde la investigación y la innovación, 2018. Artículo de Libro en Dialnet. | L13: 2018 | M13: 44826.418 | N13: 44826.418 | O13: 44826.418 | P13: 882-887 | V13: Álbum ilustrado y realidad aumentada | AA13: Edicions de la Universitat de Lleida | AC13: spa | AH13: dialnet.unirioja.es | AJ13: Section: EDUcación con TECnología: un compromiso social. Aproximaciones desde la investigación y la innovación | AL13: C:\Users\dell i7\Zotero\storage\EU37ZRTD\articulo.html
A14: XWSIVNRU | B14: book | C14: 2018 | D14: Farran, Francesc Xavier Carrera; Sánchez, Francisco Martínez; Rodríguez, Jordi Lluís Coiduras; Baiges, Enric Brescó; Tió, Eduard Vaquero | E14: EDUcación con TECnología: un compromiso social. Aproximaciones desde la investigación y la innovación | G14: 978-84-9144-126-7 | J14: https://dialnet.unirioja.es/servlet/libro?codigo=745930 | K14: Autorías: Francesc Xavier Carrera Farran, Francisco Martínez Sánchez, Jordi Lluís Coiduras Rodríguez, Enric Brescó Baiges, Eduard Vaquero Tió. Editor: Edicions de la Universitat de Lleida. Año de publicación: 2018. Libro en Dialnet. | L14: 2018 | M14: 44826.418 | N14: 44826.418 | O14: 44826.418 | V14: EDUcación con TECnología | AA14: Edicions de la Universitat de Lleida | AC14: spa | AH14: dialnet.unirioja.es | AL14: C:\Users\dell i7\Zotero\storage\EX3KJA4E\libro.html
A15: 39BUFESD | B15: conferencePaper | C15: 2019 | D15: Belmonte, Jesús López; Guerrero, Antonio José Moreno; Rodríguez, José María Romero; García, Gerardo Gómez | E15: Nuevos entornos de aprendizaje en cooperativas de enseñanza: El uso de la realidad aumentada en Educación Infantil | F15: Edunovatic 2018. Conference Proceedings: 3rd Virtual International Conference on Education, Innovation and ICT. 17-19 December, 2018, 2019, ISBN 978-94-92805-08-9, pág. 214 | G15: 978-94-92805-08-9 | J15: https://dialnet.unirioja.es/servlet/articulo?codigo=7359953 | K15: Autorías: Jesús López Belmonte, Antonio José Moreno Guerrero, José María Romero Rodríguez, Gerardo Gómez García. Localización: Edunovatic 2018. Conference Proceedings: 3rd Virtual International Conference on Education, Innovation and ICT. 17-19 December, 2018, 2019. Artículo de Libro en Dialnet. | L15: 2019 | M15: 44826.418 | N15: 44826.418 | O15: 44826.419 | P15: 214 | V15: Nuevos entornos de aprendizaje en cooperativas de enseñanza | AA15: Adaya Press | AC15: spa | AH15: dialnet.unirioja.es | AJ15: Section: Edunovatic 2018. Conference Proceedings: 3rd Virtual International Conference on Education, Innovation and ICT. 17-19 December, 2018 | AL15: C:\Users\dell i7\Zotero\storage\I7K2LAKW\articulo.html
A16: M8SKZHQQ | B16: book | C16: 2019 | E16: Edunovatic 2018. Conference Proceedings: 3rd Virtual International Conference on Education, Innovation and ICT. 17-19 December, 2018 | G16: 978-94-92805-08-9 | J16: https://dialnet.unirioja.es/servlet/libro?codigo=763725 | K16: Editores: Adaya Press : REDINE (Red de Investigación e Innovación Educativa). Año de publicación: 2019. Libro en Dialnet. | L16: 2019 | M16: 44826.418 | N16: 44826.418 | O16: 44826.419 | V16: Edunovatic 2018. Conference Proceedings | AA16: Adaya Press | AC16: eng | AH16: dialnet.unirioja.es | AL16: C:\Users\dell i7\Zotero\storage\JJQ5MG2K\libro.html
A17: V7SSEKX8 | B17: conferencePaper | C17: 2020 | D17: Garrido, Diego Calderón; Clares, Francisca Núñez | E17: Diseño de una propuesta didáctica basada en la robótica educativa y la realidad aumentada en educación infantil | F17: La tecnología como eje del cambio metodológico, 2020, ISBN 978-84-1335-052-3, págs. 1731-1733 | G17: 978-84-13-35052-3 | J17: https://dialnet.unirioja.es/servlet/articulo?codigo=7832937 | K17: Autorías: Diego Calderón Garrido, Francisca Núñez Clares. Localización: La tecnología como eje del cambio metodológico, 2020. Artículo de Libro en Dialnet. | L17: 2020 | M17: 44826.418 | N17: 44826.418 | O17: 44826.419 | P17: 1731-1733 | AA17: UMA Editorial | AC17: spa | AH17: dialnet.unirioja.es | AJ17: Section: La tecnología como eje del cambio metodológico | AL17: C:\Users\dell i7\Zotero\storage\5G6CFSXF\articulo.html
A18: ALFWAWYM | B18: book | C18: 2020 | D18: Magaña, Ernesto Colomo; Rivas, Enrique Sánchez; Palmero, Julio Ruiz; Rodríguez, José Sánchez | E18: La tecnología como eje del cambio metodológico | G18: 978-84-13-35052-3 | J18: https://dialnet.unirioja.es/servlet/libro?codigo=790613 | K18: Autorías: Ernesto Colomo Magaña, Enrique Sánchez Rivas, Julio Ruiz Palmero, José Sánchez Rodríguez. Editor: UMA Editorial. Año de publicación: 2020. Libro en Dialnet. | L18: 2020 | M18: 44826.418 | N18: 44826.418 | O18: 44826.419 | AA18: UMA Editorial | AC18: spa | AH18: dialnet.unirioja.es | AL18: C:\Users\dell i7\Zotero\storage\WDMHX73S\libro.html
A19: NIQABMAD | B19: journalArticle | C19: 2019 | D19: Vila, Rosabel Roig; Lledó, Alejandro Lorenzo; Andrés, Santiago Mengual | E19: Utilidad percibida de la realidad aumentada como recurso didáctico en Educación Infantil | F19: Campus Virtuales | H19: 2255-1514 | J19: https://dialnet.unirioja.es/servlet/articulo?codigo=6886799 | K19: Autorías: Rosabel Roig Vila, Alejandro Lorenzo Lledó, Santiago Mengual Andrés. Localización: Campus Virtuales. Nº. 1, 2019. Artículo de Revista en Dialnet. | L19: 2019 | M19: 44826.418 | N19: 44826.418 | O19: 44826.419 | P19: 19-35 | R19: 1 (Marzo/March) | S19: 8 | AC19: spa | AH19: dialnet.unirioja.es | AJ19: Publisher: Campus Virtuales Section: Campus Virtuales | AL19: C:\Users\dell i7\Zotero\storage\ESXSFSCS\Vila et al. - 2019 - Utilidad percibida de la realidad aumentada como r.pdf; C:\Users\dell i7\Zotero\storage\3NLC87JX\articulo.html
A20: DAAICJ2K | B20: journalArticle | C20: 2021 | D20: Fuentes, Elena Moreno; Navarrete, José Hidalgo; Bolós, Consuelo Burgos; Paz, Soledad de la Blanca de la | E20: Aprendizaje integrado y colaborativo de ciencias a través de las realidad aumentada en educación infantil | F20: Etic@net: Revista científica electrónica de Educación y Comunicación en la Sociedad del Conocimiento | H20: 1695-324X | J20: https://dialnet.unirioja.es/servlet/articulo?codigo=8039067 | K20: Autorías: Elena Moreno Fuentes, José Hidalgo Navarrete, Consuelo Burgos Bolós, Soledad de la Blanca de la Paz. Localización: Etic@net: Revista científica electrónica de Educación y Comunicación en la Sociedad del Conocimiento. Nº. 1, 2021. Artículo de Revista en Dialnet. | L20: 2021 | M20: 44826.421 | N20: 44826.421 | O20: 44826.421 | P20: 214-229 | R20: 1 | S20: 21 | AC20: spa | AH20: dialnet.unirioja.es | AJ20: Publisher: Universidad de Granada Section: Etic@net: Revista científica electrónica de Educación y Comunicación en la Sociedad del Conocimiento | AL20: C:\Users\dell i7\Zotero\storage\KDN4BB66\Fuentes et al. - 2021 - Aprendizaje integrado y colaborativo de ciencias a.pdf; C:\Users\dell i7\Zotero\storage\ADMU4VSJ\articulo.html
A21: B6TWB72R | B21: journalArticle | C21: 2021 | D21: García, María Cristina Moral; Fuentes, Elena Moreno | E21: Robótica, realidad aumentada y TAC como herramientas clave en la metodología CLIL en Educación Infantil | F21: Márgenes: Revista de Educación de la Universidad de Málaga | H21: 2695-2769 | J21: https://dialnet.unirioja.es/servlet/articulo?codigo=8049661 | K21: Autorías: María Cristina Moral García, Elena Moreno Fuentes. Localización: Márgenes: Revista de Educación de la Universidad de Málaga. Nº. 2, 2021. Artículo de Revista en Dialnet. | L21: 2021 | M21: 44826.421 | N21: 44826.421 | O21: 44826.421 | P21: 116-129 | R21: 2 | S21: 2 | AC21: spa | AH21: dialnet.unirioja.es | AJ21: Publisher: Universidad de Málaga (UMA) Section: Márgenes: Revista de Educación de la Universidad de Málaga | AL21: C:\Users\dell i7\Zotero\storage\D7HIN66Q\García y Fuentes - 2021 - Robótica, realidad aumentada y TAC como herramient.pdf; C:\Users\dell i7\Zotero\storage\MH2QW4R6\articulo.html
A22: VIEFVDQA | B22: conferencePaper | C22: 2016 | D22: Gil, Blanca Mirete | E22: La realidad aumentada y los códigos QR en educación infantil: un estudio de caso | F22: Propuestas de intervención en Educación Infantil, 2016, ISBN 978-84-61785-16-2, págs. 1-24 | G22: 978-84-617-8516-2 | J22: https://dialnet.unirioja.es/servlet/articulo?codigo=8304115 | K22: Autoría: Blanca Mirete Gil. Localización: Propuestas de intervención en Educación Infantil, 2016. Artículo de Libro en Dialnet. | L22: 2016 | M22: 44826.421 | N22: 44826.421 | O22: 44826.421 | P22: 44585 | V22: La realidad aumentada y los códigos QR en educación infantil | AA22: Servicio de Publicaciones | AC22: spa | AH22: dialnet.unirioja.es | AJ22: Section: Propuestas de intervención en Educación Infantil | AL22: C:\Users\dell i7\Zotero\storage\IH2A3B9M\articulo.html
A23: V6Q4BJET | B23: book | C23: 2016 | D23: Ruiz, Ana Belén Mirete; Allah, Mohamed Chamseddine Habib; Cantero, Mari Carmen Hernández | E23: Propuestas de intervención en Educación Infantil | G23: 978-84-617-8516-2 | J23: https://dialnet.unirioja.es/servlet/libro?codigo=855328 | K23: Autorías: Ana Belén Mirete Ruiz, Mohamed Chamseddine Habib Allah, Mari Carmen Hernández Cantero. Editor: Servicio de Publicaciones. Año de publicación: 2016. Libro en Dialnet. | L23: 2016 | M23: 44826.421 | N23: 44826.421 | O23: 44826.421 | AA23: Servicio de Publicaciones | AC23: spa | AH23: dialnet.unirioja.es | AL23: C:\Users\dell i7\Zotero\storage\XJLU7IFJ\libro.html
A24: LB6RJTFD | B24: conferencePaper | C24: 2017 | D24: Martínez, Amaia Aguirregoitia; Benito, Jorge R. López; González, Enara Artetxe; Ajuria, Estibaliz Bilbao | E24: Una experiencia de aplicación de Realidad Aumentada para el Aprendizaje del Inglés en Educación Infantil | F24: Atas do XIX Simpósio Internacional de Informática Educativa e VIII Encontro do CIED: III Encontro Internacional, 2017, ISBN 978-989-95733-9-0, págs. 194-199 | G24: 978-989-95733-9-0 | J24: https://dialnet.unirioja.es/servlet/articulo?codigo=7242146 | K24: Autorías: Amaia Aguirregoitia Martínez, Jorge R. López Benito, Enara Artetxe González, Estibaliz Bilbao Ajuria. Localización: Atas do XIX Simpósio Internacional de Informática Educativa e VIII Encontro do CIED: III Encontro Internacional, 2017. Artículo de Libro en Dialnet. | L24: 2017 | M24: 44826.421 | N24: 44826.421 | O24: 44826.421 | P24: 194-199 | AA24: CIED - Centro Interdisciplinar de Estudos Educacionais | AC24: spa | AH24: dialnet.unirioja.es | AJ24: Section: Atas do XIX Simpósio Internacional de Informática Educativa e VIII Encontro do CIED: III Encontro Internacional | AL24: C:\Users\dell i7\Zotero\storage\GJXJSXBL\articulo.html
A25: 9L3FWII4 | B25: book | C25: 2017 | E25: Atas do XIX Simpósio Internacional de Informática Educativa e VIII Encontro do CIED: III Encontro Internacional | G25: 978-989-95733-9-0 | J25: https://dialnet.unirioja.es/servlet/libro?codigo=744256 | K25: Editor: CIED - Centro Interdisciplinar de Estudos Educacionais. Año de publicación: 2017. Libro en Dialnet. | L25: 2017 | M25: 44826.421 | N25: 44826.421 | O25: 44826.421 | V25: Atas do XIX Simpósio Internacional de Informática Educativa e VIII Encontro do CIED | AA25: CIED - Centro Interdisciplinar de Estudos Educacionais | AC25: por | AH25: dialnet.unirioja.es | AL25: C:\Users\dell i7\Zotero\storage\VFL5PVIL\libro.html
A26: EG9YYZDM | B26: conferencePaper | C26: 2017 | D26: Martínez, Lourdes Villalustre; Pérez, María Esther del Moral; Vázquez, Mónica Herrero | E26: Aprendiendo y Enseñando Ciencias Naturales con Realidad Aumentada en aulas de Educación Infantil y Primaria | F26: Investigación, innovación y tecnologías: la triada para transformar los procesos formativos, 2017, págs. 233-241 | J26: https://dialnet.unirioja.es/servlet/articulo?codigo=7737453 | K26: Autorías: Lourdes Villalustre Martínez, María Esther del Moral Pérez, Mónica Herrero Vázquez. Localización: Investigación, innovación y tecnologías: la triada para transformar los procesos formativos, 2017. Artículo de Libro en Dialnet. | L26: 2017 | M26: 44826.421 | N26: 44826.421 | O26: 44826.421 | P26: 233-241 | AA26: Universidad de Santiago de Chile (USACH) | AC26: spa | AH26: dialnet.unirioja.es | AJ26: Section: Investigación, innovación y tecnologías: la triada para transformar los procesos formativos | AL26: C:\Users\dell i7\Zotero\storage\HDXTM56X\articulo.html
A27: QIEQ8G6Q | B27: book | C27: 2017 | D27: Quiroz, Juan Eusebio Silva | E27: Investigación, innovación y tecnologías: la triada para transformar los procesos formativos | J27: https://dialnet.unirioja.es/servlet/libro?codigo=784236 | K27: Autoría: Juan Eusebio Silva Quiroz. Editor: Universidad de Santiago de Chile (USACH). Año de publicación: 2017. Libro en Dialnet. | L27: 2017 | M27: 44826.421 | N27: 44826.421 | O27: 44826.421 | V27: Investigación, innovación y tecnologías | AA27: Universidad de Santiago de Chile (USACH) | AC27: spa | AH27: dialnet.unirioja.es | AL27: C:\Users\dell i7\Zotero\storage\6ETERMGS\libro.html
A28: 4DSQEK8S | B28: conferencePaper | C28: 2020 | D28: Ferrandini, Griselda | E28: La narrativa digital y la realidad aumentada como estrategias educativas en Educación Infantil | F28: Conference proceedings CIVINEDU 2020: 4th International Virtual Conference on Educational Research and Innovation September 23-24, 2020, 2020, ISBN 978-84-09-22966-6, págs. 658-659 | G28: 978-84-09-22966-6 | J28: https://dialnet.unirioja.es/servlet/articulo?codigo=7859265 | K28: Autoría: Griselda Ferrandini. Localización: Conference proceedings CIVINEDU 2020: 4th International Virtual Conference on Educational Research and Innovation September 23-24, 2020, 2020. Artículo de Libro en Dialnet. | L28: 2020 | M28: 44826.421 | N28: 44826.421 | O28: 44826.421 | P28: 658-659 | AA28: REDINE (Red de Investigación e Innovación Educativa) | AC28: spa | AH28: dialnet.unirioja.es | AJ28: Section: Conference proceedings CIVINEDU 2020: 4th International Virtual Conference on Educational Research and Innovation September 23-24, 2020 | AL28: C:\Users\dell i7\Zotero\storage\P5NBZR6S\articulo.html
A29: 9SHT49J6 | B29: book | C29: 2020 | E29: Conference proceedings CIVINEDU 2020: 4th International Virtual Conference on Educational Research and Innovation September 23-24, 2020 | G29: 978-84-09-22966-6 | J29: https://dialnet.unirioja.es/servlet/libro?codigo=779629 | K29: Editor: REDINE (Red de Investigación e Innovación Educativa). Año de publicación: 2020. Libro en Dialnet. | L29: 2020 | M29: 44826.421 | N29: 44826.421 | O29: 44826.421 | V29: Conference proceedings CIVINEDU 2020 | AA29: REDINE (Red de Investigación e Innovación Educativa) | AC29: spa | AH29: dialnet.unirioja.es | AL29: C:\Users\dell i7\Zotero\storage\J8CCI73Z\libro.html
A30: H9PLUH3E | B30: conferencePaper | C30: 2018 | D30: Villacé, Ibán de la Horra | E30: Creación de materiales con realidad aumentada | F30: La realidad aumentada como herramienta educativa: aplicación a la Educación Infantil, Primaria, Secundaria y Bachillerato, 2018, ISBN 978-84-283-4070-0, págs. 75-122 | G30: 978-84-283-4070-0 | J30: https://dialnet.unirioja.es/servlet/articulo?codigo=7794605 | K30: Autoría: Ibán de la Horra Villacé. Localización: La realidad aumentada como herramienta educativa: aplicación a la Educación Infantil, Primaria, Secundaria y Bachillerato, 2018. Artículo de Libro en Dialnet. | L30: 2018 | M30: 44826.421 | N30: 44826.421 | O30: 44826.421 | P30: 75-122 | AA30: Paraninfo | AC30: spa | AH30: dialnet.unirioja.es | AJ30: Section: La realidad aumentada como herramienta educativa: aplicación a la Educación Infantil, Primaria, Secundaria y Bachillerato | AL30: C:\Users\dell i7\Zotero\storage\5H8AIIR5\articulo.html
A31: LLV6V8GQ | B31: journalArticle | C31: 2021 | D31: Rebaque, Begoña Rivas; Barrio, Felipe Gértrudix; Barrio, Manuel Gértrudix | E31: Análisis sistemático sobre el uso de la Realidad Aumentada en Educación Infantil. | F31: Edutec: Revista electrónica de tecnología educativa | H31: 1135-9250 | J31: https://dialnet.unirioja.es/servlet/articulo?codigo=7993716 | K31: Autorías: Begoña Rivas Rebaque, Felipe Gértrudix Barrio, Manuel Gértrudix Barrio. Localización: Edutec: Revista electrónica de tecnología educativa. Nº. 76, 2021. Artículo de Revista en Dialnet. | L31: 2021 | M31: 44826.421 | N31: 44826.421 | O31: 44826.421 | P31: 53-73 | R31: 76 (Número especial) | AC31: spa | AH31: dialnet.unirioja.es | AJ31: Publisher: Edutec. Asociación para el Desarrollo de la Tecnología Educativa Section: Edutec: Revista electrónica de tecnología educativa | AL31: C:\Users\dell i7\Zotero\storage\HYIFYNUD\articulo.html
A32: UYB3GZKQ | B32: conferencePaper | C32: 2019 | D32: Herrero, Juan Francisco Álvarez | E32: Grado de aceptación de la Realidad Aumentada como complemento de la enseñanza de las ciencias por el futuro profesorado de Educación Infantil | F32: Investigación e innovación en la Enseñanza Superior: Nuevos contextos, nuevas ideas, 2019, ISBN 978-84-17667-23-8, págs. 1045-1052 | G32: 978-84-17667-23-8 | J32: https://dialnet.unirioja.es/servlet/articulo?codigo=7161735 | K32: Autoría: Juan Francisco Álvarez Herrero. Localización: Investigación e innovación en la Enseñanza Superior: Nuevos contextos, nuevas ideas, 2019. Artículo de Libro en Dialnet. | L32: 2019 | M32: 44826.421 | N32: 44826.421 | O32: 44826.421 | P32: 1045-1052 | AA32: Octaedro | AC32: spa | AH32: dialnet.unirioja.es | AJ32: Section: Investigación e innovación en la Enseñanza Superior: Nuevos contextos, nuevas ideas | AL32: C:\Users\dell i7\Zotero\storage\N574K9BU\articulo.html
A33: X7MX9W7L | B33: book | C33: 2019 | D33: Vila, Rosabel Roig | E33: Investigación e innovación en la Enseñanza Superior: Nuevos contextos, nuevas ideas | G33: 978-84-17667-23-8 | J33: https://dialnet.unirioja.es/servlet/libro?codigo=739906 | K33: Autoría: Rosabel Roig Vila. Editor: Octaedro. Año de publicación: 2019. Libro en Dialnet. | L33: 2019 | M33: 44826.421 | N33: 44826.421 | O33: 44826.421 | V33: Investigación e innovación en la Enseñanza Superior | AA33: Octaedro | AC33: spa | AH33: dialnet.unirioja.es | AL33: C:\Users\dell i7\Zotero\storage\X4TETZAT\libro.html
A34: T7U3FHE6 | B34: conferencePaper | C34: 2019 | D34: Pérez, María Esther del Moral; Piñeiro, María del Rosario Neira | E34: Augmented reality game-based Learning en Educación infantil: propuestas lúdicas con realidad aumentada partiendo de textos literarios | F34: Investigación e innovación en la Enseñanza Superior: Nuevos contextos, nuevas ideas, 2019, ISBN 978-84-17667-23-8, págs. 1096-1106 | G34: 978-84-17667-23-8 | J34: https://dialnet.unirioja.es/servlet/articulo?codigo=7161730 | K34: Autorías: María Esther del Moral Pérez, María del Rosario Neira Piñeiro. Localización: Investigación e innovación en la Enseñanza Superior: Nuevos contextos, nuevas ideas, 2019. Artículo de Libro en Dialnet. | L34: 2019 | M34: 44826.423 | N34: 44826.423 | O34: 44826.423 | P34: 1096-1106 | V34: Augmented reality game-based Learning en Educación infantil | AA34: Octaedro | AC34: spa | AH34: dialnet.unirioja.es | AJ34: Section: Investigación e innovación en la Enseñanza Superior: Nuevos contextos, nuevas ideas | AL34: C:\Users\dell i7\Zotero\storage\M6H88LWN\articulo.html
A35: SV4URX7J | B35: journalArticle | C35: 2018 | D35: Díaz, Verónica Marín; Asencio, Victoria Paula Muñoz | E35: Trabajar el cuerpo humano con realidad aumentada en educación infantil | F35: Revista Tecnología, Ciencia y Educación | H35: 2444-250X, 2444-2887 | J35: https://dialnet.unirioja.es/servlet/articulo?codigo=6247301 | K35: Autorías: Verónica Marín Díaz, Victoria Paula Muñoz Asencio. Localización: Revista Tecnología, Ciencia y Educación. Nº. 9, 2018. Artículo de Revista en Dialnet. | L35: 2018 | M35: 44826.423 | N35: 44826.423 | O35: 44826.423 | P35: 148-158 | R35: 9 | AC35: spa | AH35: dialnet.unirioja.es | AJ35: Publisher: Centro de Estudios Financieros - CEF Section: Revista Tecnología, Ciencia y Educación | AL35: C:\Users\dell i7\Zotero\storage\BTKFZC5Y\Díaz y Asencio - 2018 - Trabajar el cuerpo humano con realidad aumentada e.pdf; C:\Users\dell i7\Zotero\storage\AIF9VCSN\articulo.html
A36: 368F96ZV | B36: conferencePaper | C36: 2016 | D36: Martínez, Lourdes Villalustre; Pérez, María Esther del Moral | E36: Itinerarios interactivos con geolocalización y realidad aumentada para un aprendizaje ubicuo en la formación inicial de docentes de Educación Infantil | F36: Experiencias interactivas con realidad aumentada en las aulas, 2016, ISBN 978-84-9921-867-0, págs. 81-100 | G36: 978-84-9921-867-0 | J36: https://dialnet.unirioja.es/servlet/articulo?codigo=5838598 | K36: Autorías: Lourdes Villalustre Martínez, María Esther del Moral Pérez. Localización: Experiencias interactivas con realidad aumentada en las aulas, 2016. Artículo de Libro en Dialnet. | L36: 2016 | M36: 44826.423 | N36: 44826.423 | O36: 44826.423 | P36: 81-100 | AA36: Octaedro | AC36: spa | AH36: dialnet.unirioja.es | AJ36: Section: Experiencias interactivas con realidad aumentada en las aulas | AL36: C:\Users\dell i7\Zotero\storage\YEXGUJN3\articulo.html
A37: EMF2GPRB | B37: book | C37: 2016 | D37: Martínez, Lourdes Villalustre; Pérez, María Esther del Moral | E37: Experiencias interactivas con realidad aumentada en las aulas | G37: 978-84-9921-867-0 | J37: https://dialnet.unirioja.es/servlet/libro?codigo=677534 | K37: Autorías: Lourdes Villalustre Martínez, María Esther del Moral Pérez. Editor: Octaedro. Año de publicación: 2016. Libro en Dialnet. | L37: 2016 | M37: 44826.423 | N37: 44826.423 | O37: 44826.423 | AA37: Octaedro | AC37: spa | AH37: dialnet.unirioja.es | AL37: C:\Users\dell i7\Zotero\storage\CSNXU9Q7\libro.html
A38: YL9H6GBN | B38: conferencePaper | C38: 2018 | D38: Bolado, Javier Sánchez | E38: La realidad aumentada como nuevo ecosistema de aprendizaje | F38: La realidad aumentada como herramienta educativa: aplicación a la Educación Infantil, Primaria, Secundaria y Bachillerato, 2018, ISBN 978-84-283-4070-0, págs. 21-30 | G38: 978-84-283-4070-0 | J38: https://dialnet.unirioja.es/servlet/articulo?codigo=7794603 | K38: Autoría: Javier Sánchez Bolado. Localización: La realidad aumentada como herramienta educativa: aplicación a la Educación Infantil, Primaria, Secundaria y Bachillerato, 2018. Artículo de Libro en Dialnet. | L38: 2018 | M38: 44826.423 | N38: 44826.423 | O38: 44826.423 | P38: 21-30 | AA38: Paraninfo | AC38: spa | AH38: dialnet.unirioja.es | AJ38: Section: La realidad aumentada como herramienta educativa: aplicación a la Educación Infantil, Primaria, Secundaria y Bachillerato | AL38: C:\Users\dell i7\Zotero\storage\RKYX266W\articulo.html
A39: 4JP2NYG2 | B39: conferencePaper | C39: 2018 | D39: Almenara, Julio Cabero | E39: La realidad aumentada, una tecnología emergente en la educación | F39: La realidad aumentada como herramienta educativa: aplicación a la Educación Infantil, Primaria, Secundaria y Bachillerato, 2018, ISBN 978-84-283-4070-0, págs. 3-20 | G39: 978-84-283-4070-0 | J39: https://dialnet.unirioja.es/servlet/articulo?codigo=7794604 | K39: Autoría: Julio Cabero Almenara. Localización: La realidad aumentada como herramienta educativa: aplicación a la Educación Infantil, Primaria, Secundaria y Bachillerato, 2018. Artículo de Libro en Dialnet. | L39: 2018 | M39: 44826.423 | N39: 44826.423 | O39: 44826.423 | P39: 44640 | AA39: Paraninfo | AC39: spa | AH39: dialnet.unirioja.es | AJ39: Section: La realidad aumentada como herramienta educativa: aplicación a la Educación Infantil, Primaria, Secundaria y Bachillerato | AL39: C:\Users\dell i7\Zotero\storage\D7KKN3BX\articulo.html
A40: PI5CUVTQ | B40: conferencePaper | C40: 2018 | D40: Pérez, Sandra Martínez; Robles, Bárbara Fernández; Cabrerizo, Rocío Alejandra Funes | E40: Diseño de objetos de Realidad Aumentada: Experiencia con el alumnado de Educación | F40: Edunovatic 2017. Conference proceedings: 2nd Virtual International Conference on Education, Innovation and ICT. 12 - 14 December, 2017, 2018, ISBN 978-94-92805-02-7, págs. 182-186 | G40: 978-94-92805-02-7 | J40: https://dialnet.unirioja.es/servlet/articulo?codigo=7013428 | K40: Autorías: Sandra Martínez Pérez, Bárbara Fernández Robles, Rocío Alejandra Funes Cabrerizo. Localización: Edunovatic 2017. Conference proceedings: 2nd Virtual International Conference on Education, Innovation and ICT. 12 - 14 December, 2017, 2018. Artículo de Libro en Dialnet. | L40: 2018 | M40: 44826.423 | N40: 44826.423 | O40: 44826.423 | P40: 182-186 | V40: Diseño de objetos de Realidad Aumentada | AA40: Adaya Press | AC40: spa | AH40: dialnet.unirioja.es | AJ40: Section: Edunovatic 2017. Conference proceedings: 2nd Virtual International Conference on Education, Innovation and ICT. 12 - 14 December, 2017 | AL40: C:\Users\dell i7\Zotero\storage\US48JGSB\articulo.html
A41: I5KZKL63 | B41: book | C41: 2018 | D41: Calafi, Alfredo Pina; Soler, Marta; Osório, Antonio José Meneses; Torre, Consuelo García de la; Pedreira, Mari Carmen Caldeiro; Sepúlveda, Pilar Uribe; Castillo, Cesar Martín Agurto; Costa, Roberta Dall Agnese da | E41: Edunovatic 2017. Conference proceedings: 2nd Virtual International Conference on Education, Innovation and ICT. 12 - 14 December, 2017 | G41: 978-94-92805-02-7 | J41: https://dialnet.unirioja.es/servlet/libro?codigo=734785 | K41: Autorías: Alfredo Pina Calafi, Marta Soler, Antonio José Meneses Osório, Consuelo García de la Torre, Mari Carmen Caldeiro Pedreira, Pilar Uribe Sepúlveda, Cesar Martín Agurto Castillo, Roberta Dall Agnese da Costa. Editor: Adaya Press. Año de publicación: 2018. Libro en Dialnet. | L41: 2018 | M41: 44826.423 | N41: 44826.423 | O41: 44826.423 | V41: Edunovatic 2017. Conference proceedings | AA41: Adaya Press | AC41: eng | AH41: dialnet.unirioja.es | AL41: C:\Users\dell i7\Zotero\storage\MSBEWG96\Calafi et al. - 2018 - Edunovatic 2017. Conference proceedings 2nd Virtu.pdf
A42: R9IFGXJ4 | B42: conferencePaper | C42: 2016 | D42: Paz, Soledad de la Blanca de la; López, Joaquina Chicharro; Fuentes, Elena Moreno | E42: Realidad aumentada y proyectos de trabajo: Un maridaje con proyección | F42: Congreso Internacional de Innovación y Tecnología Educativa en Educación Infantil, 2016, 13 págs. | J42: https://dialnet.unirioja.es/servlet/articulo?codigo=6030585 | K42: Autorías: Soledad de la Blanca de la Paz, Joaquina Chicharro López, Elena Moreno Fuentes. Localización: Congreso Internacional de Innovación y Tecnología Educativa en Educación Infantil, 2016. Artículo de Libro en Dialnet. | L42: 2016 | M42: 44826.423 | N42: 44826.423 | O42: 44826.423 | P42: 44574 | V42: Realidad aumentada y proyectos de trabajo | AC42: spa | AH42: dialnet.unirioja.es | AJ42: Section: Congreso Internacional de Innovación y Tecnología Educativa en Educación Infantil
A43: GGVTKC7E | B43: book | C43: 2016 | D43: Tena, Rosalía Romero | E43: Congreso Internacional de Innovación y Tecnología Educativa en Educación Infantil | J43: https://dialnet.unirioja.es/servlet/libro?codigo=692599 | K43: Autoría: Rosalía Romero Tena. Año de publicación: 2016. Libro en Dialnet. | L43: 2016 | M43: 44826.423 | N43: 44826.423 | O43: 44826.423 | AC43: spa | AH43: dialnet.unirioja.es
A44: SX4PWNEL | B44: conferencePaper | C44: 2020 | D44: Otero, Lorena Casal; Hidalgo, Manuel Serrano | E44: Escenarios inmersivos con realidad aumentada para la robótica educativa | F44: La tecnología como eje del cambio metodológico, 2020, ISBN 978-84-1335-052-3, págs. 1712-1715 | G44: 978-84-13-35052-3 | J44: https://dialnet.unirioja.es/servlet/articulo?codigo=7832942 | K44: Autorías: Lorena Casal Otero, Manuel Serrano Hidalgo. Localización: La tecnología como eje del cambio metodológico, 2020. Artículo de Libro en Dialnet. | L44: 2020 | M44: 44826.423 | N44: 44826.423 | O44: 44826.423 | P44: 1712-1715 | AA44: UMA Editorial | AC44: spa | AH44: dialnet.unirioja.es | AJ44: Section: La tecnología como eje del cambio metodológico
A45: BLT372WY | B45: thesis | C45: 2014 | D45: Garnica, Jorge Jonathan Cadeñanes | E45: Realidad aumentada en libros digitales educativos y juegos interactivos | J45: https://dialnet.unirioja.es/servlet/tesis?codigo=91500 | K45: Autoría: Jorge Jonathan Cadeñanes Garnica. Dirección de la Tesis: María Angélica González Arrieta. Lectura: Universidad de Salamanca en 2014. Tesis doctoral en Dialnet. | L45: 2014 | M45: 44826.423 | N45: 44826.423 | O45: 44826.423 | AA45: Universidad de Salamanca | AC45: es | AE45: http://purl.org/dc/dcmitype/Text | AH45: dialnet.unirioja.es
A46: 4JT96TNT | B46: conferencePaper | C46: 2018 | D46: Vila, Rosabel Roig; Herrero, Juan Francisco Álvarez; Lueg, Carolina Flores; Valero, María de la Cruz García; Sempere, María Leal; Carreres, Asunción Lledó; Meneses, Eloy López; Lledó, Alejandro Lorenzo; Andrés, Santiago Mengual; Cano, Esteban Vázquez; Camús, Àngel Vilaplana; Alberola-Robles, Cristina | E46: Enseñar y aprender en Aulas Digitales a través de la Realidad Aumentada | F46: Memorias del Programa de Redes-I3CE de calidad, innovación e investigación en docencia universitaria: Convocatoria 2017-18, 2018, ISBN 978-84-09-07041-1, págs. 2685-2693 | G46: 978-84-09-07041-1 | J46: https://dialnet.unirioja.es/servlet/articulo?codigo=6902987 | K46: Autorías: Rosabel Roig Vila, Juan Francisco Álvarez Herrero, Carolina Flores Lueg, María de la Cruz García Valero, María Leal Sempere, Asunción Lledó Carreres, Eloy López Meneses, Alejandro Lorenzo Lledó, Santiago Mengual Andrés, Esteban Vázquez Cano, Àngel Vilaplana Camús, Cristina Alberola-Robles. Localización: Memorias del Programa de Redes-I3CE de calidad, innovación e investigación en docencia universitaria: Convocatoria 2017-18, 2018. Artículo de Libro en Dialnet. | L46: 2018 | M46: 44826.423 | N46: 44826.423 | O46: 44826.423 | P46: 2685-2693 | AA46: Instituto de Ciencias de la Educación | AC46: spa | AH46: dialnet.unirioja.es | AJ46: Section: Memorias del Programa de Redes-I3CE de calidad, innovación e investigación en docencia universitaria: Convocatoria 2017-18
A47: MD3KTWL8 | B47: book | C47: 2018 | D47: Vila, Rosabel Roig | E47: Memorias del Programa de Redes-I3CE de calidad, innovación e investigación en docencia universitaria: Convocatoria 2017-18 | G47: 978-84-09-07041-1 | J47: https://dialnet.unirioja.es/servlet/libro?codigo=731113 | K47: Autoría: Rosabel Roig Vila. Editor: Instituto de Ciencias de la Educación. Año de publicación: 2018. Libro en Dialnet. | L47: 2018 | M47: 44826.423 | N47: 44826.423 | O47: 44826.423 | V47: Memorias del Programa de Redes-I3CE de calidad, innovación e investigación en docencia universitaria | AA47: Instituto de Ciencias de la Educación | AC47: spa | AH47: dialnet.unirioja.es
A48: 8YXCBKXF | B48: conferencePaper | C48: 2018 | D48: Jordà, Marta Galinsoga | E48: Una experiencia con realidad aumentada en Español como lengua extrajera | F48: La realidad aumentada como herramienta educativa: aplicación a la Educación Infantil, Primaria, Secundaria y Bachillerato, 2018, ISBN 978-84-283-4070-0, págs. 181-198 | G48: 978-84-283-4070-0 | J48: https://dialnet.unirioja.es/servlet/articulo?codigo=7794610 | K48: Autoría: Marta Galinsoga Jordà. Localización: La realidad aumentada como herramienta educativa: aplicación a la Educación Infantil, Primaria, Secundaria y Bachillerato, 2018. Artículo de Libro en Dialnet. | L48: 2018 | M48: 44826.424 | N48: 44826.424 | O48: 44826.424 | P48: 181-198 | AA48: Paraninfo | AC48: spa | AH48: dialnet.unirioja.es | AJ48: Section: La realidad aumentada como herramienta educativa: aplicación a la Educación Infantil, Primaria, Secundaria y Bachillerato | AL48: C:\Users\dell i7\Zotero\storage\7EBN49AI\articulo.html
A49: 4X3URHLI | B49: conferencePaper | C49: 2018 | D49: Villacé, Ibán de la Horra | E49: Realidad aumentada para el estudio de la geometría: proyecto AR-MAT | F49: La realidad aumentada como herramienta educativa: aplicación a la Educación Infantil, Primaria, Secundaria y Bachillerato, 2018, ISBN 978-84-283-4070-0, págs. 173-180 | G49: 978-84-283-4070-0 | J49: https://dialnet.unirioja.es/servlet/articulo?codigo=7794606 | K49: Autoría: Ibán de la Horra Villacé. Localización: La realidad aumentada como herramienta educativa: aplicación a la Educación Infantil, Primaria, Secundaria y Bachillerato, 2018. Artículo de Libro en Dialnet. | L49: 2018 | M49: 44826.424 | N49: 44826.424 | O49: 44826.424 | P49: 173-180 | V49: Realidad aumentada para el estudio de la geometría | AA49: Paraninfo | AC49: spa | AH49: dialnet.unirioja.es | AJ49: Section: La realidad aumentada como herramienta educativa: aplicación a la Educación Infantil, Primaria, Secundaria y Bachillerato | AL49: C:\Users\dell i7\Zotero\storage\YCEMB8SA\articulo.html
A50: 4BE3MF42 | B50: conferencePaper | C50: 2020 | D50: Belmonte, Jesús López; Sánchez, Santiago Pozo; Guerrero, Antonio José Moreno | E50: Retroinnovando los procesos de enseñanza y aprendizaje por medio de la realidad aumentada | F50: Tecnologías emergentes en educación infantil, 2020, ISBN 9788447222056, págs. 349-360 | G50: 978-84-472-2205-6 | J50: https://dialnet.unirioja.es/servlet/articulo?codigo=8562095 | K50: Autorías: Jesús López Belmonte, Santiago Pozo Sánchez, Antonio José Moreno Guerrero. Localización: Tecnologías emergentes en educación infantil, 2020. Artículo de Libro en Dialnet. | L50: 2020 | M50: 44826.424 | N50: 44826.424 | O50: 44826.424 | P50: 349-360 | AA50: Editorial Universidad de Sevilla | AC50: spa | AH50: dialnet.unirioja.es | AJ50: Section: Tecnologías emergentes en educación infantil | AL50: C:\Users\dell i7\Zotero\storage\I4RK6F92\articulo.html
A51: R7IFK89P | B51: book | C51: 2020 | D51: Tena, Rosalía Romero; Gutiérrez, María Puig; Castillo, Juan Jesús Gutiérrez | E51: Tecnologías emergentes en educación infantil | G51: 978-84-472-2205-6 | J51: https://dialnet.unirioja.es/servlet/libro?codigo=870174 | K51: Autorías: Rosalía Romero Tena, María Puig Gutiérrez, Juan Jesús Gutiérrez Castillo. Editor: Editorial Universidad de Sevilla. Año de publicación: 2020. Libro en Dialnet. | L51: 2020 | M51: 44826.424 | N51: 44826.424 | O51: 44826.424 | AA51: Editorial Universidad de Sevilla | AC51: spa | AH51: dialnet.unirioja.es | AL51: C:\Users\dell i7\Zotero\storage\VYNCUZZT\libro.html
A52: MEBC9HQA | B52: conferencePaper | C52: 2020 | D52: Díaz, Blanca Riesco | E52: Realidad aumentada en el aula de infantil: Recursos empleados | F52: Tecnologías emergentes en educación infantil, 2020, ISBN 9788447222056, págs. 315-340 | G52: 978-84-472-2205-6 | J52: https://dialnet.unirioja.es/servlet/articulo?codigo=8562097 | K52: Autoría: Blanca Riesco Díaz. Localización: Tecnologías emergentes en educación infantil, 2020. Artículo de Libro en Dialnet. | L52: 2020 | M52: 44826.424 | N52: 44826.424 | O52: 44826.424 | P52: 315-340 | V52: Realidad aumentada en el aula de infantil | AA52: Editorial Universidad de Sevilla | AC52: spa | AH52: dialnet.unirioja.es | AJ52: Section: Tecnologías emergentes en educación infantil
A53: VUSTLDI8 | B53: journalArticle | C53: 2020 | D53: Martínez, Lourdes Villalustre | E53: Propuesta metodológica para la integración didáctica de la realidad aumentada en Educación Infantil | F53: EDMETIC | H53: 2254-0059 | J53: https://dialnet.unirioja.es/servlet/articulo?codigo=7193073 | K53: Autoría: Lourdes Villalustre Martínez. Localización: EDMETIC. Nº. 1, 2020. Artículo de Revista en Dialnet. | L53: 2020 | M53: 44826.424 | N53: 44826.424 | O53: 44826.424 | P53: 170-187 | R53: 1 | S53: 9 | AC53: spa | AH53: dialnet.unirioja.es | AJ53: Publisher: Marín y Compañía Section: EDMETIC
A54: P68UMCVT | B54: journalArticle | C54: 2017 | D54: Díaz, Verónica Marín | E54: The augmented reality in the educational sphere of student of degree in chilhood education. Case Study | F54: Pixel-Bit: Revista de medios y educación | H54: 1133-8482 | J54: https://dialnet.unirioja.es/servlet/articulo?codigo=6054425 | K54: Autoría: Verónica Marín Díaz. Localización: Pixel-Bit: Revista de medios y educación. Nº. 51, 2017. Artículo de Revista en Dialnet. | L54: 2017 | M54: 44826.424 | N54: 44826.424 | O54: 44826.424 | P54: 44761 | R54: 51 | AC54: eng | AH54: dialnet.unirioja.es | AJ54: Publisher: Secretariado de Recursos Audiovisuales y Nuevas Tecnologías Section: Pixel-Bit: Revista de medios y educación
A55: LI9V2DFP | B55: conferencePaper | C55: 2019 | D55: Fernández, Belén García | E55: Pasaporte a otra realidad, una experiencia de aprendizaje en realidad virtual y realidad aumentada | F55: Edunovatic 2018. Conference Proceedings: 3rd Virtual International Conference on Education, Innovation and ICT. 17-19 December, 2018, 2019, ISBN 978-94-92805-08-9, págs. 101-105 | G55: 978-94-92805-08-9 | J55: https://dialnet.unirioja.es/servlet/articulo?codigo=7359975 | K55: Autoría: Belén García Fernández. Localización: Edunovatic 2018. Conference Proceedings: 3rd Virtual International Conference on Education, Innovation and ICT. 17-19 December, 2018, 2019. Artículo de Libro en Dialnet. | L55: 2019 | M55: 44826.424 | N55: 44826.424 | O55: 44826.424 | P55: 101-105 | AA55: Adaya Press | AC55: spa | AH55: dialnet.unirioja.es | AJ55: Section: Edunovatic 2018. Conference Proceedings: 3rd Virtual International Conference on Education, Innovation and ICT. 17-19 December, 2018
A56: 66H3J2ZZ | B56: journalArticle | C56: 2021 | D56: Piñeiro, María del Rosario Neira; Pérez, María Esther del Moral | E56: Educación literaria y promoción lectora apoyadas en entornos literarios inmersivos con realidad aumentada | F56: Ocnos: revista de estudios sobre lectura | H56: 2254-9099, 1885-446X | J56: https://dialnet.unirioja.es/servlet/articulo?codigo=8138869 | K56: Autorías: María del Rosario Neira Piñeiro, María Esther del Moral Pérez. Localización: Ocnos: revista de estudios sobre lectura. Nº. 3, 2021. Artículo de Revista en Dialnet. | L56: 2021 | M56: 44826.424 | N56: 44826.424 | O56: 44826.424 | P56: 22 | R56: 3 | S56: 20 | AC56: spa | AH56: dialnet.unirioja.es | AJ56: Publisher: Centro de Estudios de Promoción de la Lectura y Literatura Infantil (CEPLI) Section: Ocnos: revista de estudios sobre lectura
A57: NW4EZ3Z3 | B57: conferencePaper | C57: 2018 | D57: Martínez, Francesc Navarro | E57: Proyectos educativos con realidad aumentada en Educación Secundaria Obligatoria (ESO) y Bachillerato | F57: La realidad aumentada como herramienta educativa: aplicación a la Educación Infantil, Primaria, Secundaria y Bachillerato, 2018, ISBN 978-84-283-4070-0, págs. 155-171 | G57: 978-84-283-4070-0 | J57: https://dialnet.unirioja.es/servlet/articulo?codigo=7794607 | K57: Autoría: Francesc Navarro Martínez. Localización: La realidad aumentada como herramienta educativa: aplicación a la Educación Infantil, Primaria, Secundaria y Bachillerato, 2018. Artículo de Libro en Dialnet. | L57: 2018 | M57: 44826.424 | N57: 44826.424 | O57: 44826.424 | P57: 155-171 | AA57: Paraninfo | AC57: spa | AH57: dialnet.unirioja.es | AJ57: Section: La realidad aumentada como herramienta educativa: aplicación a la Educación Infantil, Primaria, Secundaria y Bachillerato
A58: YX4ZRPIE | B58: journalArticle | C58: 2019 | D58: Piñeiro, María del Rosario Neira; Pérez, María Esther del Moral; Coto, Inés Fombella | E58: Aprendizaje inmersivo y desarrollo de las inteligencias múltiples en Educación Infantil a partir de un entorno interactivo con realidad aumentada | F58: Magister: Revista miscelánea de investigación | H58: 0212-6796 | J58: https://dialnet.unirioja.es/servlet/articulo?codigo=7300766 | K58: Autorías: María del Rosario Neira Piñeiro, María Esther del Moral Pérez, Inés Fombella Coto. Localización: Magister: Revista miscelánea de investigación. Nº 2, 2019. Artículo de Revista en Dialnet. | L58: 2019 | M58: 44826.428 | N58: 44826.428 | O58: 44826.428 | P58: 44569 | R58: 2 | S58: 31 | AC58: spa | AH58: dialnet.unirioja.es | AJ58: Publisher: Servicio de Publicaciones Section: Magister: Revista miscelánea de investigación | AL58: C:\Users\dell i7\Zotero\storage\X3422LEU\Piñeiro et al. - 2019 - Aprendizaje inmersivo y desarrollo de las intelige.pdf; C:\Users\dell i7\Zotero\storage\SH4E6W99\articulo.html
A59: FUIH5RUT | B59: journalArticle | C59: 2018 | D59: López, Alicia Vara | E59: Las narrativas digitales en Educación Infantil: una experiencia de investigación e innovación con booktrailer, cuentos interactivos digitales y Realidad Aumentada | F59: Diablotexto Digital | H59: 2530-2337 | J59: https://dialnet.unirioja.es/servlet/articulo?codigo=7007057 | K59: Autoría: Alicia Vara López. Localización: Diablotexto Digital. Nº. 3, 2018. Artículo de Revista en Dialnet. | L59: 2018 | M59: 44826.428 | N59: 44826.428 | O59: 44826.428 | P59: 111-131 | R59: 3 | V59: Las narrativas digitales en Educación Infantil | AC59: spa | AH59: dialnet.unirioja.es | AJ59: Publisher: Departamento de Filología Española Section: Diablotexto Digital | AL59: C:\Users\dell i7\Zotero\storage\TU83C5GC\articulo.html
A60: Q73TUUGF | B60: journalArticle | C60: 2015 | D60: Gutiérrez, Ramón Cózar; Martínez, María del Valle de Moya; Bravo, José Antonio Hernández; Bravo, Juan Rafael Hernández | E60: Tecnologías emergentes para la enseñanza de las Ciencias Sociales.: Una experiencia con el uso de Realidad Aumentada en la formación inicial de maestros | F60: Digital Education Review | H60: 2013-9144 | J60: https://dialnet.unirioja.es/servlet/articulo?codigo=5495910 | K60: Autorías: Ramón Cózar Gutiérrez, María del Valle de Moya Martínez, José Antonio Hernández Bravo, Juan Rafael Hernández Bravo. Localización: Digital Education Review. Nº. 27, 2015. Artículo de Revista en Dialnet. | L60: 2015 | M60: 44826.428 | N60: 44826.428 | O60: 44826.428 | P60: 138-153 | R60: 27 | V60: Tecnologías emergentes para la enseñanza de las Ciencias Sociales. | AC60: spa | AH60: dialnet.unirioja.es | AJ60: Publisher: Digital Education Observatory (OED) Section: Digital Education Review | AL60: C:\Users\dell i7\Zotero\storage\25Q2GTAJ\Gutiérrez et al. - 2015 - Tecnologías emergentes para la enseñanza de las Ci.pdf; C:\Users\dell i7\Zotero\storage\PFVTEH4W\articulo.html
A61: PLAC2T9M | B61: thesis | C61: 2018 | D61: Pérez, Oscar Gallego | E61: Estudio y análisis sobre las posibilidades educativas de la realidad aumentada como herramienta de producción de experiencias formativas por parte del alumnado universitario | J61: https://dialnet.unirioja.es/servlet/tesis?codigo=150998 | K61: Autoría: Oscar Gallego Pérez. Dirección de la Tesis: Verónica Marín Díaz, Julio Barroso Osuna. Lectura: Universidad de Córdoba (ESP) en 2018. Tesis doctoral en Dialnet. | L61: 2018 | M61: 44826.428 | N61: 44826.428 | O61: 44826.428 | AA61: Universidad de Córdoba (ESP) | AC61: es | AE61: http://purl.org/dc/dcmitype/Text | AH61: dialnet.unirioja.es | AL61: C:\Users\dell i7\Zotero\storage\S2MFCSRC\tesis.html
A62: T57JRZU9 | B62: journalArticle | C62: 2017 | D62: Fuentes, Elena Moreno; García, Álvaro Pérez | E62: La realidad aumentada como recurso didáctico para los futuros maestros | F62: Etic@net: Revista científica electrónica de Educación y Comunicación en la Sociedad del Conocimiento | H62: 1695-324X | J62: https://dialnet.unirioja.es/servlet/articulo?codigo=6045416 | K62: Autorías: Elena Moreno Fuentes, Álvaro Pérez García. Localización: Etic@net: Revista científica electrónica de Educación y Comunicación en la Sociedad del Conocimiento. Nº. 1, 2017. Artículo de Revista en Dialnet. | L62: 2017 | M62: 44826.428 | N62: 44826.428 | O62: 44826.428 | P62: 42-59 | R62: 1 | S62: 17 | AC62: spa | AH62: dialnet.unirioja.es | AJ62: Publisher: Universidad de Granada Section: Etic@net: Revista científica electrónica de Educación y Comunicación en la Sociedad del Conocimiento | AL62: C:\Users\dell i7\Zotero\storage\AK6FUUYQ\Fuentes y García - 2017 - La realidad aumentada como recurso didáctico para .pdf; C:\Users\dell i7\Zotero\storage\X8C75LEB\articulo.html
A63: Z9WILQAG | B63: journalArticle | C63: 2021 | D63: Castelló, Teresa Dolores Pérez; Vera, Juan Ramón Moreno | E63: Concepciones sobre la realidad aumentada en el profesorado de Infantil y Primaria | F63: Clio & Asociados: La historia enseñada | H63: 2362-3063, 0328-820X | J63: https://dialnet.unirioja.es/servlet/articulo?codigo=8335135 | K63: Autorías: Teresa Dolores Pérez Castelló, Juan Ramón Moreno Vera. Localización: Clio & Asociados: La historia enseñada. Nº. 33, 2021. Artículo de Revista en Dialnet. | L63: 2021 | M63: 44826.428 | N63: 44826.428 | O63: 44826.428 | P63: 4 | R63: 33 | AC63: spa | AH63: dialnet.unirioja.es | AJ63: Publisher: Facultad de Humanidades y Ciencias de la Educación. Departamento de Historia Section: Clio & Asociados: La historia enseñada | AL63: C:\Users\dell i7\Zotero\storage\6BXXQXY8\articulo.html
A64: U3NNV8S2 | B64: journalArticle | C64: 2017 | D64: Cejudo, María del Carmen Llorente; Castillo, Juan Jesús Gutiérrez; Almenara, Julio Cabero | E64: Evaluación por y desde los usuarios: objetos de aprendizaje con Realidad aumentada | F64: RED: Revista de Educación a Distancia | H64: 1578-7680 | J64: https://dialnet.unirioja.es/servlet/articulo?codigo=6022816 | K64: Autorías: María del Carmen Llorente Cejudo, Juan Jesús Gutiérrez Castillo, Julio Cabero Almenara. Localización: RED: Revista de Educación a Distancia. Nº. 53, 2017. Artículo de Revista en Dialnet. | L64: 2017 | M64: 44826.428 | N64: 44826.428 | O64: 44826.428 | P64: 4 | R64: 53 | V64: Evaluación por y desde los usuarios | AC64: spa | AH64: dialnet.unirioja.es | AJ64: Publisher: Departamento de Psicología Evolutiva y de la Educación Section: RED: Revista de Educación a Distancia | AL64: C:\Users\dell i7\Zotero\storage\QNRILGHW\articulo.html
A65: KXI5RGBE | B65: conferencePaper | C65: 2020 | D65: Martínez, Noelia Margarita Moreno; Lorente, Laura Monsalve; Aguilera, Francisco José García | E65: Realidad aumentada, modelado en 3D e impresión en 3D para una atención educativa del alumnado con altas capacidades | F65: Tecnologías emergentes en educación infantil, 2020, ISBN 9788447222056, págs. 161-170 | G65: 978-84-472-2205-6 | J65: https://dialnet.unirioja.es/servlet/articulo?codigo=8562068 | K65: Autorías: Noelia Margarita Moreno Martínez, Laura Monsalve Lorente, Francisco José García Aguilera. Localización: Tecnologías emergentes en educación infantil, 2020. Artículo de Libro en Dialnet. | L65: 2020 | M65: 44826.428 | N65: 44826.428 | O65: 44826.428 | P65: 161-170 | AA65: Editorial Universidad de Sevilla | AC65: spa | AH65: dialnet.unirioja.es | AJ65: Section: Tecnologías emergentes en educación infantil | AL65: C:\Users\dell i7\Zotero\storage\WZX45UMR\articulo.html
A66: XEAEQX5H | B66: conferencePaper | C66: 2018 | D66: Martínez, Lourdes Villalustre | E66: Rincones aumentados: Una innovación en la formación inicial de maestros de educación infantil | F66: EDUcación con TECnología: un compromiso social. Aproximaciones desde la investigación y la innovación, 2018, ISBN 978-84-9144-126-7, págs. 888-893 | G66: 978-84-9144-126-7 | J66: https://dialnet.unirioja.es/servlet/articulo?codigo=8278618 | K66: Autoría: Lourdes Villalustre Martínez. Localización: EDUcación con TECnología: un compromiso social. Aproximaciones desde la investigación y la innovación, 2018. Artículo de Libro en Dialnet. | L66: 2018 | M66: 44826.428 | N66: 44826.428 | O66: 44826.428 | P66: 888-893 | V66: Rincones aumentados | AA66: Edicions de la Universitat de Lleida | AC66: spa | AH66: dialnet.unirioja.es | AJ66: Section: EDUcación con TECnología: un compromiso social. Aproximaciones desde la investigación y la innovación | AL66: C:\Users\dell i7\Zotero\storage\SYD2EXUR\articulo.html
A67: 7RZ2L65K | B67: journalArticle | C67: 2020 | D67: Molina, Sandra Tardáguila | E67: Neuroeducación: la realidad aumentada como medio para acercar la literatura a la ed. Infantil | F67: Revista de educación, innovación y formación: REIF | H67: 2659-8345 | J67: https://dialnet.unirioja.es/servlet/articulo?codigo=7698202 | K67: Autoría: Sandra Tardáguila Molina. Localización: Revista de educación, innovación y formación: REIF. Nº. 3, 2020. Artículo de Revista en Dialnet. | L67: 2020 | M67: 44826.428 | N67: 44826.428 | O67: 44826.428 | P67: 86-106 | R67: 3 | V67: Neuroeducación | AC67: spa | AH67: dialnet.unirioja.es | AJ67: Publisher: Consejería de Educación y Cultura Section: Revista de educación, innovación y formación: REIF | AL67: C:\Users\dell i7\Zotero\storage\MN5NFFAU\articulo.html
A68: UPXPHGC6 | B68: journalArticle | C68: 2019 | D68: Piñeiro, María del Rosario Neira; Coto, Inés Fombella; Pérez, María Esther del Moral | E68: Potencialidad didáctico-creativa de un álbum ilustrado enriquecido con recursos digitales y realidad aumentada | F68: EDMETIC | H68: 2254-0059 | J68: https://dialnet.unirioja.es/servlet/articulo?codigo=7042742 | K68: Autorías: María del Rosario Neira Piñeiro, Inés Fombella Coto, María Esther del Moral Pérez. Localización: EDMETIC. Nº. 2, 2019. Artículo de Revista en Dialnet. | L68: 2019 | M68: 44826.43 | N68: 44826.43 | O68: 44826.43 | P68: 108-128 | R68: 2 | S68: 8 | AC68: spa | AH68: dialnet.unirioja.es | AJ68: Publisher: Marín y Compañía Section: EDMETIC | AL68: C:\Users\dell i7\Zotero\storage\NVGPBECG\Piñeiro et al. - 2019 - Potencialidad didáctico-creativa de un álbum ilust.pdf; C:\Users\dell i7\Zotero\storage\DYGND2ES\articulo.html
A69: YMF4ZNNK | B69: journalArticle | C69: 2018 | D69: Osuna, Julio Barroso; Almenara, Julio Cabero; Castillo, Juan Jesús Gutiérrez | E69: La producción de objetos de aprendizaje en realidad aumentada por estudiantes universitarios. Grado de aceptación de esta tecnología y motivación para su uso | F69: Revista mexicana de investigación educativa | H69: 1405-6666 | J69: https://dialnet.unirioja.es/servlet/articulo?codigo=7003753 | K69: Autorías: Julio Barroso Osuna, Julio Cabero Almenara, Juan Jesús Gutiérrez Castillo. Localización: Revista mexicana de investigación educativa. Nº. 79, 2018. Artículo de Revista en Dialnet. | L69: 2018 | M69: 44826.43 | N69: 44826.43 | O69: 44826.43 | P69: 1261-1283 | R69: 79 | S69: 23 | AC69: spa | AH69: dialnet.unirioja.es | AJ69: Publisher: Consejo Mexicano de Investigación Educativa Section: Revista mexicana de investigación educativa | AL69: C:\Users\dell i7\Zotero\storage\AKU2SLN5\Osuna et al. - 2018 - La producción de objetos de aprendizaje en realida.pdf; C:\Users\dell i7\Zotero\storage\X5ZSCTT3\articulo.html
A70: JRGII269 | B70: conferencePaper | C70: 2016 | D70: Martínez, Noelia Margarita Moreno; Crespo, Pilar Auxiliadora Moreno; Olivencia, Juan José Leiva | E70: Experiencias formativas en el uso didáctico de tecnologías emergentes con el alumnado de los grados de educación infantil y primaria de las universidades de Huelva y Málaga | F70: Tecnología, innovación e investigación en los procesos de enseñanza-aprendizaje, 2016, ISBN 978-84-9921-848-9, págs. 2765-2783 | G70: 978-84-9921-848-9 | J70: https://dialnet.unirioja.es/servlet/articulo?codigo=6029963 | K70: Autorías: Noelia Margarita Moreno Martínez, Pilar Auxiliadora Moreno Crespo, Juan José Leiva Olivencia. Localización: Tecnología, innovación e investigación en los procesos de enseñanza-aprendizaje, 2016. Artículo de Libro en Dialnet. | L70: 2016 | M70: 44826.43 | N70: 44826.43 | O70: 44826.43 | P70: 2765-2783 | AA70: Octaedro | AC70: spa | AH70: dialnet.unirioja.es | AJ70: Section: Tecnología, innovación e investigación en los procesos de enseñanza-aprendizaje | AL70: C:\Users\dell i7\Zotero\storage\QHHV9AKT\articulo.html
A71: 9J5RMMZT | B71: journalArticle | C71: 2021 | D71: Cerdá, Alba Gilabert; Lledó, Alejandro Lorenzo | E71: Análisis de aplicaciones de Realidad Aumentada para la práctica de futuros docentes con alumnado que presenta Trastorno del Espectro Autista | F71: Revista d'innovació docent universitària: RIDU | H71: 2013-2298 | J71: https://dialnet.unirioja.es/servlet/articulo?codigo=7744120 | K71: Autorías: Alba Gilabert Cerdá, Alejandro Lorenzo Lledó. Localización: Revista d'innovació docent universitària: RIDU. Nº. 13, 2021. Artículo de Revista en Dialnet. | L71: 2021 | M71: 44826.43 | N71: 44826.43 | O71: 44826.43 | P71: 18-27 | R71: 13 | AC71: spa | AH71: dialnet.unirioja.es | AJ71: Publisher: Departament de Matemàtica Econòmica, Financera i Actuarial Section: Revista d'innovació docent universitària: RIDU | AL71: C:\Users\dell i7\Zotero\storage\YL6CH6DP\articulo.html
A72: SS58B2VE | B72: journalArticle | C72: 2018 | D72: Martínez, Lourdes Villalustre; Pérez, María Esther del Moral | E72: Geolocalización y realidad aumentada para un aprendizaje ubicuo en la formación inicial del profesorado | F72: @tic. revista d'innovació educativa | H72: 1989-3477 | J72: https://dialnet.unirioja.es/servlet/articulo?codigo=6751657 | K72: Autorías: Lourdes Villalustre Martínez, María Esther del Moral Pérez. Localización: @tic. revista d'innovació educativa. Nº. 21, 2018. Artículo de Revista en Dialnet. | L72: 2018 | M72: 44826.43 | N72: 44826.43 | O72: 44826.43 | P72: 40-48 | R72: 21 | AC72: spa | AH72: dialnet.unirioja.es | AJ72: Publisher: Centre de Formació i Qualitat "Manuel Sanchis Guarner" Section: @tic. revista d'innovació educativa | AL72: C:\Users\dell i7\Zotero\storage\XHM6IGSS\Martínez y Pérez - 2018 - Geolocalización y realidad aumentada para un apren.pdf; C:\Users\dell i7\Zotero\storage\43MHKPLA\articulo.html
A73: SFIYZKQU | B73: journalArticle | C73: 2019 | D73: García, Antonio Manuel Rodríguez; Lucena, Francisco Javier Hinojo; Montoro, Miriam Agreda | E73: Diseño e implementación de una experiencia para trabajar la interculturalidad en Educación Infantil a través de realidad aumentada y códigos QR | F73: Educar | H73: 0211-819X, 2014-8801 | J73: https://dialnet.unirioja.es/servlet/articulo?codigo=6845850 | K73: Autorías: Antonio Manuel Rodríguez García, Francisco Javier Hinojo Lucena, Miriam Agreda Montoro. Localización: Educar. Nº 1, 2019. Artículo de Revista en Dialnet. | L73: 2019 | M73: 44826.43 | N73: 44826.43 | O73: 44826.43 | P73: 59-77 | R73: 1 | S73: 55 | AC73: spa | AH73: dialnet.unirioja.es | AJ73: Publisher: Departament de Pedagogia i Didactica Section: Educar | AL73: C:\Users\dell i7\Zotero\storage\HQ5W7KUQ\articulo.html
A74: T3Y5SDKG | B74: journalArticle | C74: 2018 | D74: Ruiz-Berdejo, Alba Martín | E74: Análisis del efecto de la implementación de las Tecnologías de la Información y Comunicación (TIC) en Educación Infantil | F74: Hachetetepé: Revista científica de Educación y Comunicación | H74: 2172-7929 | J74: https://dialnet.unirioja.es/servlet/articulo?codigo=7434901 | K74: Autoría: Alba Martín Ruiz-Berdejo. Localización: Hachetetepé: Revista científica de Educación y Comunicación. Nº. 16, 2018. Artículo de Revista en Dialnet. | L74: 2018 | M74: 44826.43 | N74: 44826.43 | O74: 44826.43 | P74: 51-60 | R74: 16 | AC74: spa | AH74: dialnet.unirioja.es | AJ74: Publisher: Grupo de Investigación para la Educación en Medios de Comunicación (Edu-comunicación) Section: Hachetetepé: Revista científica de Educación y Comunicación | AL74: C:\Users\dell i7\Zotero\storage\9BTPGNF8\articulo.html
A75: EVSS4VCA | B75: journalArticle | C75: 2021 | D75: Medina, Daniel Macías; Valencia, Liliana Patricia Santacruz; Gómez, Javier | E75: La importancia de enseñar secuenciación en edades tempranas: una puerta al desarrollo de competencias STEM | F75: IE Comunicaciones: Revista Iberoamericana de Informática Educativa | H75: 1699-4574 | J75: https://dialnet.unirioja.es/servlet/articulo?codigo=7985877 | K75: Autorías: Daniel Macías Medina, Liliana Patricia Santacruz Valencia, Javier Gómez. Localización: IE Comunicaciones: Revista Iberoamericana de Informática Educativa. Nº. 33, 2021. Artículo de Revista en Dialnet. | L75: 2021 | M75: 44826.43 | N75: 44826.43 | O75: 44826.43 | P75: 31-42 | R75: 33 (Enero-Junio) | V75: La importancia de enseñar secuenciación en edades tempranas | AC75: spa | AH75: dialnet.unirioja.es | AJ75: Publisher: Asociación para el Desarrollo de la Informática Educativa (ADIE) Section: IE Comunicaciones: Revista Iberoamericana de Informática Educativa | AL75: C:\Users\dell i7\Zotero\storage\956VYSPW\Medina et al. - 2021 - La importancia de enseñar secuenciación en edades .pdf; C:\Users\dell i7\Zotero\storage\ZNRW3RRH\articulo.html
A76: 8JCT84NI | B76: conferencePaper | C76: 2018 | D76: Bolado, Javier Sánchez | E76: Códigos QR en educación | F76: La realidad aumentada como herramienta educativa: aplicación a la Educación Infantil, Primaria, Secundaria y Bachillerato, 2018, ISBN 978-84-283-4070-0, págs. 31-72 | G76: 978-84-283-4070-0 | J76: https://dialnet.unirioja.es/servlet/articulo?codigo=7794602 | K76: Autoría: Javier Sánchez Bolado. Localización: La realidad aumentada como herramienta educativa: aplicación a la Educación Infantil, Primaria, Secundaria y Bachillerato, 2018. Artículo de Libro en Dialnet. | L76: 2018 | M76: 44826.43 | N76: 44826.43 | O76: 44826.43 | P76: 31-72 | AA76: Paraninfo | AC76: spa | AH76: dialnet.unirioja.es | AJ76: Section: La realidad aumentada como herramienta educativa: aplicación a la Educación Infantil, Primaria, Secundaria y Bachillerato | AL76: C:\Users\dell i7\Zotero\storage\XIC629HF\articulo.html
A77: YHYMFJH9 | B77: conferencePaper | C77: 2018 | D77: Caride, Salomé Recio | E77: Aplicaciones educativas en Infantil y Primaria | F77: La realidad aumentada como herramienta educativa: aplicación a la Educación Infantil, Primaria, Secundaria y Bachillerato, 2018, ISBN 978-84-283-4070-0, págs. 139-154 | G77: 978-84-283-4070-0 | J77: https://dialnet.unirioja.es/servlet/articulo?codigo=7794608 | K77: Autoría: Salomé Recio Caride. Localización: La realidad aumentada como herramienta educativa: aplicación a la Educación Infantil, Primaria, Secundaria y Bachillerato, 2018. Artículo de Libro en Dialnet. | L77: 2018 | M77: 44826.43 | N77: 44826.43 | O77: 44826.43 | P77: 139-154 | AA77: Paraninfo | AC77: spa | AH77: dialnet.unirioja.es | AJ77: Section: La realidad aumentada como herramienta educativa: aplicación a la Educación Infantil, Primaria, Secundaria y Bachillerato | AL77: C:\Users\dell i7\Zotero\storage\KCJQUZK7\articulo.html
A78: IF33R8AQ | B78: thesis | C78: 2020 | D78: Barrueco, Noa Vasallo | E78: Realidade aumentada e educación: unha investigación sobre as súas posibilidades educativas | J78: https://dialnet.unirioja.es/servlet/tesis?codigo=284452 | K78: Autoría: Noa Vasallo Barrueco. Dirección de la Tesis: Manuela Raposo Rivas, María Esther Martínez Figueira. Lectura: Universidade de Vigo en 2020. Tesis doctoral en Dialnet. | L78: 2020 | M78: 44826.433 | N78: 44826.433 | O78: 44826.433 | V78: Realidade aumentada e educación | AA78: Universidade de Vigo | AC78: es | AE78: http://purl.org/dc/dcmitype/Text | AH78: dialnet.unirioja.es | AJ78: Pages: 1 | AL78: C:\Users\dell i7\Zotero\storage\A6LVXJEY\tesis.html
A79: Z8SI2M3J | B79: journalArticle | C79: 2019 | D79: Carrasco, Cristian Ariza; González, Juan Manuel Muñoz | E79: Valoración de la técnica del mapa mental aumentado en puzle en educación superior | F79: Revista Española de Orientación y Psicopedagogía | H79: 1139-7853, 1989-7448 | J79: https://dialnet.unirioja.es/servlet/articulo?codigo=7332522 | K79: Autorías: Cristian Ariza Carrasco, Juan Manuel Muñoz González. Localización: Revista Española de Orientación y Psicopedagogía. Nº 3, 2019. Artículo de Revista en Dialnet. | L79: 2019 | M79: 44826.433 | N79: 44826.433 | O79: 44826.433 | P79: 64-83 | R79: 3 | S79: 30 | AC79: spa | AH79: dialnet.unirioja.es | AJ79: Publisher: Asociación Española de Orientación y Psicopedagogía Section: Revista Española de Orientación y Psicopedagogía | AL79: C:\Users\dell i7\Zotero\storage\9FM6JYSU\articulo.html
A80: BSP84APE | B80: conferencePaper | C80: 2019 | D80: García, Gerardo Gómez; Soto, Natalia Campos; Cabrera, Arturo Fuentes; Garrido, Ana González | E80: Inclusión tecnológica en la enseñanza matemática. Un estado de la cuestión sobre buenas prácticas en Educación Superior | F80: Edunovatic 2018. Conference Proceedings: 3rd Virtual International Conference on Education, Innovation and ICT. 17-19 December, 2018, 2019, ISBN 978-94-92805-08-9, pág. 573 | G80: 978-94-92805-08-9 | J80: https://dialnet.unirioja.es/servlet/articulo?codigo=7360029 | K80: Autorías: Gerardo Gómez García, Natalia Campos Soto, Arturo Fuentes Cabrera, Ana González Garrido. Localización: Edunovatic 2018. Conference Proceedings: 3rd Virtual International Conference on Education, Innovation and ICT. 17-19 December, 2018, 2019. Artículo de Libro en Dialnet. | L80: 2019 | M80: 44826.433 | N80: 44826.433 | O80: 44826.433 | P80: 573 | AA80: Adaya Press | AC80: spa | AH80: dialnet.unirioja.es | AJ80: Section: Edunovatic 2018. Conference Proceedings: 3rd Virtual International Conference on Education, Innovation and ICT. 17-19 December, 2018 | AL80: C:\Users\dell i7\Zotero\storage\BZ67UAYC\articulo.html
A81: RA4AFTI5 | B81: thesis | C81: 2021 | D81: Carrasco, Cristian Ariza | E81: El mapa mental aumentado en puzle como técnica cooperativa de enseñanza-aprendizaje en educación superior | J81: https://dialnet.unirioja.es/servlet/tesis?codigo=298738 | K81: Autoría: Cristian Ariza Carrasco. Dirección de la Tesis: Juan Manuel Muñoz González. Lectura: Universidad de Córdoba (ESP) en 2021. Tesis doctoral en Dialnet. | L81: 2021 | M81: 44826.433 | N81: 44826.433 | O81: 44826.433 | AA81: Universidad de Córdoba (ESP) | AC81: es | AE81: http://purl.org/dc/dcmitype/Text | AH81: dialnet.unirioja.es | AJ81: Pages: 1 | AL81: C:\Users\dell i7\Zotero\storage\D8M5KYKS\tesis.html
A82: 9Y6KYNIQ | B82: journalArticle | C82: 2021 | D82: Centeno, Óscar Martín | E82: Aprendizaje y comunicación transmedia | F82: Participación educativa | H82: 1866-5097 | J82: https://dialnet.unirioja.es/servlet/articulo?codigo=7953337 | K82: Autoría: Óscar Martín Centeno. Localización: Participación educativa. Nº. 11, 2021. Artículo de Revista en Dialnet. | L82: 2021 | M82: 44826.433 | N82: 44826.433 | O82: 44826.433 | P82: 109-120 | R82: 11 | S82: 8 | AC82: spa | AH82: dialnet.unirioja.es | AJ82: Publisher: Subdirección General de Documentación y Publicaciones Section: Participación educativa | AL82: C:\Users\dell i7\Zotero\storage\RH966FXE\articulo.html
A83: KCPKCJ4D | B83: journalArticle | C83: 2022 | D83: Carrasco, Cristian Ariza; González, Juan Manuel Muñoz | E83: El mapa mental aumentado en puzle: expectativas de futuros docentes | F83: Educar | H83: 0211-819X, 2014-8801 | J83: https://dialnet.unirioja.es/servlet/articulo?codigo=8545923 | K83: Autorías: Cristian Ariza Carrasco, Juan Manuel Muñoz González. Localización: Educar. Nº 1, 2022. Artículo de Revista en Dialnet. | L83: 2022 | M83: 44826.433 | N83: 44826.433 | O83: 44826.433 | P83: 125-140 | R83: 1 | S83: 58 | V83: El mapa mental aumentado en puzle | AC83: spa | AH83: dialnet.unirioja.es | AJ83: Publisher: Departament de Pedagogia i Didactica Section: Educar | AL83: C:\Users\dell i7\Zotero\storage\ERJPMZQK\articulo.html
A84: NYBKIX8C | B84: journalArticle | C84: 2019 | D84: Farran, Francesc Xavier Carrera | E84: Presentación del Monográfico Congreso Edutec 2018 | F84: Edutec: Revista electrónica de tecnología educativa | H84: 1135-9250 | J84: https://dialnet.unirioja.es/servlet/articulo?codigo=7005804 | K84: Autoría: Francesc Xavier Carrera Farran. Localización: Edutec: Revista electrónica de tecnología educativa. Nº. 68, 2019. Artículo de Revista en Dialnet. | L84: 2019 | M84: 44826.433 | N84: 44826.433 | O84: 44826.433 | P84: 44562 | R84: 68 | AC84: spa | AH84: dialnet.unirioja.es | AJ84: Publisher: Edutec. Asociación para el Desarrollo de la Tecnología Educativa Section: Edutec: Revista electrónica de tecnología educativa | AL84: C:\Users\dell i7\Zotero\storage\7BMYN7N8\articulo.html
A85: ZFH2FZVN | B85: thesis | C85: 2019 | D85: Palacios, Eduardo Cruz | E85: Centro de recursos para la enseñanza y el aprendizaje en una educación basada en competencias digitales: gaming y videojuegos para las alfabetizaciones múltiples y la formación del profesional de la información | J85: https://dialnet.unirioja.es/servlet/tesis?codigo=254979 | K85: Autoría: Eduardo Cruz Palacios. Dirección de la Tesis: Miguel Ángel Marzal García-Quismondo. Lectura: Universidad Carlos III de Madrid en 2019. Tesis doctoral en Dialnet. | L85: 2019 | M85: 44826.433 | N85: 44826.433 | O85: 44826.433 | V85: Centro de recursos para la enseñanza y el aprendizaje en una educación basada en competencias digitales | AA85: Universidad Carlos III de Madrid | AC85: es | AE85: http://purl.org/dc/dcmitype/Text | AH85: dialnet.unirioja.es | AL85: C:\Users\dell i7\Zotero\storage\B3HT255C\tesis.html
A86: 5X3CBITD | B86: journalArticle | C86: 2022 | D86: Tuli, Neha; Mantri, Archana; Sharma, Shivam | E86: Impact of augmented reality tabletop learning environment on learning and motivation of kindergarten kids | F86: AIP Conference Proceedings | H86: 0094243X | I86: 10.1063/5.0080600 | K86: This paper identifies that the use of Augmented Reality Learning Environment (ARLE) enhances the learning outcomes of the kindergarten school kids. However, the impact of the application on public school kids differs from private school kids. The authors developed two applications: 1) AR learning environment for the kindergarten kids to learn the basics of English and 2) web-based application with the same learning objectives as ARLE. To analyse the effect of technology (AR, web), school (public, private) and assessment-time (pre-test, post-test) on learning and motivation, a 2x2x2 factorial design was implemented. Ninety-three kids were selected as participants for the analysis. The results highlighted that 1) The achieved test scores showed a positive effect of technology, school and assessment time, 2) The marks scored by the kids using ARLE were higher than the kids who learnt from a web application, 3) The positive impact of ARLE on public schools was more as compared to the private schools, 4) Private schools kids showed higher levels of motivation while using ARLE than public schools. This work concludes that the use of ARLE to teach English is highly effective and improves learning outcomes of kids studying in both private and public schools. | L86: 44690 | M86: 44826.106 | N86: 44826.107 | P86: 44570 | R86: 1 | S86: 2357 | AH86: EBSCOhost | AM86: https://search.ebscohost.com/login.aspx?direct=true&AuthType=ip,sso&db=asn&AN=156784175&lang=es&site=ehost-live&scope=site&custid=s9226804&scope=cite | AO86: AUGMENTED reality; KINDERGARTEN; MIXED reality; CLASSROOM environment; KINDERGARTEN facilities; PRIVATE schools; PUBLIC schools; WEB-based user interfaces
A87: 9KDFCYSS | B87: journalArticle | C87: 2020 | D87: Madanipour, Parian; Cohrssen, Caroline | E87: Augmented reality as a form of digital technology in early childhood education | F87: Australasian Journal of Early Childhood | H87: 18369391 | I87: 10.1177/1836939119885311 | K87: The incorporation of digital technologies is explicitly addressed in the Early Years Learning Framework for Australia. The use of augmented reality (AR) technology, as one form of digital technology, is increasingly embedded in digital applications because it allows individuals to interact with real and virtual objects. A significant body of research has reported the benefits afforded by the use of AR technology in schools and higher education settings. However, little is known about the contribution of AR technology to teaching practice and child learning outcomes in the preschool years. Here, we present a summary of the limited research that has explored the use of AR in preschool curricula and argue for the need for further research to explore the contribution of AR to high-quality pedagogical practice. | L87: 43891 | M87: 44826.106 | N87: 44826.107 | P87: 44694 | R87: 1 | S87: 45 | AH87: EBSCOhost | AL87: ; C:\Users\dell i7\Zotero\storage\YA5W5ZJF\Madanipour y Cohrssen - 2020 - Augmented reality as a form of digital technology .pdf | AM87: https://search.ebscohost.com/login.aspx?direct=true&AuthType=ip,sso&db=asn&AN=142155867&lang=es&site=ehost-live&scope=site&custid=s9226804&scope=cite | AO87: augmented reality; Early childhood education; AUGMENTED reality; AUSTRALIA; curriculum; digital technology; DIGITAL technology; EARLY childhood education; HIGH technology; information and communications technology; pedagogy; SECONDARY education; STUDENT teaching
A88: QYXTQUMJ | B88: journalArticle | C88: 2016 | D88: Huang, Yujia; Li, Hui; Fong, Ricci | E88: Using Augmented Reality in early art education: a case study in Hong Kong kindergarten | F88: Early Child Development & Care | H88: 3004430 | I88: 10.1080/03004430.2015.1067888 | K88: Innovation in pedagogy by technology integration in kindergarten classroom has always been a challenge for most teachers. This design-based research aimed to explore the feasibility of using Augmented Reality (AR) technology in early art education with a focus on the gains and pains of this innovation. A case study was conducted in a typical kindergarten in Hong Kong, with a class of four- to five-year-old children (N=30) and their class teacher, ICT teacher as well as two parent volunteers. A series of art education activities using AR was designed and implemented in the class. Effectiveness of the activities was evaluated through a triangulation of semi-structured interviews with teachers, principal and parents, and surveys administered to children. The results indicated that (1) all the children could design, control and interact with the animated objects generated by the AR application; (2) all the stakeholders interviewed were supportive of this pedagogical innovation and (3) the principal, teachers and parents were concerned about the side effects of using AR in early childhood education. Possible improvements and implications to AR-based art education were also addressed. | L88: 42522 | M88: 44826.106 | N88: 44826.107 | P88: 879-894 | R88: 6 | S88: 186 | V88: Using Augmented Reality in early art education | AH88: EBSCOhost | AM88: https://search.ebscohost.com/login.aspx?direct=true&AuthType=ip,sso&db=asn&AN=115055360&lang=es&site=ehost-live&scope=site&custid=s9226804&scope=cite | AO88: Augmented Reality; AUGMENTED reality; PRESCHOOL children; PRESCHOOL education; applications in subject areas; ART education; ART education in preschools; country-specific developments; HONG Kong (China); improving classroom teaching; KINDERGARTEN; pedagogical issues; PRIMARY education
A89: 7VYXSEFF | B89: journalArticle | C89: 2022 | E89: Augmented reality for preschool children: An experience with educational contents | F89: British Journal of Educational Technology | H89: 71013 | I89: 10.1111/bjet.13168 | K89: This study was conducted to test the effect of the augmented reality‐based program on the motivation, attention and conceptual skills of preschool children. The research was conducted according to the pretest‐posttest control group quasi‐experimental design: 13 participants (6 girls, 7 boys) in the experimental group and 13 (5 girls, 8 boys) in the control group, a total of 26 children (4–5 age group) were included in the study. While the children in the experimental group participated in the applications prepared with augmented reality, the children in the control group were practised upon with the traditional teaching method. In the research, measurement tools were applied to the working groups (experiment‐control) both before and after the application. As a result, it was determined that the motivation, attention and concept skills of the children in the experimental group increased significantly compared to the children in the control group. The results show that augmented reality applications can be used in learning activities in preschool education. Practitioner notesWhat is already known about this topicAugmented reality applications can be adapted for preschool children.Augmented reality applications are new in pre‐school education.Augmented reality applications are interesting for preschool children.What this paper addsAugmented reality applications improve the motivational skills of preschool children.Augmented reality applications improve the attention skills of preschool children.Augmented reality applications improve the concept skills of preschool children.Implications for practice and/or policyTechnology‐based classroom environments should be created in pre‐school education institutions.Augmented reality applications in pre‐school education should be expanded in line with the gains.Teachers should receive training on augmented reality applications. | L89: 44621 | M89: 44826.106 | N89: 44826.107 | P89: 326-348 | R89: 2 | S89: 53 | V89: Augmented reality for preschool children | AH89: EBSCOhost | AM89: https://search.ebscohost.com/login.aspx?direct=true&AuthType=ip,sso&db=asn&AN=155323236&lang=es&site=ehost-live&scope=site&custid=s9226804&scope=cite | AO89: augmented reality; attention; AUGMENTED reality; concept; motivation; MOTIVATION (Psychology) in children; PRESCHOOL children; preschool education; PRESCHOOL education; technology; TECHNOLOGY
A90: TGFMTLBX | B90: journalArticle | C90: 2022 | D90: Neumann, Michelle M.; Keioskie, Meryl K.; Patterson, Dale; Neumann, David L. | E90: Virtual, Augmented, and Mixed Reality: Benefits and Barriers for Early Childhood Education | F90: Childhood Education | H90: 94056 | I90: 10.1080/00094056.2022.2108298 | K90: The article discusses the benefits and barriers for early childhood education. Topics include the Virtual reality (VR) involves fully immersing a person in a wholly artificial world; use of augmented reality, mixed reality, virtual reality in medicine, science, design, settings, and opportunities for fostering creativity and collaborative learning with others. | L90: 44780 | M90: 44826.106 | N90: 44826.107 | P90: 68-79 | R90: 4 | S90: 98 | V90: Virtual, Augmented, and Mixed Reality | AH90: EBSCOhost | AM90: https://search.ebscohost.com/login.aspx?direct=true&AuthType=ip,sso&db=asn&AN=158387487&lang=es&site=ehost-live&scope=site&custid=s9226804&scope=cite | AO90: AUGMENTED reality; DIGITAL learning; EDUCATION; EDUCATIONAL technology; MIXED reality; VIRTUAL reality
A91: AE567DVN | B91: journalArticle | C91: 2019 | D91: Roig-Vila, Rosabel; Lorenzo-Lledó, Alejandro; Mengual-Andrés, Santiago | E91: Utilidad percibida de la realidad aumentada como recurso didáctico en Educación Infantil: Perceived usefulness of augmented reality as a didactic resource in the Infant Education Teacher degree. | F91: Campus Virtuales | H91: 22551514 | J91: https://search.ebscohost.com/login.aspx?direct=true&AuthType=ip,sso&db=fap&AN=136655225&lang=es&site=ehost-live&scope=site&custid=s9226804 | K91: The technological revolution in which we are immersed has generated a progressive incorporation in the educational context of emerging technologies, among which the Augmented Reality (AR). In this sense, the objective of this work has been to examine the perceptions of students of the grade of Teacher in Infant Education about AR. from a non-experimental quantitative approach and a comparative-causal design, a questionnaire of 32 items designed ad hoc was applied to a sample made up of 63 students at the University of Alicante, selected by accidental non-probabilistic sampling. To this end, a training action was carried out, where students were able to create AR objects with the applications Aurasma, Augment and blippar. The results showed that the students perceive with high degrees of agreement that AR would improve the teaching-learning processes, that it is a motivating resource and that its handling is easy. Likewise, significant differences were found in perceptions according to age, gender and previous knowledge. There was a high predisposition to use AR in the future teaching exercise, which leads to the conclusion that it is possible to deepen theoretical and practical training on this resource in favor of teaching innovation and its inclusion in Early Childhood Education classrooms. (English) | L91: 43525 | M91: 44826.106 | N91: 44826.107 | O91: 44826.106 | P91: 19-35 | R91: 1 | S91: 8 | V91: Utilidad percibida de la realidad aumentada como recurso didáctico en Educación Infantil | AH91: EBSCOhost | AJ91: Publisher: Campus Virtuales | AL91: C:\Users\dell i7\Zotero\storage\8L5X9XRZ\Roig-Vila et al. - 2019 - Utilidad percibida de la realidad aumentada como r.pdf | AO91: Augmented reality; Learning; Teacher training; AUGMENTED reality; PRESCHOOL education; EARLY childhood education; Aprendizaje; CONVENIENCE sampling (Statistics); Educación superior; Educational method; formación del profesorado; higher education; Information and communication technologies; Método educativo; OPTICAL head-mounted displays; Realidad aumentada; TEACHER education; TECHNOLOGICAL revolution; Tecnologías de la información y la comunicación
A92: FVISHC7S | B92: journalArticle | C92: 2022 | D92: Ariza Carrasco, Cristian; Muñoz González, Juan Manuel | E92: El mapa mental aumentado en puzle: expectativas de futuros docentes: El mapa mental augmentat a puzle: expectatives de futurs docents. | F92: The augmented mind map in puzzle: Expectations of future teachers. | H92: 0211819X | I92: 10.5565/rev/educar.1334 | J92: https://search.ebscohost.com/login.aspx?direct=true&AuthType=ip,sso&db=asn&AN=155036820&lang=es&site=ehost-live&scope=site&custid=s9226804 | K92: This article addresses the expectations of future teachers regarding the benefits of the augmented mind map in puzzle technique in the teaching-learning processes of students. The study sample comprised 388 students from the bachelor's degree programs in early childhood and primary education, as well as the Master in Inclusive Education at the University of Cordoba, Spain. The data were collected using a 5-point Likert scale questionnaire created ad hoc and composed of twelve items that were distributed in three dimensions: development of personal skills, development of interpersonal skills, and development of learning-focused skills. The data were subjected to descriptive analysis, comparative means, correlations, and the study of linear regressions. The results show that future teachers view the possibilities of this technique positively for developing the personal, interpersonal, and learning-focused skills of their students and consider it a good resource to use in the classroom as educators. (English) | L92: 44562 | M92: 44826.106 | N92: 44826.107 | O92: 44826.106 | P92: 125-140 | R92: 1 | S92: 58 | V92: El mapa mental aumentado en puzle | AH92: EBSCOhost | AJ92: Publisher: Universitat Autonoma de Barcelona, Servei de Publicacions | AL92: C:\Users\dell i7\Zotero\storage\KMVFAYWL\Ariza Carrasco y Muñoz González - 2022 - El mapa mental aumentado en puzle expectativas de.pdf | AO92: augmented reality; realidad aumentada; EARLY childhood education; aprendizaje cooperativo; aprenentatge cooperatiu; BACHELOR'S degree; cooperative learning; CORDOBA (Spain); formació inicial docent; formación inicial docente; INCLUSIVE education; initial teaching training; mapa mental; mind map; MIND maps; realitat augmentada; SOCIAL skills; SPAIN
A93: 64VHMKW6 | B93: journalArticle | C93: 2020 | D93: Redondo, Beatriz; Cózar-Gutiérrez, Ramón; González-Calero, José Antonio; Sánchez Ruiz, Raquel | E93: Integration of Augmented Reality in the Teaching of English as a Foreign Language in Early Childhood Education | F93: Early Childhood Education Journal | H93: 10823301 | I93: 10.1007/s10643-019-00999-5 | J93: https://search.ebscohost.com/login.aspx?direct=true&AuthType=ip,sso&db=asn&AN=141413476&lang=es&site=ehost-live&scope=site&custid=s9226804 | K93: Technology is ubiquitous in the educational field nowadays. Augmented Reality is one of the emerging technologies with more potential in educational contexts in the mid-term. The purpose of this study is to evaluate if the use of Augmented Reality in early childhood education improves the learning of English as a foreign language, increases pupils' motivation and helps children at this age to establish more positive socio-affective relationships. A quasi-experimental study with an experimental and a control group was carried out with 52 and 50 early childhood education pupils, respectively. The results show a significant improvement in motivation, learning and socio-affective relationships in the experimental group, who completed instruction where AR was employed as a teaching tool, in comparison with the control group. | L93: 43891 | M93: 44826.106 | N93: 44826.107 | O93: 44826.106 | P93: 147-155 | R93: 2 | S93: 48 | AH93: EBSCOhost | AJ93: Publisher: Springer Nature | AL93: C:\Users\dell i7\Zotero\storage\CB3BIPRH\Redondo et al. - 2020 - Integration of Augmented Reality in the Teaching o.pdf | AO93: Augmented Reality; Early childhood education; AUGMENTED reality; EARLY childhood education; English as a foreign language; ENGLISH as a foreign language; FOREIGN language education; Information and communication technology; TECHNOLOGICAL innovations
A94: PW8GIIYB | B94: journalArticle | C94: 2022 | D94: Kisno; Wibawa, Basuki; Khaerudin | E94: Digital Storytelling for Early Childhood Creativity: Diffusion of Innovation "3-D Coloring Quiver Application Based on Augmented Reality Technology in Children's Creativity Development" | F94: International Journal of Online & Biomedical Engineering | H94: 26268493 | I94: 10.3991/ijoe.v18i10.32845 | J94: https://search.ebscohost.com/login.aspx?direct=true&AuthType=ip,sso&db=aps&AN=158222361&lang=es&site=ehost-live&scope=site&custid=s9226804 | K94: One of the important activities in children's learning that is rarely explored is creativity. This is an important concept for the successful implementation of early childhood education programs. Every child's creative talent must be developed. Opportunities and learning resources in the form of an environment to explore sources and media need to be given to children in realizing their creative potential. The growing digital world and children's interest in devices such as smartphones are an opportunity for teachers to take advantage of interactive and interesting ICT-based learning resources and media through audio, visual and audio visual media. Utilization through the wise use of digital resources and media for children is an important part of learning. Digital Storytelling in coloring activities through the "Quiver 3-D Coloring based on augmented reality technology" application offers the integration of virtual objects into a real environment forming three-dimensional animations on smartphones, color pictures for children, presenting digital stories at the end of the activity, so that children have an interest so that their creativity will develop. The purpose of this research is to spread "augmented reality technology with Quiver-3D coloring application in developing children's creativity" by presenting digital stories. The approach used in this research is descriptive analysis method through a qualitative-quantitative approach. The data in this research were obtained by direct observation and research-related questions to informants. The results of the research show that: "children's creativity develops well through digital storytelling learning with 3-D Coloring based on Augmented Reality applications". | L94: 44835 | M94: 44826.106 | N94: 44826.107 | O94: 44826.106 | P94: 26-42 | R94: 10 | S94: 18 | V94: Digital Storytelling for Early Childhood Creativity | AH94: EBSCOhost | AL94: C:\Users\dell i7\Zotero\storage\TDCH7MJW\Kisno et al. - 2022 - Digital Storytelling for Early Childhood Creativit.pdf | AO94: Augmented reality; augmented reality; Digital storytelling; 3-D animation; coloring creativity; Creative ability; Creative ability in children; diffusion of innovation; Diffusion of innovations; digital storytelling
A95: ATT9CHRN | B95: journalArticle | C95: 2019 | D95: Gecu‐Parmaksiz, Zeynep; Delialioglu, Omer | E95: Augmented reality‐based virtual manipulatives versus physical manipulatives for teaching geometric shapes to preschool children | F95: British Journal of Educational Technology | H95: 71013 | I95: 10.1111/bjet.12740 | J95: https://search.ebscohost.com/login.aspx?direct=true&AuthType=ip,sso&db=asn&AN=139230525&lang=es&site=ehost-live&scope=site&custid=s9226804 | K95: The aim of the current study is to compare the effect of virtual and physical manipulatives on preschool children's understanding of geometric shapes. A quasi‐experimental research design was employed where children in the experimental group used tablet computers to access Augmented Reality (AR)‐based virtual manipulatives, while children in the control group used physical manipulatives. The instruction lasted for a period of four weeks at a public primary school in Turkey with 72 children aged five and six years old. Comparison of their understanding of geometric shapes was based on their scores from pre‐test and post‐test measures of the Geometric Shape Recognition Task instrument. Analysis of the collected data revealed no statistically significant difference between the groups in the circle recognition task, while statistically significant differences were found between the groups in the recognition tasks for triangle, rectangle, and square shapes in favour of the experimental group. In addition to this, although there was an increase in the total scores of both groups, the results showed a statistically significant difference in test scores in favour of the experimental group. The current study also showed that the children had difficulty in categorising geometric shapes when their attributes were changed, therefore providing different forms of geometric shapes to children is very important for improving their conceptual understanding. | L95: 43770 | M95: 44826.106 | N95: 44826.107 | O95: 44826.106 | P95: 3376-3390 | R95: 6 | S95: 50 | AH95: EBSCOhost | AJ95: Publisher: Wiley-Blackwell | AL95: C:\Users\dell i7\Zotero\storage\Z24NP4RL\Gecu‐Parmaksiz y Delialioglu - 2019 - Augmented reality‐based virtual manipulatives vers.pdf | AO95: AUGMENTED reality; PRESCHOOL children; PRESCHOOL education; EDUCATIONAL technology; GEOMETRIC shapes; TABLET computers in education; TURKEY
A96: D6IDZMSF | B96: journalArticle | C96: 2018 | D96: Dash, Ajaya Kumar; Behera, Santosh Kumar; Dogra, Debi Prosad; Roy, Partha Pratim | E96: Designing of marker-based augmented reality learning environment for kids using convolutional neural network architecture | F96: Displays | H96: 1419382 | I96: 10.1016/j.displa.2018.10.003 | K96: Highlights • A learning platform for kindergarten pupils using augmented reality (AR). • Marker movement tracking using a web camera. • A Deep learning framework for marker detection, marker identification and pose estimation. • Seamless integration of virtual objects over the live video feed. Abstract This paper focuses on using the augmented reality (AR) technology to create visual-aids through display for early childhood learning. The proposed methodology works on the principle of augmenting 3D virtual objects over the English alphabets that are used as printed markers. The important steps of a typical marker-based AR application are, (i) detection of markers in the field of view (FOV) of the camera, (ii) identification of the marker, (iii) estimating the pose of the marker, and (iv) rendering 3D virtual content over the marker in a live video stream. We have formulated the marker identification process as a classification problem which has been accomplished with the help of convolutional neural networks (CNN). The effectiveness of the marker identification process using CNN is validated by comparing its identification accuracy with support vector machine (SVM) classifier. The marker identification by the CNN model shows better accuracy than SVM. After successful marker identification and pose estimation, virtual objects are rendered over the 2D projection of the alphabets. The seamless augmentation of the virtual objects over the markers are rendered on display. The setup has been tested on a large dataset and it is believed to create engaging experience for the kids, especially the kindergarten age group. | L96: 43435 | M96: 44826.107 | N96: 44826.107 | P96: 46-54 | S96: 55 | AH96: EBSCOhost | AM96: https://search.ebscohost.com/login.aspx?direct=true&AuthType=ip,sso&db=asn&AN=133280754&lang=es&site=ehost-live&scope=site&custid=s9226804&scope=cite | AO96: Augmented reality; Display-guided learning; Learning environment; Marker identification; AUGMENTED reality; CLASSROOM environment; ARTIFICIAL neural networks; DEEP learning; MARKERS (Pens); WEBCAMS
A97: C5QACX9N | B97: journalArticle | C97: 2020 | D97: Gecu-Parmaksiz, Zeynep; Delialioğlu, Ömer | E97: The effect of augmented reality activities on improving preschool children's spatial skills | F97: Interactive Learning Environments | H97: 10494820 | I97: 10.1080/10494820.2018.1546747 | K97: This study compares the effect of Augmented Reality (AR) based virtual manipulatives to physical manipulatives for teaching geometric shapes to preschool children to improve their spatial skills. A quasi-experimental research design was utilized in order to answer the research questions. The context of the research was a public primary school in Turkey with 72 preschool children, ages ranging from five to six. As the treatment, while the experimental group used tablet computers with AR applications, the control group used physical manipulatives for performing similar activities over a four-week application. Two spatial ability tests were conducted as pre-test and post-test. The results showed a statistically significant difference in the preschool children's spatial ability test scores in favor of the experimental group. | L97: 44105 | M97: 44826.107 | N97: 44826.107 | P97: 876-889 | R97: 7 | S97: 28 | AH97: EBSCOhost | AM97: https://search.ebscohost.com/login.aspx?direct=true&AuthType=ip,sso&db=asn&AN=146379964&lang=es&site=ehost-live&scope=site&custid=s9226804&scope=cite | AO97: Augmented reality; AUGMENTED reality; PRESCHOOL children; preschool education; EXPERIMENTAL groups; geometric shapes; manipulatives; PRIMARY schools; SPATIAL ability in children; spatial skills; TABLET computers; TEST scoring
A98: JD7QKAAM | B98: journalArticle | C98: 2019 | E98: Using Augmented Reality Flashcards to Learn Vocabulary in Early Childhood Education | F98: Journal of Educational Computing Research | H98: 7356331 | I98: 10.1177/0735633119854028 | K98: Augmented Reality (AR) flashcards have emerged as an important educational resource for language learning. However, there is limited research on its application in early childhood education. This article aims to explore the technology's value in early childhood education by comparing it with traditional paper flashcards. To that end, a study was conducted in which 98 children, aged between 5 and 6 years, and four teachers, all from a Macau kindergarten, took part. One group of children had animal-related vocabulary using AR flashcards, while another group used traditional flashcards. To measure the effectiveness of the two approaches, the children underwent pre- and posttests on their vocabulary and the teachers were interviewed. For the data analysis, paired-sample t tests and independent-sample t tests were utilized, and the level of effect was measured. The results showed that both AR and traditional flashcards could significantly improve children's vocabulary learning and that there was no significant difference in effectiveness between the AR and traditional flashcard methods. The teachers indicated that the children enjoyed the AR learning activities, but that there were certain challenges associated with using AR flashcards in a kindergarten setting. | L98: 43800 | M98: 44826.107 | N98: 44826.107 | P98: 1812-1831 | R98: 7 | S98: 57 | AH98: EBSCOhost | AM98: https://search.ebscohost.com/login.aspx?direct=true&AuthType=ip,sso&db=aps&AN=138482468&lang=es&site=ehost-live&scope=site&custid=s9226804&scope=cite | AO98: Augmented reality; augmented reality; Early childhood education; children; flashcards; kindergarten learning; Macau; vocabulary learning; Active learning; Children's language; Educational resources; Macau (China : Special Administrative Region); Vocabulary
A99: NN3QRQ9W | B99: journalArticle | C99: 2015 | D99: Han, Jeonghye; Jo, Miheon; Hyun, Eunja; So, Hyo-jeong | E99: Examining young children's perception toward augmented reality-infused dramatic play | F99: Educational Technology Research & Development | H99: 10421629 | I99: 10.1007/s11423-015-9374-9 | J99: https://search.ebscohost.com/login.aspx?direct=true&AuthType=ip,sso&db=asn&AN=102447606&lang=es&site=ehost-live&scope=site&custid=s9226804 | K99: Amid the increasing interest in applying augmented reality (AR) in educational settings, this study explores the design and enactment of an AR-infused robot system to enhance children's satisfaction and sensory engagement with dramatic play activities. In particular, we conducted an exploratory study to empirically examine children's perceptions toward the computer- and robot-mediated AR systems designed to make dramatic play activities interactive and participatory. A multi-disciplinary expert group consisting of early childhood education experts, preschool teachers, AR specialists, and robot engineers collaborated to develop a learning scenario and technological systems for dramatic play. The experiment was conducted in a kindergarten setting in Korea, with 81 children (aged 5-6 years old). The participants were placed either in the computer-mediated AR condition (n = 40) or the robot-mediated AR condition (n = 41). We administered an instrument to measure children's perceived levels of the following variables: (a) satisfaction (i.e., interest in dramatic play & user-friendliness), (b) sensory immersion (i.e., self-engagement, environment-engagement & interaction-engagement), and (c) media recognition (i.e., collaboration with media, media function & empathy with media). Data analysis indicates that children in the robot-mediated condition showed significantly higher perceptions than those in the computer-mediated condition regarding the following aspects: interest in dramatic play (satisfaction), interactive engagement (sensory immersion), and empathy with media (media recognition). Furthermore, it was found that the younger-aged children and girls, in particular, perceived AR-infused dramatic play more positively than the older-aged children and boys, respectively. The contribution of this study is to provide empirical evidence about the affordances of robots and AR-based learning systems for young children. This remains a relatively unexplored area of research in the field of learning technologies. Implications of the current study and future research directions are also discussed. | L99: 42156 | M99: 44826.107 | N99: 44826.107 | O99: 44826.107 | P99: 455-474 | R99: 3 | S99: 63 | AH99: EBSCOhost | AJ99: Publisher: Springer Nature | AL99: C:\Users\dell i7\Zotero\storage\L24WZAIS\Han et al. - 2015 - Examining young children's perception toward augme.pdf | AO99: Augmented reality; Dramatic play; AUGMENTED reality; Educational robot; EDUCATIONAL technology research; MASS media research; ROBOTS; SATISFACTION
A100: 34PVL6MF | B100: journalArticle | C100: 2022 | D100: Васильевна, Пустовойтова Ол&; Анатольевна, Шепилова Наталь&; Анатольевна, Яковлева Лариса; Павловна, Курникова Дарья | E100: Готовность дошкольной образовательной организации к цифровой трансформации: Readiness of preschool educational organizations to digital transformation. | F100: Concept / Koncept | H100: 2304120X | I100: 10.24412/2304-120X-2022-110227 | J100: https://search.ebscohost.com/login.aspx?direct=true&AuthType=ip,sso&db=asn&AN=156813119&lang=es&site=ehost-live&scope=site&custid=s9226804 | K100: Modern society can rightly be called information and digital society. Digitalization of all spheres of public life and, above all, education is one of the key tasks facing the Government of the Russian Federation. The article provides an overview of modern approaches to understanding the digitalization process, analyzes digital resources (Kham Academy, Pointagram, Quiver Fashion, Igro-N) and the potentials of their use in the educational process of a preschool educational organization. The article also contains material on gamification as one of the modern educational technologies that ensures the maximum involvement of children in the learning process. Gamification as a technology allows each student to determine their level of difficulty of tasks and receive bonuses for their completion. Gamification is also considered as the use of gaming techniques in the educational field. The article presents the results of an experiment conducted on the basis of the educational organization "Kindergarten No. 75" in Chelyabinsk, in which educators, students and parents of children took part. The purpose of the study is to learn about the readiness of participants in educational relations to use digital technologies. The research methods were: a survey of educators to identify their digital literacy, as well as a conversation with children and their parents, during which it was found that modern students cannot imagine their lives without gadgets, virtual and augmented reality and TV. The results of the experiment show that the active use of digital technologies in the educational process of a preschool educational organization meets the needs of students, as well as the digital policy pursued by the Government of the Russian Federation outlined in the national project "Digital Economy in the Russian Federation". Carrying out the measures stated in the document will also make it possible to form human resources capable of meeting the challenges of the digital world and meeting the requirements set forth in the Atlas of New Professions (gaming teacher, game master, organizer of project-based learning, etc.). (English) | L100: 44652 | M100: 44826.107 | N100: 44826.107 | O100: 44826.107 | P100: 111-128 | R100: 4 | V100: Готовность дошкольной образовательной организации к цифровой трансформации | AH100: EBSCOhost | AJ100: Publisher: Interregional Center for Innovative Technologies in Education | AL100: C:\Users\dell i7\Zotero\storage\ZFMEXGGC\Васильевна et al. - 2022 - Готовность дошкольной образовательной организации .pdf | AO100: EDUCATIONAL technology; KINDERGARTEN children; CHELYABINSK (Russia); CHIEF information officers; COMPUTER literacy; digital technologies; digitalization; EDUCATIONAL games; educational process; experiment; game master; game teacher; GOVERNMENT policy; informatization gamification; LEARNING; preschool educational organization; RUSSIA; геймификация; дошкольная образовательная организа- ция; игро; игропедагог; информатизация; образователь- ный процесс; цифровизация; цифровые технологии; эксперимент
...

Sheet REGISTROS REVISADOS-CRIBADOS
A1: Key | B1: Item Type | C1: Publication Year | D1: Author | E1: Title | F1: Publication Title | G1: ISBN | H1: ISSN | I1: DOI | J1: Url | K1: Abstract Note | L1: Date | M1: Date Added | N1: Date Modified | O1: Access Date | P1: Pages | Q1: Num Pages | R1: Issue | S1: Volume | T1: Number Of Volumes | U1: Journal Abbreviation | V1: Short Title | W1: Series | X1: Series Number | Y1: Series Text | Z1: Series Title | AA1: Publisher | AB1: Place | AC1: Language | AD1: Rights | AE1: Type | AF1: Archive | AG1: Archive Location | AH1: Library Catalog | AI1: Call Number | AJ1: Extra | AK1: Notes | AL1: File Attachments | AM1: Link Attachments | AN1: Manual Tags | AO1: Automatic Tags | AP1: Editor | AQ1: Series Editor | AR1: Translator | AS1: Contributor | AT1: Attorney Agent | AU1: Book Author | AV1: Cast Member | AW1: Commenter | AX1: Composer | AY1: Cosponsor | AZ1: Counsel
A2: VL53FN34 | B2: conferencePaper | C2: 2016 | D2: Díaz, Verónica Marín; González, Juan Manuel Muñoz; Gea, Esther María Vega | E2: La Realidad Aumentada como herramienta de aprendizaje en Educación Infantil | F2: Tecnología, innovación e investigación en los procesos de enseñanza-aprendizaje, 2016, ISBN 978-84-9921-848-9, págs. 833-841 | G2: 978-84-9921-848-9 | J2: https://dialnet.unirioja.es/servlet/articulo?codigo=6031650 | K2: Autorías: Verónica Marín Díaz, Juan Manuel Muñoz González, Esther María Vega Gea. Localización: Tecnología, innovación e investigación en los procesos de enseñanza-aprendizaje, 2016. Artículo de Libro en Dialnet. | L2: 2016 | M2: 44826.418 | N2: 44826.418 | O2: 44826.418 | P2: 833-841 | AA2: Octaedro | AC2: spa | AH2: dialnet.unirioja.es | AJ2: Section: Tecnología, innovación e investigación en los procesos de enseñanza-aprendizaje | AL2: C:\Users\dell i7\Zotero\storage\QKY5SRD7\articulo.html
A3: ZQUQCAHN | B3: book | C3: 2016 | D3: Vila, Rosabel Roig | E3: Tecnología, innovación e investigación en los procesos de enseñanza-aprendizaje | G3: 978-84-9921-848-9 | J3: https://dialnet.unirioja.es/servlet/libro?codigo=674488 | K3: Autoría: Rosabel Roig Vila. Editor: Octaedro. Año de publicación: 2016. Libro en Dialnet. | L3: 2016 | M3: 44826.418 | N3: 44826.418 | O3: 44826.418 | AA3: Octaedro | AC3: spa | AH3: dialnet.unirioja.es | AL3: C:\Users\dell i7\Zotero\storage\9KN68RSE\libro.html
A4: 3F6WAMC9 | B4: conferencePaper | C4: 2018 | D4: Díaz, Verónica Marín | E4: La realidad aumentada para el desarrollo curricular de Educación Infantil y Primaria | F4: La realidad aumentada como herramienta educativa: aplicación a la Educación Infantil, Primaria, Secundaria y Bachillerato, 2018, ISBN 978-84-283-4070-0, págs. 125-138 | G4: 978-84-283-4070-0 | J4: https://dialnet.unirioja.es/servlet/articulo?codigo=7794609 | K4: Autoría: Verónica Marín Díaz. Localización: La realidad aumentada como herramienta educativa: aplicación a la Educación Infantil, Primaria, Secundaria y Bachillerato, 2018. Artículo de Libro en Dialnet. | L4: 2018 | M4: 44826.418 | N4: 44826.418 | O4: 44826.418 | P4: 125-138 | AA4: Paraninfo | AC4: spa | AH4: dialnet.unirioja.es | AJ4: Section: La realidad aumentada como herramienta educativa: aplicación a la Educación Infantil, Primaria, Secundaria y Bachillerato | AL4: C:\Users\dell i7\Zotero\storage\BCIN9ILD\articulo.html
A5: 223JT38M | B5: book | C5: 2018 | D5: Almenara, Julio Cabero; Villacé, Ibán de la Horra; Bolado, Javier Sánchez | E5: La realidad aumentada como herramienta educativa: aplicación a la Educación Infantil, Primaria, Secundaria y Bachillerato | G5: 978-84-283-4070-0 | J5: https://dialnet.unirioja.es/servlet/libro?codigo=788238 | K5: Autorías: Julio Cabero Almenara, Ibán de la Horra Villacé, Javier Sánchez Bolado. Editor: Paraninfo. Año de publicación: 2018. Libro en Dialnet. | L5: 2018 | M5: 44826.418 | N5: 44826.418 | O5: 44826.418 | V5: La realidad aumentada como herramienta educativa | AA5: Paraninfo | AC5: spa | AH5: dialnet.unirioja.es | AL5: C:\Users\dell i7\Zotero\storage\KKJW7VYF\libro.html
A6: ZQGUEQD9 | B6: thesis | C6: 2015 | D6: Martínez, Antonia Cascales | E6: Realidad aumentada y educación infantil: implementación y evaluación | J6: https://dialnet.unirioja.es/servlet/tesis?codigo=155219 | K6: Autoría: Antonia Cascales Martínez. Dirección de la Tesis: María José Martínez Segura. Lectura: Universidad de Murcia en 2015. Tesis doctoral en Dialnet. | L6: 2015 | M6: 44826.418 | N6: 44826.418 | O6: 44826.418 | V6: Realidad aumentada y educación infantil | AA6: Universidad de Murcia | AC6: es | AE6: http://purl.org/dc/dcmitype/Text | AH6: dialnet.unirioja.es | AL6: C:\Users\dell i7\Zotero\storage\CV7VZHYS\tesis.html
A7: GYY4JFC2 | B7: conferencePaper | C7: 2022 | D7: Gavira, Sonia Aguilar; Martín-Gutiérrez, Ángela; Gavira, Remedios Benítez | E7: La incidencia de la realidad aumentada en Educación infantil: un desafío docente | F7: La tecnología educativa como eje vertebrador de la innovación, 2022, ISBN 978-84-19023-79-7, págs. 185-198 | G7: 978-84-19023-79-7 | J7: https://dialnet.unirioja.es/servlet/articulo?codigo=8368619 | K7: Autorías: Sonia Aguilar Gavira, Ángela Martín-Gutiérrez, Remedios Benítez Gavira. Localización: La tecnología educativa como eje vertebrador de la innovación, 2022. Artículo de Libro en Dialnet. | L7: 2022 | M7: 44826.418 | N7: 44826.418 | O7: 44826.418 | P7: 185-198 | V7: La incidencia de la realidad aumentada en Educación infantil | AA7: Octaedro | AC7: spa | AH7: dialnet.unirioja.es | AJ7: Section: La tecnología educativa como eje vertebrador de la innovación | AL7: C:\Users\dell i7\Zotero\storage\G7WUAGGH\articulo.html
A8: 9YCQVLW2 | B8: book | C8: 2022 | D8: Rivas, Enrique Sánchez; Magaña, Ernesto Colomo; Palmero, Julio Ruiz; García, Melchor Gómez | E8: La tecnología educativa como eje vertebrador de la innovación | G8: 978-84-19023-79-7 | J8: https://dialnet.unirioja.es/servlet/libro?codigo=858498 | K8: Autorías: Enrique Sánchez Rivas, Ernesto Colomo Magaña, Julio Ruiz Palmero, Melchor Gómez García. Editor: Octaedro. Año de publicación: 2022. Libro en Dialnet. | L8: 2022 | M8: 44826.418 | N8: 44826.418 | O8: 44826.418 | AA8: Octaedro | AC8: spa | AH8: dialnet.unirioja.es | AL8: C:\Users\dell i7\Zotero\storage\E579H66N\libro.html
